Workbook

Sheet PIP Proposal _ FY 2026-27
A1: Annexure - 1: Details of Proposal for FY 2026-27
A2: State: Tamil Nadu
E3: Amount in Rs. (Lakhs)
A4: Pool | B4: FMR Code | C4: Programme/ Theme | D4: S.No. | E4: Scheme/ Activity | F4: DBT | H4: Infrastructure - Civil Works (I&C) | L4: Equipment (Including Furniture, Excluding Computers) | N4: Drugs and Supplies | R4: Diagnostics (Consumables, PPP, Sample Transport) | T4: Others including operating costs(OOC) | V4: Surveillance, Research, Assessment, Evaluation (SRAE) | X4: Amount Proposed by State/UT for FY 2026-27 | Y4: State Remarks | Z4: Budget Recommended for NPCC | AH4: GoI Remarks for NPCC | AI4: Budget Recommended for RoP | AQ4: GoI Remarks for RoP
H5: Old / Ongoing Work | I5: New Work | J5: Total Budget Proposed | K5: State Remarks | N5: Central Supplies (Kind Grants) - To be provided by the PDs | O5: Budget for Procurement done by States | P5: Total Budget Proposed | Q5: State Remarks | Z5: DBT | AA5: Infrastructure - Civil Works (I&C) | AB5: Equipment (Including Furniture, Excluding Computers) | AC5: Drugs and Supplies | AD5: Diagnostics (Consumables, PPP, Sample Transport) | AE5: Others including operating costs(OOC) | AF5: Surveillance, Research, Assessment, Evaluation (SRAE) | AG5: Total Amount Recommended for FY 2026-27 | AI5: DBT | AJ5: Infrastructure - Civil Works (I&C) | AK5: Equipment (Including Furniture, Excluding Computers) | AL5: Drugs and Supplies | AM5: Diagnostics (Consumables, PPP, Sample Transport) | AN5: Others including operating costs(OOC) | AO5: Surveillance, Research, Assessment, Evaluation (SRAE) | AP5: Total Amount Recommended for FY 2026-27
F6: Budget Proposed | G6: State Remarks | H6: Budget Proposed | I6: Budget Proposed | L6: Budget Proposed | M6: State Remarks | N6: Amount | O6: Budget Proposed | R6: Budget Proposed | S6: State Remarks | T6: Budget Proposed | U6: State Remarks | V6: Budget Proposed | W6: State Remarks
A7: RCH Flexible Pool (including RI, IPPI, NIDDCP) | B7: RCH.1 | C7: Maternal Health | D7: 1 | E7: Village Health Sanitation & Nutrition Days (VHSNDs) | J7: =+I7+H7 -> 0 | P7: =+O7+N7 -> 0 | X7: =F7+J7+L7+P7+R7+T7+V7 -> 0 | Y7: =CONCATENATE(G7," ",K7," ",M7," ",Q7," ",S7," ",U7," ",W7) | AG7: =SUM(Z7:AF7) -> 0 | AP7: =SUM(AI7:AO7) -> 0
D8: 2 | E8: Pregnancy Registration and Ante-Natal Checkups | J8: =+I8+H8 -> 0 | P8: =+O8+N8 -> 0 | R8: 163.01616 | S8: Ongoing Activity. Proposed for Rs163.02 Lakhs towards procuring Dual testing Kits @ Rs18.3 / Kit for 8,90,799 AN mothers | X8: =F8+J8+L8+P8+R8+T8+V8 -> 163.01616 | Y8: =CONCATENATE(G8," ",K8," ",M8," ",Q8," ",S8," ",U8," ",W8) -> Ongoing Activity. Proposed for Rs163.02 Lakhs towards procuring Dual testing Kits @ Rs18.3 / Kit for 8,90,799 AN mothers | AG8: =SUM(Z8:AF8) -> 0 | AP8: =SUM(AI8:AO8) -> 0
D9: 3 | E9: Janani Suraksha Yojana (JSY) | F9: 2965 | G9: 1. Ongoing activity. Revised based on NPCC Discussion. Proposed for Rs.2275 Lakhs for Institution delivery @ Rs.700 per mother for 3,25,000 in Rural. 2.Ongoing activity. Revised based on NPCC Discussion. Proposed for Rs.690 Lakhs for institution delivery @ Rs.600 per mother for 1,15,000 in Urban. | J9: =+I9+H9 -> 0 | P9: =+O9+N9 -> 0 | T9: 23.74 | U9: 3. Ongoing activity Proposed Rs.23.74 Lakhs for JSY Operational cost | X9: =F9+J9+L9+P9+R9+T9+V9 -> 2988.74 | Y9: =CONCATENATE(G9," ",K9," ",M9," ",Q9," ",S9," ",U9," ",W9) -> 1. Ongoing activity. Revised based on NPCC Discussion. Proposed for Rs.2275 Lakhs for Institution delivery @ Rs.700 per mother for 3,25,000 in Rural. 2.Ongoing activity. Revised based on NPCC Discussion. Proposed for Rs.690 Lakhs for institution delivery @ Rs.600 per mother for 1,15,000 in Urban. 3. Ongoing activity Proposed Rs.23.74 Lakhs for JSY Operational cost | AG9: =SUM(Z9:AF9) -> 0 | AP9: =SUM(AI9:AO9) -> 0
D10: 4 | E10: Janani Shishu Suraksha Karyakram (JSSK) (excluding transport) | J10: =+I10+H10 -> 0 | O10: 3626.9681 | P10: =+O10+N10 -> 3626.9681 | Q10: 1.Ongoing activity. A total of Rs. 3452.97 lakhs is proposed for drugs and consumables, covering 2,68,836 normal deliveries @ Rs. 466 each (Rs. 1254.1 lakhs) and 219,907 LSCS deliveries at Rs. 1000 each (Rs. 2199.07 lakhs). 2.New Activity. Revised based on NPCC Discussion. Rs. 107.52 lakhs is proposed for the procurement of 9,77,486 Glucose Sachets @ Rs. 11/sachet for approx. 4,88,743 Pregnant Women for two times during the ANC. 3.Ongoing Activity Rs. 66.48 lakhs is proposed for Inj.Iron Sucrose for 1,95,497 mothers, at Rs. 8.501 per ampoule, with 4 ampoules per mother. | T10: 1221.8575 | U10: 4. Ongoing activity. Rs. 1221.86 lakhs proposed for the diet of pregnant women @ Rs. 102 per day for 2,68,836 normal deliveries i.e. 268836*102*2 = Rs. 548.42 and @ Rs. 102 per day for 2,19,907 Caesarean Section deliveries i.e. 219907*102*3 = Rs. 672.91. Total = Rs 1221.33. | X10: =F10+J10+L10+P10+R10+T10+V10 -> 4848.8256 | Y10: =CONCATENATE(G10," ",K10," ",M10," ",Q10," ",S10," ",U10," ",W10) -> 1.Ongoing activity. A total of Rs. 3452.97 lakhs is proposed for drugs and consumables, covering 2,68,836 normal deliveries @ Rs. 466 each (Rs. 1254.1 lakhs) and 219,907 LSCS deliveries at Rs. 1000 each (Rs. 2199.07 lakhs). 2.New Activity. Revised based on NPCC Discussion. Rs. 107.52 lakhs is proposed for the procurement of 9,77,486 Glucose Sachets @ Rs. 11/sachet for approx. 4,88,743 Pregnant Women for two times during the ANC. 3.Ongoing Activity Rs. 66.48 lakhs is proposed for Inj.Iron Sucrose for 1,95,497 mothers, at Rs. 8.501 per ampoule, with 4 ampoules per mother. 4. Ongoing activity. Rs. 1221.86 lakhs proposed for the diet of pregnant women @ Rs. 102 per day for 2,68,836 normal deliveries i.e. 268836*102*2 = Rs. 548.42 and @ Rs. 102 per day for 2,19,907 Caesarean Section deliveries i.e. 219907*102*3 = Rs. 672.91. Total = Rs 1221.33. | AG10: =SUM(Z10:AF10) -> 0 | AP10: =SUM(AI10:AO10) -> 0
D11: 5 | E11: Janani Shishu Suraksha Karyakram (JSSK) - Transport | J11: =+I11+H11 -> 0 | P11: =+O11+N11 -> 0 | T11: 1000.72 | U11: Ongoing activity. Rs. 1000.72 lakhs proposed for the transport (To and Fro and inter-facility transfer) of 2,00,144 PW for institutional delivery at the government facilities @ Rs. 500 per PW = 200144*500 = Rs. 1000.72 lakhs. | X11: =F11+J11+L11+P11+R11+T11+V11 -> 1000.72 | Y11: =CONCATENATE(G11," ",K11," ",M11," ",Q11," ",S11," ",U11," ",W11) -> Ongoing activity. Rs. 1000.72 lakhs proposed for the transport (To and Fro and inter-facility transfer) of 2,00,144 PW for institutional delivery at the government facilities @ Rs. 500 per PW = 200144*500 = Rs. 1000.72 lakhs. | AG11: =SUM(Z11:AF11) -> 0 | AP11: =SUM(AI11:AO11) -> 0
D12: 6 | E12: Pradhan Mantri Surakshit Matritva Abhiyan (PMSMA) | J12: =+I12+H12 -> 0 | P12: =+O12+N12 -> 0 | X12: =F12+J12+L12+P12+R12+T12+V12 -> 0 | Y12: =CONCATENATE(G12," ",K12," ",M12," ",Q12," ",S12," ",U12," ",W12) | AG12: =SUM(Z12:AF12) -> 0 | AP12: =SUM(AI12:AO12) -> 0
D13: 7 | E13: Surakshit Matritva Aashwasan (SUMAN) | J13: =+I13+H13 -> 0 | L13: 0 | M13: As per NPCC discussion the activity for procurement of 50 defibrillators has been shifted to RCH 13. | P13: =+O13+N13 -> 0 | X13: =F13+J13+L13+P13+R13+T13+V13 -> 0 | Y13: =CONCATENATE(G13," ",K13," ",M13," ",Q13," ",S13," ",U13," ",W13) -> As per NPCC discussion the activity for procurement of 50 defibrillators has been shifted to RCH 13. | AG13: =SUM(Z13:AF13) -> 0 | AP13: =SUM(AI13:AO13) -> 0
D14: 8 | E14: Midwifery | J14: =+I14+H14 -> 0 | P14: =+O14+N14 -> 0 | T14: 73 | U14: 1. New activity. Proposal revised based on NPCC Discussion. Proposed for establishment of the Midwifery Led Care Unit (MLCU) at GRH Madurai @ Rs.25 Lakhs in-line with the National Guidelines. Details in RCH 8. MLCU 2. New activity. Proposal revised based on NPCC Discussion. Establishment of the State Midwifery Training Institute (SMTI) at the College of Nursing, Madurai Medical College, Madurai, with a total cost of Rs. 48 lakhs (Rs.20 Lakhs for civil works, Rs.25 Lakhs for Mannequins & equipment @ Rs.3 Lakhs for teaching & learning materials). Details in RCH 8. SMTI | X14: =F14+J14+L14+P14+R14+T14+V14 -> 73 | Y14: =CONCATENATE(G14," ",K14," ",M14," ",Q14," ",S14," ",U14," ",W14) -> 1. New activity. Proposal revised based on NPCC Discussion. Proposed for establishment of the Midwifery Led Care Unit (MLCU) at GRH Madurai @ Rs.25 Lakhs in-line with the National Guidelines. Details in RCH 8. MLCU 2. New activity. Proposal revised based on NPCC Discussion. Establishment of the State Midwifery Training Institute (SMTI) at the College of Nursing, Madurai Medical College, Madurai, with a total cost of Rs. 48 lakhs (Rs.20 Lakhs for civil works, Rs.25 Lakhs for Mannequins & equipment @ Rs.3 Lakhs for teaching & learning materials). Details in RCH 8. SMTI | AG14: =SUM(Z14:AF14) -> 0 | AP14: =SUM(AI14:AO14) -> 0
D15: 9 | E15: Maternal Death Review | J15: =+I15+H15 -> 0 | P15: =+O15+N15 -> 0 | V15: 0 | X15: =F15+J15+L15+P15+R15+T15+V15 -> 0 | Y15: =CONCATENATE(G15," ",K15," ",M15," ",Q15," ",S15," ",U15," ",W15) | AG15: =SUM(Z15:AF15) -> 0 | AP15: =SUM(AI15:AO15) -> 0
D16: 10 | E16: Comprehensive Abortion Care | J16: =+I16+H16 -> 0 | O16: 21 | P16: =+O16+N16 -> 21 | Q16: Ongoing activity: Rs. 21 lakhs is proposed for the procurement of 30,000 units of MMA drug at Rs. 70 per kit, as per TNMSC rates. | X16: =F16+J16+L16+P16+R16+T16+V16 -> 21 | Y16: =CONCATENATE(G16," ",K16," ",M16," ",Q16," ",S16," ",U16," ",W16) -> Ongoing activity: Rs. 21 lakhs is proposed for the procurement of 30,000 units of MMA drug at Rs. 70 per kit, as per TNMSC rates. | AG16: =SUM(Z16:AF16) -> 0 | AP16: =SUM(AI16:AO16) -> 0
D17: 11 | E17: MCH Wings | H17: 600 | I17: 3200.04 | J17: =+I17+H17 -> 3800.04 | K17: 1. Ongoing activity. Construction of the MCH wing at Villupuram CEmONC Centre is proposed at a total cost of Rs. 1200 lakhs, with Rs. 600 lakhs approved in SPIP 2025-26 and the remaining Rs. 600 lakhs proposed for 2026-27. New Activity. 2. Total number of works: 9 Total amount proposed for 2026–27: Rs.3,200 lakhs. Total cost of works: Rs.9,200 lakhs Balance will be proposed in 2027-28 GH Dharmapuri, GH Dindugal, GH Kanniyakumari, GH Nagapattinam, GH Tiruppur, and Madurakatam GH @ Rs.1,200.00 lakhs each, with Rs.400.00 lakhs proposed for 2026–27 (33%)., DHQH Kovilpatti and GH Pollachi @ Rs.600.00 lakhs each, with Rs.240.00 lakhs proposed for 2026–27 (40%)., GH Thiruvallur: Rs.800.00 lakhs, with Rs.320.00 lakhs proposed for 2026–27 (40%). Details enclosed in RCH 11 MCH wing | P17: =+O17+N17 -> 0 | X17: =F17+J17+L17+P17+R17+T17+V17 -> 3800.04 | Y17: =CONCATENATE(G17," ",K17," ",M17," ",Q17," ",S17," ",U17," ",W17) -> 1. Ongoing activity. Construction of the MCH wing at Villupuram CEmONC Centre is proposed at a total cost of Rs. 1200 lakhs, with Rs. 600 lakhs approved in SPIP 2025-26 and the remaining Rs. 600 lakhs proposed for 2026-27. New Activity. 2. Total number of works: 9 Total amount proposed for 2026–27: Rs.3,200 lakhs. Total cost of works: Rs.9,200 lakhs Balance will be proposed in 2027-28 GH Dharmapuri, GH Dindugal, GH Kanniyakumari, GH Nagapattinam, GH Tiruppur, and Madurakatam GH @ Rs.1,200.00 lakhs each, with Rs.400.00 lakhs proposed for 2026–27 (33%)., DHQH Kovilpatti and GH Pollachi @ Rs.600.00 lakhs each, with Rs.240.00 lakhs proposed for 2026–27 (40%)., GH Thiruvallur: Rs.800.00 lakhs, with Rs.320.00 lakhs proposed for 2026–27 (40%). Details enclosed in RCH 11 MCH wing | AG17: =SUM(Z17:AF17) -> 0 | AP17: =SUM(AI17:AO17) -> 0
D18: 12 | E18: FRUs | J18: =+I18+H18 -> 0 | L18: 178.6638 | M18: New activity. Procurement of 206 LDR cots—20 for CHCs and 186 for CEmONC centres—at Rs. 87,000 per cot, totaling Rs. 178.66 lakhs. Details are enclosed in RCH 12 LDR Cot. | P18: =+O18+N18 -> 0 | X18: =F18+J18+L18+P18+R18+T18+V18 -> 178.6638 | Y18: =CONCATENATE(G18," ",K18," ",M18," ",Q18," ",S18," ",U18," ",W18) -> New activity. Procurement of 206 LDR cots—20 for CHCs and 186 for CEmONC centres—at Rs. 87,000 per cot, totaling Rs. 178.66 lakhs. Details are enclosed in RCH 12 LDR Cot. | AG18: =SUM(Z18:AF18) -> 0 | AP18: =SUM(AI18:AO18) -> 0
D19: 13 | E19: HDU/ICU - Maternal Health | J19: =+I19+H19 -> 0 | L19: 461.88 | M19: 1. New activity. Procurement of 259 Volume Infusion Pumps for HDUs of CEmONC and labour rooms at Rs. 15,500 per unit, totaling Rs. 40.15 lakhs. Details are enclosed in RCH 13 Volume Infusion Pump 2. New activity. Procurement of 259 Syringe Infusion Pumps for HDUs of CEmONC and labour rooms at Rs. 16,500 per unit, totaling Rs. 42.74 lakhs. Details are enclosed in RCH 13 Syringe Infusion Pump 3. New activity. Activity has been shifted from RCH.7 as per NPCC Discussion. Proposed for procurement of 50 defibrillators for Obstetric ICUs at 37 District Hospitals and 13 MCHs @ Rs. 2.48 lakhs per unit. Details are enclosed in RCH 13 Suman. 4. New activity. In line with NPCC Discussions, activity shifted from RCH 11 and proposal for procurement of ROTEM has been modified to TEG. Procurement of TEG for 15 CEmONC centres is proposed at Rs. 17 lakhs per centre, totaling Rs.255 lakhs. Details are enclosed in RCH 13 TEG. | P19: =+O19+N19 -> 0 | X19: =F19+J19+L19+P19+R19+T19+V19 -> 461.88 | Y19: =CONCATENATE(G19," ",K19," ",M19," ",Q19," ",S19," ",U19," ",W19) -> 1. New activity. Procurement of 259 Volume Infusion Pumps for HDUs of CEmONC and labour rooms at Rs. 15,500 per unit, totaling Rs. 40.15 lakhs. Details are enclosed in RCH 13 Volume Infusion Pump 2. New activity. Procurement of 259 Syringe Infusion Pumps for HDUs of CEmONC and labour rooms at Rs. 16,500 per unit, totaling Rs. 42.74 lakhs. Details are enclosed in RCH 13 Syringe Infusion Pump 3. New activity. Activity has been shifted from RCH.7 as per NPCC Discussion. Proposed for procurement of 50 defibrillators for Obstetric ICUs at 37 District Hospitals and 13 MCHs @ Rs. 2.48 lakhs per unit. Details are enclosed in RCH 13 Suman. 4. New activity. In line with NPCC Discussions, activity shifted from RCH 11 and proposal for procurement of ROTEM has been modified to TEG. Procurement of TEG for 15 CEmONC centres is proposed at Rs. 17 lakhs per centre, totaling Rs.255 lakhs. Details are enclosed in RCH 13 TEG. | AG19: =SUM(Z19:AF19) -> 0 | AP19: =SUM(AI19:AO19) -> 0
D20: 14 | E20: Labour Rooms (LDR + NBCCs) | J20: =+I20+H20 -> 0 | P20: =+O20+N20 -> 0 | X20: =F20+J20+L20+P20+R20+T20+V20 -> 0 | Y20: =CONCATENATE(G20," ",K20," ",M20," ",Q20," ",S20," ",U20," ",W20) | AG20: =SUM(Z20:AF20) -> 0 | AP20: =SUM(AI20:AO20) -> 0
D21: 15 | E21: LaQshya | F21: 554 | G21: 1. Ongoing activity. Revised post NPCC Discussion. Rs. 554 Lakhs for incentives of following number of facilities : - Rs. 432.0 lakhs for 36 MCH (LR & MOT) @ 6 lakhs/ department (36*6*2) - Rs 18.0 Lakhs for 3 DH (LR& MOT) @ 3 lakhs/ department (3*3*2) for Surveillance II - Rs. 80.0 Lakhs for 20 SDH (LR & MOT) @ 2 lakhs/department (20*2*2 for Surveillance I & II - Rs. 24.0 Lakhs for 6 CHC (LR & MOT) @ 2 lakhs/department (6*2*2) for Surveillance I & II | J21: =+I21+H21 -> 0 | P21: =+O21+N21 -> 0 | R21: 89 | S21: 2. New activity. Revised post NPCC Discussion. Rs. 89.00 lakhs proposed for procurement of Chemical & Biological Indicators for 156 (35 DH, 62 CHC, 59 SDH) high delivery CEmONC and BEmONC centres across the State. | T21: 35.23 | U21: 3. On-going activity. Revised as per NPCC Discussion. Rs.35.23 Lakhs proposed for approval for LAQSHYA / NQAS Assessment of the following facilities : - Rs. 3.90 lakhs for State assessment (recertification) of 26 MCH @ of 15,000/facility - Rs. 23.66 lakhs for National assessment (recertification) of 26 MCH @ of 91,000/facility_x000B_- Rs. 1.5 lakhs for the surveillance assessment of 2 MCH, 6 SDH, and 2 CHCs @15,000/facility - Rs. 4.05 lakhs for the surveillance assessment II of 6 MCH, 3 DH, 14 SDH, 4 CHC @ of 15,000/facility - Rs. 0.30 lakhs for the state assessment of 2 MCH @ of 15,000/facility - Rs. 1.82 lakhs for the national assessment of 2 MCH @ of 91,000/facility Rs 64.02 Lakhs proposed for assessments of DH, SDH, CHC for planned facilities has been dropped as LaQshya is integrated with NQAS. | V21: 0 | W21: 4. Ongoing activity. Dropped post NPCC Discussion as Rs. 9.55 lakhs for mentoring by SQAU and DQAU as LaQshya and MusQan got integrated in NQAS. | X21: =F21+J21+L21+P21+R21+T21+V21 -> 678.23 | Y21: =CONCATENATE(G21," ",K21," ",M21," ",Q21," ",S21," ",U21," ",W21) -> 1. Ongoing activity. Revised post NPCC Discussion. Rs. 554 Lakhs for incentives of following number of facilities : - Rs. 432.0 lakhs for 36 MCH (LR & MOT) @ 6 lakhs/ department (36*6*2) - Rs 18.0 Lakhs for 3 DH (LR& MOT) @ 3 lakhs/ department (3*3*2) for Surveillance II - Rs. 80.0 Lakhs for 20 SDH (LR & MOT) @ 2 lakhs/department (20*2*2 for Surveillance I & II - Rs. 24.0 Lakhs for 6 CHC (LR & MOT) @ 2 lakhs/department (6*2*2) for Surveillance I & II 2. New activity. Revised post NPCC Discussion. Rs. 89.00 lakhs proposed for procurement of Chemical & Biological Indicators for 156 (35 DH, 62 CHC, 59 SDH) high delivery CEmONC and BEmONC centres across the State. 3. On-going activity. Revised as per NPCC Discussion. Rs.35.23 Lakhs proposed for approval for LAQSHYA / NQAS Assessment of the following facilities : - Rs. 3.90 lakhs for State assessment (recertification) of 26 MCH @ of 15,000/facility - Rs. 23.66 lakhs for National assessment (recertification) of 26 MCH @ of 91,000/facility_x000B_- Rs. 1.5 lakhs for the surveillance assessment of 2 MCH, 6 SDH, and 2 CHCs @15,000/facility - Rs. 4.05 lakhs for the surveillance assessment II of 6 MCH, 3 DH, 14 SDH, 4 CHC @ of 15,000/facility - Rs. 0.30 lakhs for the state assessment of 2 MCH @ of 15,000/facility - Rs. 1.82 lakhs for the national assessment of 2 MCH @ of 91,000/facility Rs 64.02 Lakhs proposed for assessments of DH, SDH, CHC for planned facilities has been dropped as LaQshya is integrated with NQAS. 4. Ongoing activity. Dropped post NPCC Discussion as Rs. 9.55 lakhs for mentoring by SQAU and DQAU as LaQshya and MusQan got integrated in NQAS.
D22: 16 | E22: Implementation of RCH Portal/ANMOL/MCTS | Y22: =CONCATENATE(G22," ",K22," ",M22," ",Q22," ",S22," ",U22," ",W22)
D23: 17 | E23: Other MH Components | J23: =+I23+H23 -> 0 | P23: =+O23+N23 -> 0 | X23: =F23+J23+L23+P23+R23+T23+V23 -> 0 | Y23: =CONCATENATE(G23," ",K23," ",M23," ",Q23," ",S23," ",U23," ",W23) | AG23: =SUM(Z23:AF23) -> 0 | AP23: =SUM(AI23:AO23) -> 0
D24: 18 | E24: State specific Initiatives and Innovations | Y24: =CONCATENATE(G24," ",K24," ",M24," ",Q24," ",S24," ",U24," ",W24)
B25: RCH.2 | C25: PC & PNDT Act | D25: 19 | E25: PC & PNDT Act | J25: =+I25+H25 -> 0 | P25: =+O25+N25 -> 0 | X25: =F25+J25+L25+P25+R25+T25+V25 -> 0 | Y25: =CONCATENATE(G25," ",K25," ",M25," ",Q25," ",S25," ",U25," ",W25) | AG25: =SUM(Z25:AF25) -> 0 | AP25: =SUM(AI25:AO25) -> 0
D26: 20 | E26: Gender Based Violence & Medico Legal Care For Survivors Victims of Sexual Violence | J26: =+I26+H26 -> 0 | P26: =+O26+N26 -> 0 | X26: =F26+J26+L26+P26+R26+T26+V26 -> 0 | Y26: =CONCATENATE(G26," ",K26," ",M26," ",Q26," ",S26," ",U26," ",W26) | AG26: =SUM(Z26:AF26) -> 0 | AP26: =SUM(AI26:AO26) -> 0
B27: RCH.3 | C27: Child Health | D27: 21 | E27: Rashtriya Bal Swasthya Karyakram (RBSK) | J27: =+I27+H27 -> 0 | L27: 40.4 | M27: 1. Ongoing activity. Proposed for RBSK Tool kit Rs 5000/RBSK team for 808 Team at a total cost of Rs.40.40 Lakhs | O27: 0 | P27: =+O27+N27 -> 0 | Q27: 2. Ongoing Activity. The activity has been shifted to Sl. No.180. Free Drugs Service Initiative as per NPCC Discussion. Rs. 322 Lakhs for RBSK Drugs @ Rs. 0.4 Lakhs per unit for 808 units | T27: 3947.6016 | U27: 3. Ongoing Activity. In-line with NPCC Discussions, the proposal for the GPS Tracking has been included in the Mobility Support component of RBSK. 4. Ongoing Activity Total funds proposed: Rs.3927.85 Lakhs a. Mobility charges for 808 MHT vehicle (Rural – 770 ; Urban – 23 ; GCC – 15) @ Rs.40000/month for 12 months, totalling to Rs.3878.40 Lakhs b. GPS tracking @ Rs.6120/ Vehicle for 808 Vehicle, totalling to Rs.49.45 Lakhs In-line with NPCC Discussions, the proposal for the GPS Tracking has been included in the Mobility Support component of RBSK. 5. Ongoing Activity. In-line with NPCC Discussions, the proposal has been revised to 823 MOs in 808 Mobile Health Teams. Proposed for Rs. 19.75 lakh For CUG connection for 808 MHTs (823 MOs) @ Rs. 2400/ Year. The proposal for CUG Connection for 40 DEICs has been shifted to RCH 22. | X27: =F27+J27+L27+P27+R27+T27+V27 -> 3988.0016 | Y27: =CONCATENATE(G27," ",K27," ",M27," ",Q27," ",S27," ",U27," ",W27) -> 1. Ongoing activity. Proposed for RBSK Tool kit Rs 5000/RBSK team for 808 Team at a total cost of Rs.40.40 Lakhs 2. Ongoing Activity. The activity has been shifted to Sl. No.180. Free Drugs Service Initiative as per NPCC Discussion. Rs. 322 Lakhs for RBSK Drugs @ Rs. 0.4 Lakhs per unit for 808 units 3. Ongoing Activity. In-line with NPCC Discussions, the proposal for the GPS Tracking has been included in the Mobility Support component of RBSK. 4. Ongoing Activity Total funds proposed: Rs.3927.85 Lakhs a. Mobility charges for 808 MHT vehicle (Rural – 770 ; Urban – 23 ; GCC – 15) @ Rs.40000/month for 12 months, totalling to Rs.3878.40 Lakhs b. GPS tracking @ Rs.6120/ Vehicle for 808 Vehicle, totalling to Rs.49.45 Lakhs In-line with NPCC Discussions, the proposal for the GPS Tracking has been included in the Mobility Support component of RBSK. 5. Ongoing Activity. In-line with NPCC Discussions, the proposal has been revised to 823 MOs in 808 Mobile Health Teams. Proposed for Rs. 19.75 lakh For CUG connection for 808 MHTs (823 MOs) @ Rs. 2400/ Year. The proposal for CUG Connection for 40 DEICs has been shifted to RCH 22. | AG27: =SUM(Z27:AF27) -> 0 | AP27: =SUM(AI27:AO27) -> 0
D28: 22 | E28: RBSK at Facility Level including District Early Intervention Centers (DEIC) | I28: 115 | J28: =+I28+H28 -> 115 | K28: 1. New activity. Construction of new DEIC building at KGH,Chennai. Total cost is Rs.200 lakhs. 50% of the cost Rs.100 lakhs proposed this year and balance will be proposed in 2027-28. Details enclosed in RCH 22 DEIC 2. New activity. Revised as per NPCC Discussion. The proposal for the establishment of Sensory Integration park in DEICs at KMC-Chennai , The Nilgiris , Ramnad , Thoothukudi and Pentland-Vellore is restricted to Rs.3 lakhs per unit. Total cost is Rs.15 lakhs. Details enclosed in RCH 22 Sensory Integration Park | L28: 53.39 | M28: 3. New activity. Procurement of equipment to DEIC at Mayiladuthurai @ Rs.53.39 lakhs. Details enclosed in RCH 22 Mayiladuthurai DEIC | O28: 1493.357 | P28: =+O28+N28 -> 1493.357 | Q28: 4. Ongoing Activity Proposed Rs 1493.36 lakh for growth hormone dispensed at DEICs {Rs 327.27 lakhs (24 mg Somatogron = 234 beneficiaries *3330 vials @ Rs.9828) and Rs. 1166.09 lakhs (60 mg Somatogron = 289 beneficiaries *4746 vials @ Rs.24570)} | T28: 148.96 | U28: 5. Ongoing activity Rs.48.00 Lakhs proposed for Operational cost for 39 DEIC @ Rs.10000/ month x 12 Months 6. Ongoing activity Rs.100 Lakhs for Referral support for RBSK referred child / student for this management at Secondary and Tertiary Care Centre 7. Ongoing Activity. CUG Connection for 40 DEICs @ Rs.2400 per unit for 40 DEICs at a total cost of Rs.96,000/-. In-line with NPCC Discussions, the proposal has been shifted from RCH 21. | X28: =F28+J28+L28+P28+R28+T28+V28 -> 1810.707 | Y28: =CONCATENATE(G28," ",K28," ",M28," ",Q28," ",S28," ",U28," ",W28) -> 1. New activity. Construction of new DEIC building at KGH,Chennai. Total cost is Rs.200 lakhs. 50% of the cost Rs.100 lakhs proposed this year and balance will be proposed in 2027-28. Details enclosed in RCH 22 DEIC 2. New activity. Revised as per NPCC Discussion. The proposal for the establishment of Sensory Integration park in DEICs at KMC-Chennai , The Nilgiris , Ramnad , Thoothukudi and Pentland-Vellore is restricted to Rs.3 lakhs per unit. Total cost is Rs.15 lakhs. Details enclosed in RCH 22 Sensory Integration Park 3. New activity. Procurement of equipment to DEIC at Mayiladuthurai @ Rs.53.39 lakhs. Details enclosed in RCH 22 Mayiladuthurai DEIC 4. Ongoing Activity Proposed Rs 1493.36 lakh for growth hormone dispensed at DEICs {Rs 327.27 lakhs (24 mg Somatogron = 234 beneficiaries *3330 vials @ Rs.9828) and Rs. 1166.09 lakhs (60 mg Somatogron = 289 beneficiaries *4746 vials @ Rs.24570)} 5. Ongoing activity Rs.48.00 Lakhs proposed for Operational cost for 39 DEIC @ Rs.10000/ month x 12 Months 6. Ongoing activity Rs.100 Lakhs for Referral support for RBSK referred child / student for this management at Secondary and Tertiary Care Centre 7. Ongoing Activity. CUG Connection for 40 DEICs @ Rs.2400 per unit for 40 DEICs at a total cost of Rs.96,000/-. In-line with NPCC Discussions, the proposal has been shifted from RCH 21. | AG28: =SUM(Z28:AF28) -> 0 | AP28: =SUM(AI28:AO28) -> 0
D29: 23 | E29: Community Based Care - HBNC & HBYC | J29: =+I29+H29 -> 0 | L29: 26.5 | M29: Ongoing activity. Included as per NPCC Discussion. Proposed for HBYC Kit for ASHAs @ Rs.1000 per ASHA, totalling to Rs.26.50 Lakhs. | P29: =+O29+N29 -> 0 | X29: =F29+J29+L29+P29+R29+T29+V29 -> 26.5 | Y29: =CONCATENATE(G29," ",K29," ",M29," ",Q29," ",S29," ",U29," ",W29) -> Ongoing activity. Included as per NPCC Discussion. Proposed for HBYC Kit for ASHAs @ Rs.1000 per ASHA, totalling to Rs.26.50 Lakhs. | AG29: =SUM(Z29:AF29) -> 0 | AP29: =SUM(AI29:AO29) -> 0
D30: 24 | E30: Facility Based New born Care | I30: 261 | J30: =+I30+H30 -> 261 | K30: 1. New activity. Total cost is Rs.40 Lakhs Upgrading the NBSU to SNCU -Thirukovilur, Rasipuram, Srikali, Vedaranyam Repairs and Renovations for 7 SNCU = Rs 10.00 Lakhs x 4 SNCU = Rs.40.00 Lakhs. Details enclosed in RCH 24 SNCU upgradation 2. New Activity. Establishment of NBSU at Nanguneri GH , Vijayapuram GH, Jamunamaruthur PHC Tiruvannamalai. Proposed for Civil Modifications - Rs 7 Lakhs per centre. Total cost is Rs.21 lakhs. Details enclosed in RCH 24 NBSU 3. New activity. Establishment of MNCU at Salem, Vellore, Tuticorin, Tiruppur, Virudhunagar, Chengalpattu, Thanjavur and Tirupathur DHQ a.Civil cost for repairs and renovation = Rs.25.00 Lakhs x 8 MNCUs = Rs.200.00 Lakhs. Details enclosed in RCH 24 MNCU | L30: 2915.97 | M30: 4. New activity. Upgrading the NBSU to SNCU -Thirukovilur, Rasipuram, Srikali, Vedaranyam a.Equipment to 4 SNCU =Rs.53.28 Lakhs x 4 SNCU = Rs.213.12 Lakhs. Details enclosed in RCH 24 SNCU upgradation 5. New activity. Establishment of NBSU at Nanguneri GH , Vijayapuram GH, Jamunamaruthur PHC Tiruvannamalai. Equipment - Rs.5.99 Lakhs each. Total cost is Rs.17.97 lakhs. Details enclosed in RCH 24 NBSU 6. New activity. Establishment of MNCU at Salem, Vellore, Tuticorin, Tiruppur, Virudhunagar, Chengalpattu, Thanjavur and Tirupathur DHQ b.Equipment to 8 MNCU @ Rs.59.65 Lakhs x 8 MNCU= Rs.477.20 Lakhs . Details enclosed in RCH 24 MNCU 7. New activity. Proposed for Rs. 2207.68 lakh towards procurement of equipment for 92 Newborn care units based on gap analysis. In-line with the discussion in NPCC, the proposals for HFO (3) and iNO (6) are dropped. Details enclosed in RCH 24 SNCU equipment | P30: =+O30+N30 -> 0 | T30: 1026.5 | U30: 8. Ongoing activity. Proposed for Rs.966 Lakhs towards 92 SNCUs @ Rs.10.50 Lakhs per centre. 9. Ongoing activity. Proposed for Rs.60 lakhs towards operational costs for 146 NBSUs @ Rs.41096/- per centre. 10. Ongoing activity. Proposed Rs.0.5 lakh for State Newborn Resource centre at ICH Chennai for operational expenses. | X30: =F30+J30+L30+P30+R30+T30+V30 -> 4203.47 | Y30: =CONCATENATE(G30," ",K30," ",M30," ",Q30," ",S30," ",U30," ",W30) -> 1. New activity. Total cost is Rs.40 Lakhs Upgrading the NBSU to SNCU -Thirukovilur, Rasipuram, Srikali, Vedaranyam Repairs and Renovations for 7 SNCU = Rs 10.00 Lakhs x 4 SNCU = Rs.40.00 Lakhs. Details enclosed in RCH 24 SNCU upgradation 2. New Activity. Establishment of NBSU at Nanguneri GH , Vijayapuram GH, Jamunamaruthur PHC Tiruvannamalai. Proposed for Civil Modifications - Rs 7 Lakhs per centre. Total cost is Rs.21 lakhs. Details enclosed in RCH 24 NBSU 3. New activity. Establishment of MNCU at Salem, Vellore, Tuticorin, Tiruppur, Virudhunagar, Chengalpattu, Thanjavur and Tirupathur DHQ a.Civil cost for repairs and renovation = Rs.25.00 Lakhs x 8 MNCUs = Rs.200.00 Lakhs. Details enclosed in RCH 24 MNCU 4. New activity. Upgrading the NBSU to SNCU -Thirukovilur, Rasipuram, Srikali, Vedaranyam a.Equipment to 4 SNCU =Rs.53.28 Lakhs x 4 SNCU = Rs.213.12 Lakhs. Details enclosed in RCH 24 SNCU upgradation 5. New activity. Establishment of NBSU at Nanguneri GH , Vijayapuram GH, Jamunamaruthur PHC Tiruvannamalai. Equipment - Rs.5.99 Lakhs each. Total cost is Rs.17.97 lakhs. Details enclosed in RCH 24 NBSU 6. New activity. Establishment of MNCU at Salem, Vellore, Tuticorin, Tiruppur, Virudhunagar, Chengalpattu, Thanjavur and Tirupathur DHQ b.Equipment to 8 MNCU @ Rs.59.65 Lakhs x 8 MNCU= Rs.477.20 Lakhs . Details enclosed in RCH 24 MNCU 7. New activity. Proposed for Rs. 2207.68 lakh towards procurement of equipment for 92 Newborn care units based on gap analysis. In-line with the discussion in NPCC, the proposals for HFO (3) and iNO (6) are dropped. Details enclosed in RCH 24 SNCU equipment 8. Ongoing activity. Proposed for Rs.966 Lakhs towards 92 SNCUs @ Rs.10.50 Lakhs per centre. 9. Ongoing activity. Proposed for Rs.60 lakhs towards operational costs for 146 NBSUs @ Rs.41096/- per centre. 10. Ongoing activity. Proposed Rs.0.5 lakh for State Newborn Resource centre at ICH Chennai for operational expenses. | AG30: =SUM(Z30:AF30) -> 0 | AP30: =SUM(AI30:AO30) -> 0
D31: 25 | E31: Child Death Review | J31: =+I31+H31 -> 0 | P31: =+O31+N31 -> 0 | V31: 0 | X31: =F31+J31+L31+P31+R31+T31+V31 -> 0 | Y31: =CONCATENATE(G31," ",K31," ",M31," ",Q31," ",S31," ",U31," ",W31) | AG31: =SUM(Z31:AF31) -> 0 | AP31: =SUM(AI31:AO31) -> 0
D32: 26 | E32: SAANS | J32: =+I32+H32 -> 0 | O32: 131.0024 | P32: =+O32+N32 -> 131.0024 | Q32: 1. Ongoing activity. Rs.124.4 Lakhs for ORS @ Rs. 2.4 per pack for 51,82,713 Beneficiaries 2. Ongoing activity. Rs. 6.62 Lakhs for Zinc @ Rs 0.12 per Tablet for 55,14,406 tablets | R32: 0 | T32: 0 | U32: 3. New activity. Operational Cost for 3 Genetic Laboratories at ICH Chennai, GRH Madurai and GMCH Coimbatore at Rs.5 lakhs per centre. The proposal is dropped in-line with the NPCC Discussions. | X32: =F32+J32+L32+P32+R32+T32+V32 -> 131.0024 | Y32: =CONCATENATE(G32," ",K32," ",M32," ",Q32," ",S32," ",U32," ",W32) -> 1. Ongoing activity. Rs.124.4 Lakhs for ORS @ Rs. 2.4 per pack for 51,82,713 Beneficiaries 2. Ongoing activity. Rs. 6.62 Lakhs for Zinc @ Rs 0.12 per Tablet for 55,14,406 tablets 3. New activity. Operational Cost for 3 Genetic Laboratories at ICH Chennai, GRH Madurai and GMCH Coimbatore at Rs.5 lakhs per centre. The proposal is dropped in-line with the NPCC Discussions. | AG32: =SUM(Z32:AF32) -> 0 | AP32: =SUM(AI32:AO32) -> 0
D33: 27 | E33: Paediatric Care | J33: =+I33+H33 -> 0 | L33: 606.6 | M33: 1. New activity. Procurement of equipment to PICU at Rs.60.66 lakhs per centre for 10 PICUs as per Gap analysis. Total cost is Rs.606.60 lakhs. Details enclosed in RCH 27 PICU | P33: =+O33+N33 -> 0 | T33: 275 | U33: 2. Ongoing Activity. Rs.275.00 Lakhs proposed for operational expenses for 55 PICUs @ Rs 5.00 Lakhs per centre. | X33: =F33+J33+L33+P33+R33+T33+V33 -> 881.6 | Y33: =CONCATENATE(G33," ",K33," ",M33," ",Q33," ",S33," ",U33," ",W33) -> 1. New activity. Procurement of equipment to PICU at Rs.60.66 lakhs per centre for 10 PICUs as per Gap analysis. Total cost is Rs.606.60 lakhs. Details enclosed in RCH 27 PICU 2. Ongoing Activity. Rs.275.00 Lakhs proposed for operational expenses for 55 PICUs @ Rs 5.00 Lakhs per centre. | AG33: =SUM(Z33:AF33) -> 0 | AP33: =SUM(AI33:AO33) -> 0
D34: 28 | E34: Janani Shishu Suraksha Karyakram (JSSK) (excluding transport) | J34: =+I34+H34 -> 0 | O34: 2090.2575 | P34: =+O34+N34 -> 2090.2575 | Q34: 1. Ongoing activity. Rs.807.18 Lakhs towards procurement of Iron drops Vitamin D3 , Multivitamin drops to LBW babies discharged from Facilities 2. Ongoing activity. Rs. 1283.08 Lakhs: a. Rs.1194.91 Lakhs proposed for JSSK drugs and consumables for 58,913 pre-term infants towards surfactant @ Rs 2028.26 per injection. b. Rs.88.17 Lakhs - Procurement of Inj. Caffeine at a cost of Rs. 149.66 for 58,913 sick children | X34: =F34+J34+L34+P34+R34+T34+V34 -> 2090.2575 | Y34: =CONCATENATE(G34," ",K34," ",M34," ",Q34," ",S34," ",U34," ",W34) -> 1. Ongoing activity. Rs.807.18 Lakhs towards procurement of Iron drops Vitamin D3 , Multivitamin drops to LBW babies discharged from Facilities 2. Ongoing activity. Rs. 1283.08 Lakhs: a. Rs.1194.91 Lakhs proposed for JSSK drugs and consumables for 58,913 pre-term infants towards surfactant @ Rs 2028.26 per injection. b. Rs.88.17 Lakhs - Procurement of Inj. Caffeine at a cost of Rs. 149.66 for 58,913 sick children | AG34: =SUM(Z34:AF34) -> 0 | AP34: =SUM(AI34:AO34) -> 0
D35: 29 | E35: Janani Shishu Suraksha Karyakram (JSSK) - Transport | J35: =+I35+H35 -> 0 | P35: =+O35+N35 -> 0 | X35: =F35+J35+L35+P35+R35+T35+V35 -> 0 | Y35: =CONCATENATE(G35," ",K35," ",M35," ",Q35," ",S35," ",U35," ",W35) | AG35: =SUM(Z35:AF35) -> 0 | AP35: =SUM(AI35:AO35) -> 0
D36: 30 | E36: Other Child Health Components | J36: =+I36+H36 -> 0 | L36: 0 | M36: 1. Ongoing activity. In-line with NPCC discussions. Proposal for MUSQAN Gap Closure has been shifted to HSS (R). 175. | P36: =+O36+N36 -> 0 | T36: 0 | U36: 0 | V36: 0 | W36: 2. Ongoing Activity. In-line with NPCC discussions. Proposal for MUSQAN State & National Assessment has been shifted to HSS (R). 175. | X36: =F36+J36+L36+P36+R36+T36+V36 -> 0 | Y36: =CONCATENATE(G36," ",K36," ",M36," ",Q36," ",S36," ",U36," ",W36) -> 1. Ongoing activity. In-line with NPCC discussions. Proposal for MUSQAN Gap Closure has been shifted to HSS (R). 175. 0 2. Ongoing Activity. In-line with NPCC discussions. Proposal for MUSQAN State & National Assessment has been shifted to HSS (R). 175. | AG36: =SUM(Z36:AF36) -> 0 | AP36: =SUM(AI36:AO36) -> 0
D37: 31 | E37: State specific Initiatives and Innovations | Y37: =CONCATENATE(G37," ",K37," ",M37," ",Q37," ",S37," ",U37," ",W37)
B38: RCH.4 | C38: Immunization | D38: 32 | E38: Immunization including Mission Indradhanush | J38: =+I38+H38 -> 0 | O38: 14.72581 | P38: =+O38+N38 -> 14.72581 | Q38: 1. Ongoing activity. Purchase of Anti Diphtheria Serum and Benzathine Penicillin through TNMSC at a total cost of Rs.14.73 Lakhs (Rs.1134.50 * 1298 vials ) | R38: 175.48944 | S38: 2.Ongoing Activity. Total cost Rs.67.43 lakhs. Proposed 2247648 Bags for 749216 sessions. 3 Bags -Red /Blue /Yellow per session at the rate Rs. 3 per bag/session-Rs. 9 (22,47,648 Bags * Rs. 3 - Rs.67.43). 3. Ongoing Activity. In-line with NPCC discussions, the procurement of Hub Cutter has been included. Total cost Rs.108.06 lakhs Proposed for Rs. 750 (Hub Cutter/Puncture proof Rs.750 per Site) for 14,408 sessions site. | T38: 1405.1026 | U38: 4. Ongoing Activity. In-line with NPCC Discussion, activity restricted as per norms to Rs.2100/slum/month of 10000 population. Total Rs.144.9 lakhs. Proposed Rs.2100 per month for 12 months for 575 vacant posts in urban areas (Rs.2100 per month x 575 vacant posts x 12 months) 5. Ongoing activity. Alternate Vaccine Delivery charges in plain and urban areas at Rs.125 per session for 41 weeks . Total cost is Rs.36.29 lakhs. Details enclosed in RCH 32 UHWC 6. Ongoing Activity. Total Rs.636.74 lakhs. Proposed for Rs. 125 per Immunization session to VHNs for 52 weeks for 9,796 accessible HSCs Vaccine lifting charges 7. Ongoing activity. Proposed - Rs 227.14 Lakhs towards alternate vaccinator in Rural vacant HSCs @1300/- per month 8. Ongoing Activity. Total Rs.200.41 lakhs. Proposed for Rs. 200 per session for 52 sessions for 1927 hard to reach HSCs (Vaccine Lifting charges). 9. Ongoing Activity. Proposed for a total cost of Rs.58 Lakhs: a. Rs.46 lakhs. Proposed for 46 HUD per year for POL for vaccine delivery and b. Rs.12 lakhs for State Vaccine Store to 9 Regional Vaccine Store. 10. Ongoing Activity. In-line with NPCC Discussions, the proposal has been revised to Rs.1527 per Cold Chain Point for 2690 points, totalling to Rs. 41.05 Lakhs. a. Facility 2634 x Rs.1000=26.34 lakhs b. District (HUD) - 46 x Rs.20000 = Rs.9.2 lakhs c. Regional - 9 x Rs.50000 = Rs.4.5 lakhs d. State - 1 x Rs.100000 = Rs. 1 lakh 11. Ongoing Activity. Rs.11.72 Lakhs proposed for Microplan at the SHC level @ Rs.1000 per SHC 12. Ongoing Activity. Rs.5.24 lakhs proposed for Microplan at the Block level @ Rs.1000 / block for 388 block and Rs.2000 per revenue district for 46 Districts 13. Ongoing activity. In-line with NPCC Discussions, the proposal has been restricted to Rs.13.27 Lakhs towards Support for Quality Management System for AEFI Surveillance in District of Thoothukudi and Cuddalore and State level for Assessment, Training and Mentoring 14. New activity. Activity included as per NPCC Discussion. HPV campaign cost @ Rs.66000 per HUD. Total cost is Rs.30.36 lakhs | V38: 0 | X38: =F38+J38+L38+P38+R38+T38+V38 -> 1595.3179 | Y38: =CONCATENATE(G38," ",K38," ",M38," ",Q38," ",S38," ",U38," ",W38) -> 1. Ongoing activity. Purchase of Anti Diphtheria Serum and Benzathine Penicillin through TNMSC at a total cost of Rs.14.73 Lakhs (Rs.1134.50 * 1298 vials ) 2.Ongoing Activity. Total cost Rs.67.43 lakhs. Proposed 2247648 Bags for 749216 sessions. 3 Bags -Red /Blue /Yellow per session at the rate Rs. 3 per bag/session-Rs. 9 (22,47,648 Bags * Rs. 3 - Rs.67.43). 3. Ongoing Activity. In-line with NPCC discussions, the procurement of Hub Cutter has been included. Total cost Rs.108.06 lakhs Proposed for Rs. 750 (Hub Cutter/Puncture proof Rs.750 per Site) for 14,408 sessions site. 4. Ongoing Activity. In-line with NPCC Discussion, activity restricted as per norms to Rs.2100/slum/month of 10000 population. Total Rs.144.9 lakhs. Proposed Rs.2100 per month for 12 months for 575 vacant posts in urban areas (Rs.2100 per month x 575 vacant posts x 12 months) 5. Ongoing activity. Alternate Vaccine Delivery charges in plain and urban areas at Rs.125 per session for 41 weeks . Total cost is Rs.36.29 lakhs. Details enclosed in RCH 32 UHWC 6. Ongoing Activity. Total Rs.636.74 lakhs. Proposed for Rs. 125 per Immunization session to VHNs for 52 weeks for 9,796 accessible HSCs Vaccine lifting charges 7. Ongoing activity. Proposed - Rs 227.14 Lakhs towards alternate vaccinator in Rural vacant HSCs @1300/- per month 8. Ongoing Activity. Total Rs.200.41 lakhs. Proposed for Rs. 200 per session for 52 sessions for 1927 hard to reach HSCs (Vaccine Lifting charges). 9. Ongoing Activity. Proposed for a total cost of Rs.58 Lakhs: a. Rs.46 lakhs. Proposed for 46 HUD per year for POL for vaccine delivery and b. Rs.12 lakhs for State Vaccine Store to 9 Regional Vaccine Store. 10. Ongoing Activity. In-line with NPCC Discussions, the proposal has been revised to Rs.1527 per Cold Chain Point for 2690 points, totalling to Rs. 41.05 Lakhs. a. Facility 2634 x Rs.1000=26.34 lakhs b. District (HUD) - 46 x Rs.20000 = Rs.9.2 lakhs c. Regional - 9 x Rs.50000 = Rs.4.5 lakhs d. State - 1 x Rs.100000 = Rs. 1 lakh 11. Ongoing Activity. Rs.11.72 Lakhs proposed for Microplan at the SHC level @ Rs.1000 per SHC 12. Ongoing Activity. Rs.5.24 lakhs proposed for Microplan at the Block level @ Rs.1000 / block for 388 block and Rs.2000 per revenue district for 46 Districts 13. Ongoing activity. In-line with NPCC Discussions, the proposal has been restricted to Rs.13.27 Lakhs towards Support for Quality Management System for AEFI Surveillance in District of Thoothukudi and Cuddalore and State level for Assessment, Training and Mentoring 14. New activity. Activity included as per NPCC Discussion. HPV campaign cost @ Rs.66000 per HUD. Total cost is Rs.30.36 lakhs | AG38: =SUM(Z38:AF38) -> 0 | AP38: =SUM(AI38:AO38) -> 0
D39: 33 | E39: Pulse Polio Campaign | J39: =+I39+H39 -> 0 | P39: =+O39+N39 -> 0 | T39: 260 | U39: Ongoing activity. Operational cost Pulse Polio Immunisation. Total cost Rs.260 lakhs | X39: =F39+J39+L39+P39+R39+T39+V39 -> 260 | Y39: =CONCATENATE(G39," ",K39," ",M39," ",Q39," ",S39," ",U39," ",W39) -> Ongoing activity. Operational cost Pulse Polio Immunisation. Total cost Rs.260 lakhs | AG39: =SUM(Z39:AF39) -> 0 | AP39: =SUM(AI39:AO39) -> 0
D40: 34 | E40: eVIN Operational Cost | J40: =+I40+H40 -> 0 | P40: =+O40+N40 -> 0 | T40: 360.2697 | U40: Ongoing Activity. Revised as per NPCC Discussion. EVIN Operational cost Rs.342.27 lakhs and Procurement of Temperature logger is Rs.18 lakhs. Total cost is Rs.360.27 Lakhs. | X40: =F40+J40+L40+P40+R40+T40+V40 -> 360.2697 | Y40: =CONCATENATE(G40," ",K40," ",M40," ",Q40," ",S40," ",U40," ",W40) -> Ongoing Activity. Revised as per NPCC Discussion. EVIN Operational cost Rs.342.27 lakhs and Procurement of Temperature logger is Rs.18 lakhs. Total cost is Rs.360.27 Lakhs. | AG40: =SUM(Z40:AF40) -> 0 | AP40: =SUM(AI40:AO40) -> 0
B41: RCH.5 | C41: Adolescent Health | D41: 35 | E41: Adolescent Friendly Health Centers (AFHCs) | J41: =+I41+H41 -> 0 | P41: =+O41+N41 -> 0 | T41: 9 | U41: 1. Ongoing activity. Operational cost 3000 / per AFHC . Total cost is Rs.9 lakhs for 300 AFHC | X41: =F41+J41+L41+P41+R41+T41+V41 -> 9 | Y41: =CONCATENATE(G41," ",K41," ",M41," ",Q41," ",S41," ",U41," ",W41) -> 1. Ongoing activity. Operational cost 3000 / per AFHC . Total cost is Rs.9 lakhs for 300 AFHC | AG41: =SUM(Z41:AF41) -> 0 | AP41: =SUM(AI41:AO41) -> 0
D42: 36 | E42: Weekly Iron Folic Acid Supplementation (WIFS) | J42: =+I42+H42 -> 0 | O42: 1245.1273 | P42: =+O42+N42 -> 1245.1273 | Q42: 1. Ongoing activity. Total cost Rs.278.44 lakhs. Junior IFA Tablets at rate Rs.5.72 /per Tablet for 6 - 9 yrs. children (4867842 x Rs 5.72) 2. Ongoing activity. Total cost is Rs.639.25 lakhs. IFA Tablets at rate Rs.7.48/per Tablet for 10 to 19 years Adolescent (8546119 x Rs 7.48) 3. Ongoing activity. Total cost is Rs.327.44 Lakhs for IFA for WRA for 52 weeks @ Rs.6.16 / Tablets | X42: =F42+J42+L42+P42+R42+T42+V42 -> 1245.1273 | Y42: =CONCATENATE(G42," ",K42," ",M42," ",Q42," ",S42," ",U42," ",W42) -> 1. Ongoing activity. Total cost Rs.278.44 lakhs. Junior IFA Tablets at rate Rs.5.72 /per Tablet for 6 - 9 yrs. children (4867842 x Rs 5.72) 2. Ongoing activity. Total cost is Rs.639.25 lakhs. IFA Tablets at rate Rs.7.48/per Tablet for 10 to 19 years Adolescent (8546119 x Rs 7.48) 3. Ongoing activity. Total cost is Rs.327.44 Lakhs for IFA for WRA for 52 weeks @ Rs.6.16 / Tablets | AG42: =SUM(Z42:AF42) -> 0 | AP42: =SUM(AI42:AO42) -> 0
D43: 37 | E43: Menstrual Hygiene Scheme (MHS) | J43: =+I43+H43 -> 0 | O43: 0 | P43: =+O43+N43 -> 0 | X43: =F43+J43+L43+P43+R43+T43+V43 -> 0 | Y43: =CONCATENATE(G43," ",K43," ",M43," ",Q43," ",S43," ",U43," ",W43) | AG43: =SUM(Z43:AF43) -> 0 | AP43: =SUM(AI43:AO43) -> 0
D44: 38 | E44: Peer Education Programme | J44: =+I44+H44 -> 0 | P44: =+O44+N44 -> 0 | T44: 805.844 | U44: 1.Ongoing activity :Rs.619.88 lakhs Adolescent Health Day at 15497 schools to conduct Quarterly meetings - @ Rs.1000/ Quarter *4 Quarters. Activity revised as per NPCC discussion 2. Ongoing activity : Rs.185.96 Lakhs . Adolescent Health Club - 100/ Month for 15497 schools x 12 months | X44: =F44+J44+L44+P44+R44+T44+V44 -> 805.844 | Y44: =CONCATENATE(G44," ",K44," ",M44," ",Q44," ",S44," ",U44," ",W44) -> 1.Ongoing activity :Rs.619.88 lakhs Adolescent Health Day at 15497 schools to conduct Quarterly meetings - @ Rs.1000/ Quarter *4 Quarters. Activity revised as per NPCC discussion 2. Ongoing activity : Rs.185.96 Lakhs . Adolescent Health Club - 100/ Month for 15497 schools x 12 months | AG44: =SUM(Z44:AF44) -> 0 | AP44: =SUM(AI44:AO44) -> 0
D45: 39 | E45: School Health And Wellness Program under Ayushman Bharat | J45: =+I45+H45 -> 0 | P45: =+O45+N45 -> 0 | X45: =F45+J45+L45+P45+R45+T45+V45 -> 0 | Y45: =CONCATENATE(G45," ",K45," ",M45," ",Q45," ",S45," ",U45," ",W45) | AG45: =SUM(Z45:AF45) -> 0 | AP45: =SUM(AI45:AO45) -> 0
D46: 40 | E46: Other Adolescent Health Components | J46: =+I46+H46 -> 0 | P46: =+O46+N46 -> 0 | T46: 0 | U46: 0 | X46: =F46+J46+L46+P46+R46+T46+V46 -> 0 | Y46: =CONCATENATE(G46," ",K46," ",M46," ",Q46," ",S46," ",U46," ",W46) -> 0 | AG46: =SUM(Z46:AF46) -> 0 | AP46: =SUM(AI46:AO46) -> 0
D47: 41 | E47: State specific Initiatives and Innovations | Y47: =CONCATENATE(G47," ",K47," ",M47," ",Q47," ",S47," ",U47," ",W47)
B48: RCH.6 | C48: Family Planning | D48: 42 | E48: Sterilization - Female | F48: 1600 | G48: 1. Ongoing activity to Treasury. Fund towards 1.6 lakhs sterilisations in Public facilities @ Rs.1000/(Rs.1600 Lakhs ) | J48: =+I48+H48 -> 0 | L48: 0 | P48: =+O48+N48 -> 0 | T48: 114.848 | U48: 2. Ongoing activity. Total cost is Rs.114.85 lakhs. Fund proposed towards conducting sterilisation Fixed Day services (FDS) in 388 blocks @ Rs.7400/- per FDS in a month Every quarter 1 FDS | X48: =F48+J48+L48+P48+R48+T48+V48 -> 1714.848 | Y48: =CONCATENATE(G48," ",K48," ",M48," ",Q48," ",S48," ",U48," ",W48) -> 1. Ongoing activity to Treasury. Fund towards 1.6 lakhs sterilisations in Public facilities @ Rs.1000/(Rs.1600 Lakhs ) 2. Ongoing activity. Total cost is Rs.114.85 lakhs. Fund proposed towards conducting sterilisation Fixed Day services (FDS) in 388 blocks @ Rs.7400/- per FDS in a month Every quarter 1 FDS | AG48: =SUM(Z48:AF48) -> 0 | AP48: =SUM(AI48:AO48) -> 0
D49: 43 | E49: Sterilization - Male | F49: 15 | G49: 1. Ongoing activity. Total cost is Rs.15 lakhs. Fund towards 1000 sterilisations @Rs.1500/- | J49: =+I49+H49 -> 0 | O49: 0 | P49: =+O49+N49 -> 0 | T49: 29.822 | U49: 2. Ongoing activity. Total cost is Rs.29.82 lakhs. Fund proposed towards conducting NSV FDS in 403 (388 block +15 zones in Chennai ) PHCs @ Rs.7400 per FDS in a year | X49: =F49+J49+L49+P49+R49+T49+V49 -> 44.822 | Y49: =CONCATENATE(G49," ",K49," ",M49," ",Q49," ",S49," ",U49," ",W49) -> 1. Ongoing activity. Total cost is Rs.15 lakhs. Fund towards 1000 sterilisations @Rs.1500/- 2. Ongoing activity. Total cost is Rs.29.82 lakhs. Fund proposed towards conducting NSV FDS in 403 (388 block +15 zones in Chennai ) PHCs @ Rs.7400 per FDS in a year | AG49: =SUM(Z49:AF49) -> 0 | AP49: =SUM(AI49:AO49) -> 0
D50: 44 | E50: IUCD Insertion (PPIUCD and PAIUCD) | F50: 601.26 | G50: 1. Ongoing activity: Budget proposed for Rs.600 Lakhs - PPIUCD insertions at Rs.300/- to the 2,00,000 beneficiaries. 2. Ongoing activity: Budget proposed for 420 PPIUCD/PAIUCD insertions at Rs.300/ beneficiaries. Total cost is Rs.1.26 lakhs | J50: =+I50+H50 -> 0 | P50: =+O50+N50 -> 0 | X50: =F50+J50+L50+P50+R50+T50+V50 -> 601.26 | Y50: =CONCATENATE(G50," ",K50," ",M50," ",Q50," ",S50," ",U50," ",W50) -> 1. Ongoing activity: Budget proposed for Rs.600 Lakhs - PPIUCD insertions at Rs.300/- to the 2,00,000 beneficiaries. 2. Ongoing activity: Budget proposed for 420 PPIUCD/PAIUCD insertions at Rs.300/ beneficiaries. Total cost is Rs.1.26 lakhs | AG50: =SUM(Z50:AF50) -> 0 | AP50: =SUM(AI50:AO50) -> 0
D51: 45 | E51: ANTARA | J51: =+I51+H51 -> 0 | P51: =+O51+N51 -> 0 | X51: =F51+J51+L51+P51+R51+T51+V51 -> 0 | Y51: =CONCATENATE(G51," ",K51," ",M51," ",Q51," ",S51," ",U51," ",W51) | AG51: =SUM(Z51:AF51) -> 0 | AP51: =SUM(AI51:AO51) -> 0
D52: 46 | E52: MPV (Mission Parivar Vikas) | J52: =+I52+H52 -> 0 | P52: =+O52+N52 -> 0 | X52: =F52+J52+L52+P52+R52+T52+V52 -> 0 | Y52: =CONCATENATE(G52," ",K52," ",M52," ",Q52," ",S52," ",U52," ",W52) | AG52: =SUM(Z52:AF52) -> 0 | AP52: =SUM(AI52:AO52) -> 0
D53: 47 | E53: Family Planning Indemnity Scheme | F53: 118.74 | G53: Ongoing activity. Fund of Rs.118.74 lakh required for death, failure and medical complication clearance. | J53: =+I53+H53 -> 0 | P53: =+O53+N53 -> 0 | X53: =F53+J53+L53+P53+R53+T53+V53 -> 118.74 | Y53: =CONCATENATE(G53," ",K53," ",M53," ",Q53," ",S53," ",U53," ",W53) -> Ongoing activity. Fund of Rs.118.74 lakh required for death, failure and medical complication clearance. | AG53: =SUM(Z53:AF53) -> 0 | AP53: =SUM(AI53:AO53) -> 0
D54: 48 | E54: FPLMIS | J54: =+I54+H54 -> 0 | P54: =+O54+N54 -> 0 | X54: =F54+J54+L54+P54+R54+T54+V54 -> 0 | Y54: =CONCATENATE(G54," ",K54," ",M54," ",Q54," ",S54," ",U54," ",W54) | AG54: =SUM(Z54:AF54) -> 0 | AP54: =SUM(AI54:AO54) -> 0
D55: 49 | E55: World Population Day and Vasectomy Fortnight | J55: =+I55+H55 -> 0 | P55: =+O55+N55 -> 0 | T55: 0 | U55: As per NPCC Discussion - the activity World Population Day has been shifted to IEC Annex 204 Rs.15.50 Lakhs As per NPCC Discussion - the activity Vasectomy Fortnight celebrations has been shifted to IEC Annex 204 Rs.15.50 Lakhs | X55: =F55+J55+L55+P55+R55+T55+V55 -> 0 | Y55: =CONCATENATE(G55," ",K55," ",M55," ",Q55," ",S55," ",U55," ",W55) -> As per NPCC Discussion - the activity World Population Day has been shifted to IEC Annex 204 Rs.15.50 Lakhs As per NPCC Discussion - the activity Vasectomy Fortnight celebrations has been shifted to IEC Annex 204 Rs.15.50 Lakhs | AG55: =SUM(Z55:AF55) -> 0 | AP55: =SUM(AI55:AO55) -> 0
D56: 50 | E56: Other Family Planning Components | J56: =+I56+H56 -> 0 | P56: =+O56+N56 -> 0 | V56: 5.5599999 | W56: Ongoing activity: Revised as per NPCC Discussion. Proposed for Surveillance: Rs 5.56 Lakh (i) Rs 0.28 Lakh for 1 Death Panel Committee(Death Audit) (ii) Rs 4.56 lakh for Quarterly DQAC/DISC meetings @ Rs 12,000/- per district (38 districts) (iii) Rs 0.72 Lakh for 6 FP Sub Committee meeting @ Rs 12,000/-per meeting The following proposals are dropped as per NPCC Discussions: (iv) Rs 0.24 Lakh for 1 Claim Clearance meeting (v) Rs 0.36 lakh for 1 meeting for Court cases | X56: =F56+J56+L56+P56+R56+T56+V56 -> 5.5599999 | Y56: =CONCATENATE(G56," ",K56," ",M56," ",Q56," ",S56," ",U56," ",W56) -> Ongoing activity: Revised as per NPCC Discussion. Proposed for Surveillance: Rs 5.56 Lakh (i) Rs 0.28 Lakh for 1 Death Panel Committee(Death Audit) (ii) Rs 4.56 lakh for Quarterly DQAC/DISC meetings @ Rs 12,000/- per district (38 districts) (iii) Rs 0.72 Lakh for 6 FP Sub Committee meeting @ Rs 12,000/-per meeting The following proposals are dropped as per NPCC Discussions: (iv) Rs 0.24 Lakh for 1 Claim Clearance meeting (v) Rs 0.36 lakh for 1 meeting for Court cases | AG56: =SUM(Z56:AF56) -> 0 | AP56: =SUM(AI56:AO56) -> 0
D57: 51 | E57: State specific Initiatives and Innovations | Y57: =CONCATENATE(G57," ",K57," ",M57," ",Q57," ",S57," ",U57," ",W57)
B58: RCH.7 | C58: Nutrition | D58: 52 | E58: Anaemia Mukt Bharat | J58: =+I58+H58 -> 0 | O58: 0 | P58: =+O58+N58 -> 0 | R58: 637.43085 | S58: 1. New activity. HB testing for school children under Test Treat Talk Track Strategy under Anaemia Mukth Bharat Hb testing using strips for 6th, 9th and 11th Standard students - (28,33,026) a. Rs.15/ test x 28,33,026 children =Rs. 424.95 Lakhs b.Rs.15 / test x 14,16,513 children =Rs. 212.48 Lakhs. Total cost is Rs.637.43 lakhs. Details enclosed in RCH 52 AMB STRIPS | T58: 0 | U58: 2. The proposed new activity for Incentive Support for Test Treat Talk Track Anaemia strategy under Anaemia Mukth Bharat as incentive to volunteers for ensuring re-testing of children has been dropped. | X58: =F58+J58+L58+P58+R58+T58+V58 -> 637.43085 | Y58: =CONCATENATE(G58," ",K58," ",M58," ",Q58," ",S58," ",U58," ",W58) -> 1. New activity. HB testing for school children under Test Treat Talk Track Strategy under Anaemia Mukth Bharat Hb testing using strips for 6th, 9th and 11th Standard students - (28,33,026) a. Rs.15/ test x 28,33,026 children =Rs. 424.95 Lakhs b.Rs.15 / test x 14,16,513 children =Rs. 212.48 Lakhs. Total cost is Rs.637.43 lakhs. Details enclosed in RCH 52 AMB STRIPS 2. The proposed new activity for Incentive Support for Test Treat Talk Track Anaemia strategy under Anaemia Mukth Bharat as incentive to volunteers for ensuring re-testing of children has been dropped. | AG58: =SUM(Z58:AF58) -> 0 | AP58: =SUM(AI58:AO58) -> 0
D59: 53 | E59: National Deworming Day | J59: =+I59+H59 -> 0 | O59: 506.79777 | P59: =+O59+N59 -> 506.79777 | Q59: 1. Revised as per NPCC Discussions. Ongoing activity: Total cost is Rs.121.83 lakhs. Target - 46,85,675 children @ Rs 1.3 / tablet. Two rounds in the age group of 1 to 5 years. 2. Revised as per NPCC Discussion. Ongoing activity: Total cost is Rs.133.54 lakhs 51,36,278 children @ 1.3 for two rounds in the age group of 1 to 5 yrs. 3. Revised as per NPCC Discussion. Ongoing activity: Total cost is Rs.140.86 lakhs. 54,17,841 children @ 1.3 for two rounds in the age group of 10-19 yrs. 4. Revised as per NPCC Discussion. Ongoing activity: Total cost is Rs.110.56 lakhs. 42,52,428 Women in the age group of 20 to 30 years @ Rs 1.3/ tablet for two rounds | X59: =F59+J59+L59+P59+R59+T59+V59 -> 506.79777 | Y59: =CONCATENATE(G59," ",K59," ",M59," ",Q59," ",S59," ",U59," ",W59) -> 1. Revised as per NPCC Discussions. Ongoing activity: Total cost is Rs.121.83 lakhs. Target - 46,85,675 children @ Rs 1.3 / tablet. Two rounds in the age group of 1 to 5 years. 2. Revised as per NPCC Discussion. Ongoing activity: Total cost is Rs.133.54 lakhs 51,36,278 children @ 1.3 for two rounds in the age group of 1 to 5 yrs. 3. Revised as per NPCC Discussion. Ongoing activity: Total cost is Rs.140.86 lakhs. 54,17,841 children @ 1.3 for two rounds in the age group of 10-19 yrs. 4. Revised as per NPCC Discussion. Ongoing activity: Total cost is Rs.110.56 lakhs. 42,52,428 Women in the age group of 20 to 30 years @ Rs 1.3/ tablet for two rounds | AG59: =SUM(Z59:AF59) -> 0 | AP59: =SUM(AI59:AO59) -> 0
D60: 54 | E60: Nutritional Rehabilitation Centers (NRC) | I60: 84 | J60: =+I60+H60 -> 84 | K60: 1. New activity. Establishment of NRC in 6 facilities Salem, Villupuram, Thoothukudi, Kanchipuram, Tiruppur and Tirupathur at Rs.14 lakhs per centre. Total cost is Rs.84 lakhs. Details enclosed in RCH 54 NRC. | P60: =+O60+N60 -> 0 | T60: 90.144 | U60: 2. Ongoing activity Rs.90.14 lakhs proposed for 12 functional NRCs @ Rs. 7.512 Lakhs per NRC . | X60: =F60+J60+L60+P60+R60+T60+V60 -> 174.144 | Y60: =CONCATENATE(G60," ",K60," ",M60," ",Q60," ",S60," ",U60," ",W60) -> 1. New activity. Establishment of NRC in 6 facilities Salem, Villupuram, Thoothukudi, Kanchipuram, Tiruppur and Tirupathur at Rs.14 lakhs per centre. Total cost is Rs.84 lakhs. Details enclosed in RCH 54 NRC. 2. Ongoing activity Rs.90.14 lakhs proposed for 12 functional NRCs @ Rs. 7.512 Lakhs per NRC . | AG60: =SUM(Z60:AF60) -> 0 | AP60: =SUM(AI60:AO60) -> 0
D61: 55 | E61: Vitamin A Supplementation | J61: =+I61+H61 -> 0 | O61: 122.43 | P61: =+O61+N61 -> 122.43 | Q61: Ongoing Activity. Revised as per NPCC Discussion. Proposed for: Rs 122.43 lakh for procurement of Vit A bottle for 1,69,618 children @Rs 72.18/100 ml bottle | X61: =F61+J61+L61+P61+R61+T61+V61 -> 122.43 | Y61: =CONCATENATE(G61," ",K61," ",M61," ",Q61," ",S61," ",U61," ",W61) -> Ongoing Activity. Revised as per NPCC Discussion. Proposed for: Rs 122.43 lakh for procurement of Vit A bottle for 1,69,618 children @Rs 72.18/100 ml bottle | AG61: =SUM(Z61:AF61) -> 0 | AP61: =SUM(AI61:AO61) -> 0
D62: 56 | E62: Mother's Absolute Affection (MAA) | J62: =+I62+H62 -> 0 | P62: =+O62+N62 -> 0 | X62: =F62+J62+L62+P62+R62+T62+V62 -> 0 | Y62: =CONCATENATE(G62," ",K62," ",M62," ",Q62," ",S62," ",U62," ",W62) | AG62: =SUM(Z62:AF62) -> 0 | AP62: =SUM(AI62:AO62) -> 0
D63: 57 | E63: Lactation Management Centers | I63: 66 | J63: =+I63+H63 -> 66 | K63: 1. New activity. Establishment of LMUs in 6 facilities at Rs.11 lakhs per unit. Total cost is Rs.66 lakhs. Details enclosed in RCH 57 LMU | L63: 190 | M63: 2. New activity. Procurement of equipment to LMU at Rs.10 lakhs. Total cost is Rs.160 lakhs for 13 CLMC and 3 upgradation of LMUs to CLMC. Details enclosed in RCH 57 CLMC and LMU 3. New activity. Procurement of equipment to 20 LMUs at Rs. 1.50 lakhs per unit. Total cost is Rs.30 lakhs. Details enclosed in RCH 57 LMU equipment | P63: =+O63+N63 -> 0 | X63: =F63+J63+L63+P63+R63+T63+V63 -> 256 | Y63: =CONCATENATE(G63," ",K63," ",M63," ",Q63," ",S63," ",U63," ",W63) -> 1. New activity. Establishment of LMUs in 6 facilities at Rs.11 lakhs per unit. Total cost is Rs.66 lakhs. Details enclosed in RCH 57 LMU 2. New activity. Procurement of equipment to LMU at Rs.10 lakhs. Total cost is Rs.160 lakhs for 13 CLMC and 3 upgradation of LMUs to CLMC. Details enclosed in RCH 57 CLMC and LMU 3. New activity. Procurement of equipment to 20 LMUs at Rs. 1.50 lakhs per unit. Total cost is Rs.30 lakhs. Details enclosed in RCH 57 LMU equipment | AG63: =SUM(Z63:AF63) -> 0 | AP63: =SUM(AI63:AO63) -> 0
D64: 58 | E64: Intensified Diarrhoea Control Fortnight | J64: =+I64+H64 -> 0 | O64: 0 | P64: =+O64+N64 -> 0 | X64: =F64+J64+L64+P64+R64+T64+V64 -> 0 | Y64: =CONCATENATE(G64," ",K64," ",M64," ",Q64," ",S64," ",U64," ",W64) | AG64: =SUM(Z64:AF64) -> 0 | AP64: =SUM(AI64:AO64) -> 0
D65: 59 | E65: Eat Right Campaign | J65: =+I65+H65 -> 0 | P65: =+O65+N65 -> 0 | X65: =F65+J65+L65+P65+R65+T65+V65 -> 0 | Y65: =CONCATENATE(G65," ",K65," ",M65," ",Q65," ",S65," ",U65," ",W65) | AG65: =SUM(Z65:AF65) -> 0 | AP65: =SUM(AI65:AO65) -> 0
D66: 60 | E66: Other Nutrition Components | J66: =+I66+H66 -> 0 | P66: =+O66+N66 -> 0 | X66: =F66+J66+L66+P66+R66+T66+V66 -> 0 | Y66: =CONCATENATE(G66," ",K66," ",M66," ",Q66," ",S66," ",U66," ",W66) | AG66: =SUM(Z66:AF66) -> 0 | AP66: =SUM(AI66:AO66) -> 0
D67: 61 | E67: State specific Initiatives and Innovations | Y67: =CONCATENATE(G67," ",K67," ",M67," ",Q67," ",S67," ",U67," ",W67)
B68: RCH.8 | C68: National Iodine Deficiency Disorders Control Programme (NIDDCP) | D68: 62 | E68: Implementation of NIDDCP | J68: =+I68+H68 -> 0 | P68: =+O68+N68 -> 0 | R68: 8.69304 | S68: 1. Ongoing activity. Total cost is Rs. 8.69 Lakhs for Salt Testing Kit for 2650 ASHA and 2346 HI in the state @ 29/ Kit @ Rs. 0.0002 Lakhs per unit for 29976 units | V68: 2.5 | W68: 2. Ongoing activity. Total cost is Rs.2.50 lakhs. IDD survey at Rs.50000 per district for 5 districts. | X68: =F68+J68+L68+P68+R68+T68+V68 -> 11.19304 | Y68: =CONCATENATE(G68," ",K68," ",M68," ",Q68," ",S68," ",U68," ",W68) -> 1. Ongoing activity. Total cost is Rs. 8.69 Lakhs for Salt Testing Kit for 2650 ASHA and 2346 HI in the state @ 29/ Kit @ Rs. 0.0002 Lakhs per unit for 29976 units 2. Ongoing activity. Total cost is Rs.2.50 lakhs. IDD survey at Rs.50000 per district for 5 districts. | AG68: =SUM(Z68:AF68) -> 0 | AP68: =SUM(AI68:AO68) -> 0
B69: RCH Sub Total | F69: =SUM(F7:F68) -> 5854 | G69: =SUM(G7:G68) -> 0 | H69: =SUM(H7:H68) -> 600 | I69: =SUM(I7:I68) -> 3726.04 | J69: =SUM(J7:J68) -> 4326.04 | K69: =SUM(K7:K68) -> 0 | L69: =SUM(L7:L68) -> 4473.4038 | M69: =SUM(M7:M68) -> 0 | ... AG69: =SUM(AG7:AG68) -> 0 | AI69: =SUM(AI7:AI68) -> 0 | AJ69: =SUM(AJ7:AJ68) -> 0 | AK69: =SUM(AK7:AK68) -> 0 | AL69: =SUM(AL7:AL68) -> 0 | AM69: =SUM(AM7:AM68) -> 0 | AN69: =SUM(AN7:AN68) -> 0 | AO69: =SUM(AO7:AO68) -> 0 | AP69: =SUM(AP7:AP68) -> 0
A70: NDCP Flexi Pool | B70: NDCP.1 | C70: Integrated Disease Surveillance Programme (IDSP) | D70: 63 | E70: Implementation of IDSP | J70: =+I70+H70 -> 0 | P70: =+O70+N70 -> 0 | R70: 58.18 | S70: 1. Ongoing activity A proposal of Rs. 3.80 lakhs is made for recurring costs, including consumables, kits, and miscellaneous expenses at 38 DPHLs, calculated @ Rs. 10,000 per DPHL. 2. Ongoing activity. Proposed Rs. 6.5 lakhs for reimbursement-based payments for laboratory tests across 13 referral labs. 3. Ongoing activity. Total cost of Rs. 47.88 lakhs proposed for VPD sample collection materials at Rs. 1.26 lakhs per district. | T70: 11 | U70: 4. Ongoing Activity. In-line with the NPCC Discussion, the activity has been shifted from RCH 32. Rs.11.00 Lakhs - Transport and shipment of VPD samples to Salem & King Institute, Guindy. Rs.220 x 5000 samples | X70: =F70+J70+L70+P70+R70+T70+V70 -> 69.18 | Y70: =CONCATENATE(G70," ",K70," ",M70," ",Q70," ",S70," ",U70," ",W70) -> 1. Ongoing activity A proposal of Rs. 3.80 lakhs is made for recurring costs, including consumables, kits, and miscellaneous expenses at 38 DPHLs, calculated @ Rs. 10,000 per DPHL. 2. Ongoing activity. Proposed Rs. 6.5 lakhs for reimbursement-based payments for laboratory tests across 13 referral labs. 3. Ongoing activity. Total cost of Rs. 47.88 lakhs proposed for VPD sample collection materials at Rs. 1.26 lakhs per district. 4. Ongoing Activity. In-line with the NPCC Discussion, the activity has been shifted from RCH 32. Rs.11.00 Lakhs - Transport and shipment of VPD samples to Salem & King Institute, Guindy. Rs.220 x 5000 samples | AG70: =SUM(Z70:AF70) -> 0 | AP70: =SUM(AI70:AO70) -> 0
B71: NDCP.2 | C71: National Vector Borne Disease Control Programme (NVBDCP) | D71: 64 | E71: Malaria | H71: 2.8025 | J71: =+I71+H71 -> 2.8025 | K71: 1. Ongoing activity. Proposed Rs. 2.8 lakhs for maintenance of hatcheries @ Rs.7375/- per hatchery for 38 units. | L71: 0 | M71: Ongoing activity. In-line with the NPCC Discussion, the activity for procurement of portable fogging machines has been shifted to NDCP. 67. | O71: 18.18 | P71: =+O71+N71 -> 18.18 | Q71: 2. Ongoing activity. Proposed Rs. 2.1 lakhs for 1,05,000 antimalarial drug chloroquine as part of the malaria elimination program. 3. Ongoing activity .Proposed Rs.6 lakhs for 2,40,000 antimalarial drug Primaquine 2.5 mg as part of malaria elimination 4. Ongoing activity. Proposed Rs.10.08 lakhs for 1,68,000 antimalarial drug Primaquine 7.5 mg as part of malaria elimination | T71: 48.575 | U71: 5. Ongoing activity .Proposed Rs.48.58 lakhs towards indoor residual spray activity for malaria endemic districts. Proposed Rs. 45.5 lakhs as Spray wages for IRS @ Rs. 350/day, 25 days / round for 2 rounds ; Required man power per round is 260 ( No of squads-52* No of members per squad - 5) and Proposed Rs.3.08 lakhs as operational cost for IRS towards fuel charges for 15 vehicles @ Rs.20,500 per vehicle for 2 rounds; totaling to 48.58 lakhs. Details in NDCP.64. Opex for IRS. | X71: =F71+J71+L71+P71+R71+T71+V71 -> 69.5575 | Y71: =CONCATENATE(G71," ",K71," ",M71," ",Q71," ",S71," ",U71," ",W71) -> 1. Ongoing activity. Proposed Rs. 2.8 lakhs for maintenance of hatcheries @ Rs.7375/- per hatchery for 38 units. Ongoing activity. In-line with the NPCC Discussion, the activity for procurement of portable fogging machines has been shifted to NDCP. 67. 2. Ongoing activity. Proposed Rs. 2.1 lakhs for 1,05,000 antimalarial drug chloroquine as part of the malaria elimination program. 3. Ongoing activity .Proposed Rs.6 lakhs for 2,40,000 antimalarial drug Primaquine 2.5 mg as part of malaria elimination 4. Ongoing activity. Proposed Rs.10.08 lakhs for 1,68,000 antimalarial drug Primaquine 7.5 mg as part of malaria elimination 5. Ongoing activity .Proposed Rs.48.58 lakhs towards indoor residual spray activity for malaria endemic districts. Proposed Rs. 45.5 lakhs as Spray wages for IRS @ Rs. 350/day, 25 days / round for 2 rounds ; Required man power per round is 260 ( No of squads-52* No of members per squad - 5) and Proposed Rs.3.08 lakhs as operational cost for IRS towards fuel charges for 15 vehicles @ Rs.20,500 per vehicle for 2 rounds; totaling to 48.58 lakhs. Details in NDCP.64. Opex for IRS. | AG71: =SUM(Z71:AF71) -> 0 | AP71: =SUM(AI71:AO71) -> 0
D72: 65 | E72: Kala-azar | J72: =+I72+H72 -> 0 | P72: =+O72+N72 -> 0 | X72: =F72+J72+L72+P72+R72+T72+V72 -> 0 | Y72: =CONCATENATE(G72," ",K72," ",M72," ",Q72," ",S72," ",U72," ",W72) | AG72: =SUM(Z72:AF72) -> 0 | AP72: =SUM(AI72:AO72) -> 0
D73: 66 | E73: AES/JE | J73: =+I73+H73 -> 0 | L73: 9.7 | M73: Ongoing activity. Proposed Rs.9.70 lakhs towards procurement of fogging machine spares. | O73: 0 | P73: =+O73+N73 -> 0 | Q73: Kind Grant. Included as per the NPCC Discussion. NIV-JE - IgM kits: Proposed for 33 kits, for a total amount of Rs.3.68 lakhs. | T73: 0 | X73: =F73+J73+L73+P73+R73+T73+V73 -> 9.7 | Y73: =CONCATENATE(G73," ",K73," ",M73," ",Q73," ",S73," ",U73," ",W73) -> Ongoing activity. Proposed Rs.9.70 lakhs towards procurement of fogging machine spares. Kind Grant. Included as per the NPCC Discussion. NIV-JE - IgM kits: Proposed for 33 kits, for a total amount of Rs.3.68 lakhs. | AG73: =SUM(Z73:AF73) -> 0 | AP73: =SUM(AI73:AO73) -> 0
D74: 67 | E74: Dengue & Chikungunya | J74: =+I74+H74 -> 0 | L74: 84 | M74: 2. Ongoing activity. In-line with the NPCC Discussion, the activity has been shifted from NDCP. 64. Procurement of 100 portable fogging machines at Rs. 0.84 lakhs each, totaling Rs. 84 lakhs. | P74: =+O74+N74 -> 0 | Q74: Kind Grant. Included as per discussion in NPCC. Amount of Rs.29.79 Lakhs proposed for IgM test kits for Dengue and Chikungunya (Kind Grant). State will procure Temephos , Bti (AS)/Bti (wp) and Pyrethrum 2% extract from available XV FC grants State will procure Dengue NS1 ELISA from available XV FC grants | R74: 0 | T74: 232.8 | U74: 1. Ongoing activity. Proposed Rs. 232.80 lakhs for DBC wages, covering 5 DBCs per block at Rs. 200 per day for 120 days. | W74: 2. Ongoing activity. As per NPCC Discussion, the epidemic preparedness for Dengue activity has been Shifted to HSS.194. PM Annex. | X74: =F74+J74+L74+P74+R74+T74+V74 -> 316.8 | Y74: =CONCATENATE(G74," ",K74," ",M74," ",Q74," ",S74," ",U74," ",W74) -> 2. Ongoing activity. In-line with the NPCC Discussion, the activity has been shifted from NDCP. 64. Procurement of 100 portable fogging machines at Rs. 0.84 lakhs each, totaling Rs. 84 lakhs. Kind Grant. Included as per discussion in NPCC. Amount of Rs.29.79 Lakhs proposed for IgM test kits for Dengue and Chikungunya (Kind Grant). State will procure Temephos , Bti (AS)/Bti (wp) and Pyrethrum 2% extract from available XV FC grants State will procure Dengue NS1 ELISA from available XV FC grants 1. Ongoing activity. Proposed Rs. 232.80 lakhs for DBC wages, covering 5 DBCs per block at Rs. 200 per day for 120 days. 2. Ongoing activity. As per NPCC Discussion, the epidemic preparedness for Dengue activity has been Shifted to HSS.194. PM Annex. | AG74: =SUM(Z74:AF74) -> 0 | AP74: =SUM(AI74:AO74) -> 0
D75: 68 | E75: Lymphatic Filariasis | J75: =+I75+H75 -> 0 | O75: 95.345 | P75: =+O75+N75 -> 95.345 | Q75: Ongoing activity. As per NPCC Discussion. Budget Shifted to OOC. Proposed Rs. 95.35 lakhs for MMDP kits to support 19,069 lymphedema cases. | V75: 5.2 | W75: Ongoing Activity. Revised in-line with the NPCC Discussion, proposed for Post MDA Surveillance in 26 TAS Passed districts @ Rs.20,000 per district totalling to Rs.5.20 Lakhs | X75: =F75+J75+L75+P75+R75+T75+V75 -> 100.545 | Y75: =CONCATENATE(G75," ",K75," ",M75," ",Q75," ",S75," ",U75," ",W75) -> Ongoing activity. As per NPCC Discussion. Budget Shifted to OOC. Proposed Rs. 95.35 lakhs for MMDP kits to support 19,069 lymphedema cases. Ongoing Activity. Revised in-line with the NPCC Discussion, proposed for Post MDA Surveillance in 26 TAS Passed districts @ Rs.20,000 per district totalling to Rs.5.20 Lakhs | AG75: =SUM(Z75:AF75) -> 0 | AP75: =SUM(AI75:AO75) -> 0
B76: NDCP.3 | C76: National Leprosy Eradication Programme (NLEP) | D76: 69 | E76: Case Detection and Management | J76: =+I76+H76 -> 0 | L76: 0 | M76: 1. Ongoing activity. In-line with NPCC Discussion, the activity for procurement of Self-care kits has been shifted to NDCP.70. 2. Ongoing activity. In-line with NPCC Discussion, the activity for procurement of Special MCR has been shifted to NDCP.70. | O76: 18.24252 | P76: =+O76+N76 -> 18.24252 | Q76: 3. Ongoing activity. Proposed for 18.24 Lakhs towards Supportive drugs, lab. Reagents. as per districts needs Purchase of Anti Fungal Ointment, Steroid Cream, Anti bacterial Ointment, Rifampicin capsules, Vaseline. Prednisolone tablets, Vitamin A & D tablets BCT / MVT tablets. | T76: 2739.265 | U76: 4. In line with the NPCC Discussion the activity has been restricted to Rs.2671.54 Lakhs. 1st Round proposed for Rs.1759.27 Lakhs for all the 385 Rural Blocks and 142 Urban Blocks. 2nd Round proposed for Rs.912.27 Lakhs for 193 Rural and 71 Urban Block. Specific Plan for High Endemic Blocks (ANCDR 10 and above ) (April 2024 to Nov 2025) a. LCDC for Gr-I,II & Child, LE blocks (April 2024 to Nov 2025) b. Block Retrospective contact survey (5 years new case area survey) ( uncovered in other surveys) c. Special Plan for hard to reach area 5. Ongoing activity. Case detection & Management: Services in Urban Areas. Rs.1.58 Lakhs per urban for 43 urban areas, totaling to Rs.67.73 Lakhs | X76: =F76+J76+L76+P76+R76+T76+V76 -> 2757.5075 | Y76: =CONCATENATE(G76," ",K76," ",M76," ",Q76," ",S76," ",U76," ",W76) -> 1. Ongoing activity. In-line with NPCC Discussion, the activity for procurement of Self-care kits has been shifted to NDCP.70. 2. Ongoing activity. In-line with NPCC Discussion, the activity for procurement of Special MCR has been shifted to NDCP.70. 3. Ongoing activity. Proposed for 18.24 Lakhs towards Supportive drugs, lab. Reagents. as per districts needs Purchase of Anti Fungal Ointment, Steroid Cream, Anti bacterial Ointment, Rifampicin capsules, Vaseline. Prednisolone tablets, Vitamin A & D tablets BCT / MVT tablets. 4. In line with the NPCC Discussion the activity has been restricted to Rs.2671.54 Lakhs. 1st Round proposed for Rs.1759.27 Lakhs for all the 385 Rural Blocks and 142 Urban Blocks. 2nd Round proposed for Rs.912.27 Lakhs for 193 Rural and 71 Urban Block. Specific Plan for High Endemic Blocks (ANCDR 10 and above ) (April 2024 to Nov 2025) a. LCDC for Gr-I,II & Child, LE blocks (April 2024 to Nov 2025) b. Block Retrospective contact survey (5 years new case area survey) ( uncovered in other surveys) c. Special Plan for hard to reach area 5. Ongoing activity. Case detection & Management: Services in Urban Areas. Rs.1.58 Lakhs per urban for 43 urban areas, totaling to Rs.67.73 Lakhs | AG76: =SUM(Z76:AF76) -> 0 | AP76: =SUM(AI76:AO76) -> 0
D77: 70 | E77: DPMR Services: Reconstructive Surgeries | F77: 18 | G77: 1.Ongoing activity, Welfare allowance to patients for RCS. Rs.12,000 per patient. Total cost is Rs.18 lakhs for 150 patients. | J77: =+I77+H77 -> 0 | L77: 43.475 | M77: 2. Ongoing activity. In-line with NPCC Discussion, the activity for procurement of Self-care kits has been shifted from NDCP.69. Proposed for purchase of Hand stick, Goggles, Gloves, Plaster of Paris (POP), Splints. Total cost is Rs.33.57 lakhs 3. Ongoing activity. In-line with NPCC Discussion, the activity for procurement of Special MCR has been shifted from NDCP.69. Procurement of MCR units at Rs.500 per unit for units. Total cost is Rs.9.91 lakhs | O77: 62.088 | P77: =+O77+N77 -> 62.088 | Q77: 4. Ongoing Activity. Procurement of MCR footwear for eligible patients at Rs. 400 per unit, totaling Rs. 62.09 lakhs. | X77: =F77+J77+L77+P77+R77+T77+V77 -> 123.563 | Y77: =CONCATENATE(G77," ",K77," ",M77," ",Q77," ",S77," ",U77," ",W77) -> 1.Ongoing activity, Welfare allowance to patients for RCS. Rs.12,000 per patient. Total cost is Rs.18 lakhs for 150 patients. 2. Ongoing activity. In-line with NPCC Discussion, the activity for procurement of Self-care kits has been shifted from NDCP.69. Proposed for purchase of Hand stick, Goggles, Gloves, Plaster of Paris (POP), Splints. Total cost is Rs.33.57 lakhs 3. Ongoing activity. In-line with NPCC Discussion, the activity for procurement of Special MCR has been shifted from NDCP.69. Procurement of MCR units at Rs.500 per unit for units. Total cost is Rs.9.91 lakhs 4. Ongoing Activity. Procurement of MCR footwear for eligible patients at Rs. 400 per unit, totaling Rs. 62.09 lakhs. | AG77: =SUM(Z77:AF77) -> 0 | AP77: =SUM(AI77:AO77) -> 0
D78: 71 | E78: District Awards | J78: =+I78+H78 -> 0 | P78: =+O78+N78 -> 0 | X78: =F78+J78+L78+P78+R78+T78+V78 -> 0 | Y78: =CONCATENATE(G78," ",K78," ",M78," ",Q78," ",S78," ",U78," ",W78) | AG78: =SUM(Z78:AF78) -> 0 | AP78: =SUM(AI78:AO78) -> 0
D79: 72 | E79: Other NLEP Components | J79: =+I79+H79 -> 0 | P79: =+O79+N79 -> 0 | X79: =F79+J79+L79+P79+R79+T79+V79 -> 0 | Y79: =CONCATENATE(G79," ",K79," ",M79," ",Q79," ",S79," ",U79," ",W79) | AG79: =SUM(Z79:AF79) -> 0 | AP79: =SUM(AI79:AO79) -> 0
B80: NDCP.4 | C80: National Tuberculosis Elimination Programme (NTEP) | D80: 73 | E80: Drug Sensitive TB (DSTB) | F80: 10 | G80: 1. Ongoing activity. Proposed honorarium of Rs. 1,000 per treatment supporter, totaling Rs. 10 lakhs for 1,000 supporters. | I80: 530 | J80: =+I80+H80 -> 530 | K80: 2. Total number of works: 5 Total cost of works: Rs.530.00 lakhs Total amount proposed for 2026–27: Rs.530.00 lakhs Capper Hills GH, GH Erode, GH Kanniyakumari, and GH Tiruvarur @ Rs.120.00 lakhs each, proposed for 100% of the total cost., GH Dharmapuri @ Rs.50.00 lakhs, proposed for 100% of the total cost. Details enclosed in DCP 73 TB ward | L80: 397.73916 | M80: 3. New Activity: Procurement of equipment for 84 health facilities at Rs. 1.03 lakhs each, totaling Rs. 86.54 lakhs. Details are enclosed in DCP 73. 4. New Activity: Equipment maintenance proposed at Rs. 8.64 lakhs per district, totaling Rs. 311.20 lakhs for 36 districts. Details are enclosed in DCP 73 NTEP Equipment. | O80: 72 | P80: =+O80+N80 -> 72 | Q80: Ongoing activity. As per NPCC Discussion, the procurement of drugs has been shifted to NDCP.77 5. Ongoing activity. Drug transportation charges are proposed at Rs. 6 lakhs per district, totaling Rs. 72 lakhs for 35 districts. | R80: 0 | T80: 410.7 | U80: 6. Ongoing activity. Operational costs for 48 mobile X-ray vans are proposed at Rs. 8.55 lakhs each, totaling to Rs. 410.70 lakhs. | V80: 72.14 | W80: 7. New activity. Involvement of Community Volunteers—TB Champions and WHVs—for strengthening active case finding is proposed @ Rs. 1,40,400 per district, totaling Rs. 49.14 lakhs. Details are enclosed in DCP 73 NTEP Community. 8. New activity. Support for consultancy and studies is proposed @ Rs. 2 lakhs per facility, totaling Rs. 20 lakhs for 10 facilities. Details are enclosed in DCP 73 NTEP Research. 9. New activity. Support for research activities at medical colleges is proposed @ Rs. 30,000 per facility, totaling Rs. 3 lakhs for 10 facilities. Details are enclosed in DCP 73 NTEP Research. | X80: =F80+J80+L80+P80+R80+T80+V80 -> 1492.5792 | Y80: =CONCATENATE(G80," ",K80," ",M80," ",Q80," ",S80," ",U80," ",W80) -> 1. Ongoing activity. Proposed honorarium of Rs. 1,000 per treatment supporter, totaling Rs. 10 lakhs for 1,000 supporters. 2. Total number of works: 5 Total cost of works: Rs.530.00 lakhs Total amount proposed for 2026–27: Rs.530.00 lakhs Capper Hills GH, GH Erode, GH Kanniyakumari, and GH Tiruvarur @ Rs.120.00 lakhs each, proposed for 100% of the total cost., GH Dharmapuri @ Rs.50.00 lakhs, proposed for 100% of the total cost. Details enclosed in DCP 73 TB ward 3. New Activity: Procurement of equipment for 84 health facilities at Rs. 1.03 lakhs each, totaling Rs. 86.54 lakhs. Details are enclosed in DCP 73. 4. New Activity: Equipment maintenance proposed at Rs. 8.64 lakhs per district, totaling Rs. 311.20 lakhs for 36 districts. Details are enclosed in DCP 73 NTEP Equipment. Ongoing activity. As per NPCC Discussion, the procurement of drugs has been shifted to NDCP.77 5. Ongoing activity. Drug transportation charges are proposed at Rs. 6 lakhs per district, totaling Rs. 72 lakhs for 35 districts. 6. Ongoing activity. Operational costs for 48 mobile X-ray vans are proposed at Rs. 8.55 lakhs each, totaling to Rs. 410.70 lakhs. 7. New activity. Involvement of Community Volunteers—TB Champions and WHVs—for strengthening active case finding is proposed @ Rs. 1,40,400 per district, totaling Rs. 49.14 lakhs. Details are enclosed in DCP 73 NTEP Community. 8. New activity. Support for consultancy and studies is proposed @ Rs. 2 lakhs per facility, totaling Rs. 20 lakhs for 10 facilities. Details are enclosed in DCP 73 NTEP Research. 9. New activity. Support for research activities at medical colleges is proposed @ Rs. 30,000 per facility, totaling Rs. 3 lakhs for 10 facilities. Details are enclosed in DCP 73 NTEP Research. | AG80: =SUM(Z80:AF80) -> 0 | AP80: =SUM(AI80:AO80) -> 0
D81: 74 | E81: Nikshay Poshan Yojana | F81: 6000 | G81: Ongoing activity. Nutritional Support for TB Patients – Funds amounting to Rs.6,000 Lakhs are proposed for nutritional support to 100,000 TB patients at Rs.6,000 per patient. | J81: =+I81+H81 -> 0 | P81: =+O81+N81 -> 0 | X81: =F81+J81+L81+P81+R81+T81+V81 -> 6000 | Y81: =CONCATENATE(G81," ",K81," ",M81," ",Q81," ",S81," ",U81," ",W81) -> Ongoing activity. Nutritional Support for TB Patients – Funds amounting to Rs.6,000 Lakhs are proposed for nutritional support to 100,000 TB patients at Rs.6,000 per patient. | AG81: =SUM(Z81:AF81) -> 0 | AP81: =SUM(AI81:AO81) -> 0
D82: 75 | E82: PPP | J82: =+I82+H82 -> 0 | P82: =+O82+N82 -> 0 | T82: 150 | U82: Ongoing activity: TB Patient Notification from Private Facilities - Funds amounting to Rs.150 Lakhs are proposed for notification of 15,000 TB patients from private facilities at Rs.1,000 per case. | X82: =F82+J82+L82+P82+R82+T82+V82 -> 150 | Y82: =CONCATENATE(G82," ",K82," ",M82," ",Q82," ",S82," ",U82," ",W82) -> Ongoing activity: TB Patient Notification from Private Facilities - Funds amounting to Rs.150 Lakhs are proposed for notification of 15,000 TB patients from private facilities at Rs.1,000 per case. | AG82: =SUM(Z82:AF82) -> 0 | AP82: =SUM(AI82:AO82) -> 0
D83: 76 | E83: Latent TB Infection (LTBI) | J83: =+I83+H83 -> 0 | P83: =+O83+N83 -> 0 | R83: 77.00016 | S83: New activity. Diagnosis and Management of Latent TB Infection – Funds amounting to Rs.77.00 Lakhs are proposed for procurement of TPT drugs and ILR under Latent TB Infection Management. Details are enclosed in DCP 76 – LTBI. | X83: =F83+J83+L83+P83+R83+T83+V83 -> 77.00016 | Y83: =CONCATENATE(G83," ",K83," ",M83," ",Q83," ",S83," ",U83," ",W83) -> New activity. Diagnosis and Management of Latent TB Infection – Funds amounting to Rs.77.00 Lakhs are proposed for procurement of TPT drugs and ILR under Latent TB Infection Management. Details are enclosed in DCP 76 – LTBI. | AG83: =SUM(Z83:AF83) -> 0 | AP83: =SUM(AI83:AO83) -> 0
D84: 77 | E84: Drug Resistant TB(DRTB) | J84: =+I84+H84 -> 0 | O84: 113.78 | P84: =+O84+N84 -> 113.78 | Q84: 5. Ongoing activity. As per NPCC Discussion activity has been shifted from NDCP.73. Procurement of drugs at Rs.2.85 lakhs per district. Total cost is Rs.100 lakhs for 35 districts | X84: =F84+J84+L84+P84+R84+T84+V84 -> 113.78 | Y84: =CONCATENATE(G84," ",K84," ",M84," ",Q84," ",S84," ",U84," ",W84) -> 5. Ongoing activity. As per NPCC Discussion activity has been shifted from NDCP.73. Procurement of drugs at Rs.2.85 lakhs per district. Total cost is Rs.100 lakhs for 35 districts | AG84: =SUM(Z84:AF84) -> 0 | AP84: =SUM(AI84:AO84) -> 0
D85: 78 | E85: TB Harega Desh Jeetega Campaign | J85: =+I85+H85 -> 0 | P85: =+O85+N85 -> 0 | X85: =F85+J85+L85+P85+R85+T85+V85 -> 0 | Y85: =CONCATENATE(G85," ",K85," ",M85," ",Q85," ",S85," ",U85," ",W85) | AG85: =SUM(Z85:AF85) -> 0 | AP85: =SUM(AI85:AO85) -> 0
D86: 79 | E86: State specific Initiatives and Innovations | Y86: =CONCATENATE(G86," ",K86," ",M86," ",Q86," ",S86," ",U86," ",W86)
B87: NDCP.5 | C87: National Viral Hepatitis Control Programme (NVHCP) | D87: 80 | E87: Prevention | J87: =+I87+H87 -> 0 | O87: 0 | P87: =+O87+N87 -> 0 | Q87: State will procure HBIG as per estimated targets from 15th Finance Commission Grants for Health. | X87: =F87+J87+L87+P87+R87+T87+V87 -> 0 | Y87: =CONCATENATE(G87," ",K87," ",M87," ",Q87," ",S87," ",U87," ",W87) -> State will procure HBIG as per estimated targets from 15th Finance Commission Grants for Health. | AG87: =SUM(Z87:AF87) -> 0 | AP87: =SUM(AI87:AO87) -> 0
D88: 81 | E88: Screening and Testing through Facilities | J88: =+I88+H88 -> 0 | P88: =+O88+N88 -> 0 | Q88: Kind Grants. Included as per discussion in NPCC. Proposed Rs.52.5 Lakhs for 7500 TRUENAT tests as Kind Grants. | R88: 0 | S88: State will procure HBV RCT, HCV RCT, HBV Viral Load Kits, HCV Viral Load kits and other lab consumables from 15th Finance Commission Grants for Health. | T88: 0 | U88: Ongoing Activity. The Operational Cost for State Laboratories activity has been shifted to HSS.194 PM Annex as per NPCC Discussion. | X88: =F88+J88+L88+P88+R88+T88+V88 -> 0 | Y88: =CONCATENATE(G88," ",K88," ",M88," ",Q88," ",S88," ",U88," ",W88) -> Kind Grants. Included as per discussion in NPCC. Proposed Rs.52.5 Lakhs for 7500 TRUENAT tests as Kind Grants. State will procure HBV RCT, HCV RCT, HBV Viral Load Kits, HCV Viral Load kits and other lab consumables from 15th Finance Commission Grants for Health. Ongoing Activity. The Operational Cost for State Laboratories activity has been shifted to HSS.194 PM Annex as per NPCC Discussion. | AG88: =SUM(Z88:AF88) -> 0 | AP88: =SUM(AI88:AO88) -> 0
D89: 82 | E89: Screening and Testing through Outreach Activities | J89: =+I89+H89 -> 0 | P89: =+O89+N89 -> 0 | T89: 40 | U89: New activity. Screening of High-Risk and Hard-to-Reach Populations for Hepatitis B & C – Funds amounting to Rs.40.00 Lakhs are proposed for outreach camp-based screening. Details are enclosed in DCP 82 – NVHCP Outreach Screening. | X89: =F89+J89+L89+P89+R89+T89+V89 -> 40 | Y89: =CONCATENATE(G89," ",K89," ",M89," ",Q89," ",S89," ",U89," ",W89) -> New activity. Screening of High-Risk and Hard-to-Reach Populations for Hepatitis B & C – Funds amounting to Rs.40.00 Lakhs are proposed for outreach camp-based screening. Details are enclosed in DCP 82 – NVHCP Outreach Screening. | AG89: =SUM(Z89:AF89) -> 0 | AP89: =SUM(AI89:AO89) -> 0
D90: 83 | E90: Treatment | I90: 0 | J90: =+I90+H90 -> 0 | K90: 1. As per NPCC discussion the proposal for Creation of three new Treatment Centres with high case load of Hepatitis B & C has been shifted to HSS 194 PM annex and HSS 186 | O90: 2.016 | P90: =+O90+N90 -> 2.016 | Q90: 2. Ongoing activity. TRUNAAT Kits – Procurement of 7,500 TRUNAAT kits for 5 centres from Central Supply is proposed. Ribavirin/Daclatasvir Tablets. Funds amounting to Rs.2.02 Lakhs are proposed for procurement of 33,600 tablets | R90: 4.62 | S90: 3. Ongoing activity. Diagnosis and Management of Hepatitis A and E – Funds amounting to Rs.4.62 Lakhs are proposed for diagnosis and management of Hepatitis A and E. | T90: 0 | U90: 4. As per the NPCC Discussion the Operational Costs for Treatment Centres and Mobile Units for Rs.12.00 Lakhs has been shifted to HSS.194 PM Annex. 5. As per the NPCC Discussion the Meeting costs/ Office expenses/ contingencies for 2 MTC for Rs.1.50 Lakhs has been shifted to HSS.194 PM Annex. | X90: =F90+J90+L90+P90+R90+T90+V90 -> 6.636 | Y90: =CONCATENATE(G90," ",K90," ",M90," ",Q90," ",S90," ",U90," ",W90) -> 1. As per NPCC discussion the proposal for Creation of three new Treatment Centres with high case load of Hepatitis B & C has been shifted to HSS 194 PM annex and HSS 186 2. Ongoing activity. TRUNAAT Kits – Procurement of 7,500 TRUNAAT kits for 5 centres from Central Supply is proposed. Ribavirin/Daclatasvir Tablets. Funds amounting to Rs.2.02 Lakhs are proposed for procurement of 33,600 tablets 3. Ongoing activity. Diagnosis and Management of Hepatitis A and E – Funds amounting to Rs.4.62 Lakhs are proposed for diagnosis and management of Hepatitis A and E. 4. As per the NPCC Discussion the Operational Costs for Treatment Centres and Mobile Units for Rs.12.00 Lakhs has been shifted to HSS.194 PM Annex. 5. As per the NPCC Discussion the Meeting costs/ Office expenses/ contingencies for 2 MTC for Rs.1.50 Lakhs has been shifted to HSS.194 PM Annex. | AG90: =SUM(Z90:AF90) -> 0 | AP90: =SUM(AI90:AO90) -> 0
B91: NDCP.6 | C91: National Rabies Control Programme (NRCP) | D91: 84 | E91: Implementation of NRCP | J91: =+I91+H91 -> 0 | O91: 2390 | P91: =+O91+N91 -> 2390 | Q91: Ongoing activity. Rs.400 per ARV vial. Total cost is Rs.2390 lakhs for 5,97,500 vials | T91: 0 | X91: =F91+J91+L91+P91+R91+T91+V91 -> 2390 | Y91: =CONCATENATE(G91," ",K91," ",M91," ",Q91," ",S91," ",U91," ",W91) -> Ongoing activity. Rs.400 per ARV vial. Total cost is Rs.2390 lakhs for 5,97,500 vials | AG91: =SUM(Z91:AF91) -> 0 | AP91: =SUM(AI91:AO91) -> 0
B92: NDCP.7 | C92: Programme for Prevention and Control of Leptospirosis (PPCL) | D92: 85 | E92: Implementation of PPCL | J92: =+I92+H92 -> 0 | O92: 9.9999888 | P92: =+O92+N92 -> 9.9999888 | Q92: Ongoing activity. Revised as per NPCC Discussion. Funds amounting to Rs.10 Lakhs are proposed for procurement of 4 diagnostic kits per District Public Health Laboratory (DPHL) across 38 DPHLs under the Programme for Prevention and Control of Leptospirosis. | X92: =F92+J92+L92+P92+R92+T92+V92 -> 9.9999888 | Y92: =CONCATENATE(G92," ",K92," ",M92," ",Q92," ",S92," ",U92," ",W92) -> Ongoing activity. Revised as per NPCC Discussion. Funds amounting to Rs.10 Lakhs are proposed for procurement of 4 diagnostic kits per District Public Health Laboratory (DPHL) across 38 DPHLs under the Programme for Prevention and Control of Leptospirosis. | AG92: =SUM(Z92:AF92) -> 0 | AP92: =SUM(AI92:AO92) -> 0
B93: NDCP.9 | C93: State specific Initiatives and Innovations | D93: 86 | E93: Implementation of State specific Initiatives and Innovations | Y93: =CONCATENATE(G93," ",K93," ",M93," ",Q93," ",S93," ",U93," ",W93)
B94: NDCP Sub Total | F94: =SUM(F70:F93) -> 6028 | G94: =SUM(G70:G93) -> 0 | H94: =SUM(H70:H93) -> 2.8025 | I94: =SUM(I70:I93) -> 530 | J94: =SUM(J70:J93) -> 532.8025 | K94: =SUM(K70:K93) -> 0 | L94: =SUM(L70:L93) -> 534.91416 | M94: =SUM(M70:M93) -> 0 | ... AG94: =SUM(AG70:AG93) -> 0 | AI94: =SUM(AI70:AI93) -> 0 | AJ94: =SUM(AJ70:AJ93) -> 0 | AK94: =SUM(AK70:AK93) -> 0 | AL94: =SUM(AL70:AL93) -> 0 | AM94: =SUM(AM70:AM93) -> 0 | AN94: =SUM(AN70:AN93) -> 0 | AO94: =SUM(AO70:AO93) -> 0 | AP94: =SUM(AP70:AP93) -> 0
A95: NCD Flexi Pool | B95: NCD.1 | C95: National Program for Control of Blindness and Vision Impairment (NPCB+VI) | D95: 87 | E95: Cataract Surgeries through Facilities | J95: =+I95+H95 -> 0 | O95: 1250 | P95: =+O95+N95 -> 1250 | Q95: Ongoing activity. A support of Rs.1000 per cataract surgery is given for Public facilities. Total cost is Rs.1250 lakhs for 125000 Cataract surgeries | X95: =F95+J95+L95+P95+R95+T95+V95 -> 1250 | Y95: =CONCATENATE(G95," ",K95," ",M95," ",Q95," ",S95," ",U95," ",W95) -> Ongoing activity. A support of Rs.1000 per cataract surgery is given for Public facilities. Total cost is Rs.1250 lakhs for 125000 Cataract surgeries | AG95: =SUM(Z95:AF95) -> 0 | AP95: =SUM(AI95:AO95) -> 0
D96: 88 | E96: Cataract Surgeries through NGOs | J96: =+I96+H96 -> 0 | P96: =+O96+N96 -> 0 | T96: 4000 | U96: Ongoing activity. Activity shifted from NCD.90 as per the NPCC Discussion. Cataract Surgery Incentives to NGOs – Funds amounting to Rs.4,000 Lakhs are proposed for incentives @ Rs.2,000 per cataract surgery for 200,000 surgeries performed by NGOs. | X96: =F96+J96+L96+P96+R96+T96+V96 -> 4000 | Y96: =CONCATENATE(G96," ",K96," ",M96," ",Q96," ",S96," ",U96," ",W96) -> Ongoing activity. Activity shifted from NCD.90 as per the NPCC Discussion. Cataract Surgery Incentives to NGOs – Funds amounting to Rs.4,000 Lakhs are proposed for incentives @ Rs.2,000 per cataract surgery for 200,000 surgeries performed by NGOs. | AG96: =SUM(Z96:AF96) -> 0 | AP96: =SUM(AI96:AO96) -> 0
D97: 89 | E97: Other Ophthalmic Interventions through Facilities | J97: =+I97+H97 -> 0 | L97: 0 | M97: New activity. Procurement of Ophthalmic Equipment has been shifted to NCD. 95 as per NPCC Discussion. | P97: =+O97+N97 -> 0 | X97: =F97+J97+L97+P97+R97+T97+V97 -> 0 | Y97: =CONCATENATE(G97," ",K97," ",M97," ",Q97," ",S97," ",U97," ",W97) -> New activity. Procurement of Ophthalmic Equipment has been shifted to NCD. 95 as per NPCC Discussion. | AG97: =SUM(Z97:AF97) -> 0 | AP97: =SUM(AI97:AO97) -> 0
D98: 90 | E98: Other Ophthalmic Interventions through NGOs | J98: =+I98+H98 -> 0 | O98: 0 | P98: =+O98+N98 -> 0 | Q98: Cataract Surgery Incentives to NGOs activity has been shifted to NCD.88 as per NPCC Discussion. | X98: =F98+J98+L98+P98+R98+T98+V98 -> 0 | Y98: =CONCATENATE(G98," ",K98," ",M98," ",Q98," ",S98," ",U98," ",W98) -> Cataract Surgery Incentives to NGOs activity has been shifted to NCD.88 as per NPCC Discussion. | AG98: =SUM(Z98:AF98) -> 0 | AP98: =SUM(AI98:AO98) -> 0
D99: 91 | E99: Mobile Ophthalmic Units | J99: =+I99+H99 -> 0 | L99: 0 | M99: New activity. As per the NPCC Discussion the proposal for the establishment of Mobile Ophthalmic Unit in Erode and Tirupathur districts at Rs.30 lakhs per unit has been dropped. | P99: =+O99+N99 -> 0 | X99: =F99+J99+L99+P99+R99+T99+V99 -> 0 | Y99: =CONCATENATE(G99," ",K99," ",M99," ",Q99," ",S99," ",U99," ",W99) -> New activity. As per the NPCC Discussion the proposal for the establishment of Mobile Ophthalmic Unit in Erode and Tirupathur districts at Rs.30 lakhs per unit has been dropped. | AG99: =SUM(Z99:AF99) -> 0 | AP99: =SUM(AI99:AO99) -> 0
D100: 92 | E100: Collection of Eye Balls by Eye Banks and Eye Donation Centres | J100: =+I100+H100 -> 0 | P100: =+O100+N100 -> 0 | T100: 110 | U100: Ongoing activity. Funds amounting to Rs.110 Lakhs are proposed for incentives of Rs.1,000 per eyeball collection for 11,000 collections. | X100: =F100+J100+L100+P100+R100+T100+V100 -> 110 | Y100: =CONCATENATE(G100," ",K100," ",M100," ",Q100," ",S100," ",U100," ",W100) -> Ongoing activity. Funds amounting to Rs.110 Lakhs are proposed for incentives of Rs.1,000 per eyeball collection for 11,000 collections. | AG100: =SUM(Z100:AF100) -> 0 | AP100: =SUM(AI100:AO100) -> 0
...

Sheet Annexure - Capacity Building
A1: Annexure - Capacity Building (Details of trainings proposed under Sl. No. 201)
A2: State/UT to add rows as required to propose activities | S2: Amount in Rs. (Lakhs)
A3: S. No. | B3: Programme/ Theme | C3: Old Sl. No.(FMR) | D3: Proposed Training/Activity | E3: Cadre(s) to be Trained | F3: Participants - NHM/ NUHM/ Both | G3: No. of Batches | H3: Batch Size | I3: Quarter in which training is planned | J3: Duration (in Days) | K3: Mode of Training (Offline/Online/Hybrid) | L3: Level of Training (State/ District/ Block/ Facility) | M3: Unit Batch cost in Rs(Lakhs) | N3: Budget Proposed in lakhs | O3: State Remarks | P3: Total Amount Recommended by NPCC for FY 2026-27 | Q3: GoI Remarks | R3: Total Amount Recommended for FY 2026-27 (RoP) | S3: GoI Remarks
A4: A. Integrated Training of Core Cadres
A5: 1 | B5: Integrated Training | C5: 17 | D5: Integrated Refresher training of Medical Officers | E5: Medical Officers | F5: Both | G5: 120 | H5: 30 | I5: All 4 Quarter | J5: 6 Days | K5: Offline | L5: District | M5: 2.75 | N5: =M5*G5 -> 330 | O5: Revised as per NPCC Discussion. Ongoing activity: 6-day induction training for 3,600 Medical Officers across 7 RTIs, conducted in 30 batches at Rs. 2,75,000 per batch. Total cost is Rs.330 lakhs
A6: 2 | B6: Integrated Training | C6: 17 | D6: Integrated Refresher training of Staff Nurse | E6: Staff Nurses | F6: Both | G6: 110 | H6: 30 | I6: All 4 Quarter | J6: 10 Days | K6: Offline | L6: District | M6: 1.21 | N6: =M6*G6 -> 133.1 | O6: Revised as per NPCC Discussion. Ongoing activity: Comprehensive Primary Health Care (CPHC) training for 3300 staff nurses of PHC/UPHC/RBSK across 7 RTIs, conducted over 10 days in 84 batches at Rs. 1,20,450 per batch. Total cost is Rs.133.10 lakhs
A7: 3 | B7: Integrated Training | C7: 17 | D7: Integrated Refresher training of VHN/ANM | E7: VHN/UHN/ CHN/ SHN | F7: Both | G7: 100 | H7: 30 | I7: All 4 Quarter | J7: 5+5 days | K7: Offline | L7: District | M7: 1.2045 | N7: =M7*G7 -> 120.45 | O7: Revised as per NPCC Discussion. Ongoing activity: Integrated refresher training for 3000 CHN/SHN/ANM/VHN/UHN across 11 RTIs, conducted over 5+5 days in 100 batches at Rs. 1,20,450 per batch. Total cost is Rs.120.45 lakhs
A8: 4 | B8: Integrated Training | C8: 150 | D8: Integrated Induction training of CHO/MLHP | E8: MLHPs | F8: NHM | G8: 94 | H8: 30 | I8: All 4 Quarter | J8: 5+5 days | K8: Offline | L8: District | M8: 1.867 | N8: =M8*G8 -> 175.498 | O8: Ongoing activity: Revised as per NPCC Discussion. Integrated train ing Proposed 175.5 lakhs towards 10 days (5+5) offline integrated training of 2820 MLHPs in 94 batches @ Rs. 1,86,700 per batch in 7 RTIs. Total cost is Rs.175.50 lakhs
A9: 5 | B9: Integrated Training | C9: 159 | D9: Integrated training for ASHAs | E9: ASHA | F9: NHM | G9: 16 | H9: 30 | I9: All 4 Quarter | J9: 14 Days | K9: Offline | L9: District | M9: 2.27 | N9: =M9*G9 -> 36.32 | O9: Ongoing activity: Revised as per NPCC Discussion. Integrated training for ASHAs. Proposed Rs.36.32 lakhs towards Refresher training ASHAs @ Rs.2.27 Lakhs per Batch for 16 Batches in 7 RTIs. Total cost is Rs.36.32 lakhs
B10: A Total | N10: =SUM(N5:N9) -> 795.368
A11: B. Specific Packages (If any, e.g. RBSK team, FBNC, CEmONC etc.)
A12: RCH
A13: 5 | B13: Maternal Health | C13: 17 | D13: Other MH components (EmOC Training) | E13: Medical Officers | F13: Both | G13: 1 | H13: 8 | I13: II Quarter | J13: 25 weeks | K13: Offline | L13: Facility | M13: 12.87 | N13: =M13*G13 -> 12.87 | O13: Ongoing activities include EmOC training for Medical Officers, with one batch of 8 participants conducted over 25 weeks and a TOT EmOC training program for at a cost of Rs.12.87 lakhs per batch. Total cost is Rs.12.87 lakhs
A14: 6 | B14: Maternal Health | C14: 17 | D14: Other MH components (LSAS Training) | E14: Medical Officers | F14: Both | G14: 1 | H14: 24 | I14: All 4 Quarter | J14: 24 weeks | K14: Offline | L14: Facility | M14: 25.19 | N14: =M14*G14 -> 25.19 | O14: Ongoing activity includes LSAS training for 24 Medical Officers, conducted over a period of 24 weeks @ Rs.25.19 lakhs per batch. Total cost is Rs. 25.19 lakhs
A15: 7 | B15: Maternal Health | C15: 17 | D15: Other MH Component (MLCU training ) | E15: CEmONC Staff nurses | F15: Both | I15: All 4 Quarter | J15: 5 days | K15: Offline | L15: District | N15: 0 | O15: In line with the NPCC Discussion, the activity for training of CEmONC Staff for Rs.14.56 Lakhs is brought under the integrated training for Staff Nurses.
A16: 8 | B16: Maternal Health | C16: 8 | D16: Midwifery Training for (NPM & ME) | E16: Staff Nurses | F16: NHM | G16: 1 | H16: 36 | I16: 18 months | J16: 18 months | K16: Offline | L16: Facility | M16: 66.77 | N16: =M16*G16 -> 66.77 | O16: Ongoing activity. 1. Rs.64.80 Lakhs - Boarding and Lodging for NPM and Midwifery Educator for 36 Staff nurse @ Rs 500 / for 360 days 2. Training cost - Rs 1.97 Lakh / Educator for 6 Educator.
A17: 9 | B17: Maternal Health | D17: ECHO training | E17: General Physician | F17: Both | G17: 24 | H17: 4 | I17: 1 st and 2 and Quarter | J17: 15 days | K17: Offline | L17: Facility | M17: 0.7106 | N17: 0 | O17: In line with the NPCC Discussion, the activity for training to Physician on ECHO @ Rs.17.05 Lakhs has been dropped
A18: 10 | B18: Maternal Health | D18: USG training | E18: Medical Officers | F18: Both | G18: 9 | H18: 4 | I18: All quarter | J18: 24 weeks | K18: Offline | L18: Facility | M18: =4*0.2 -> 0.8 | N18: =+M18*G18 -> 7.2 | O18: In line with the NPCC Discussion, the activity has been restricted to Rs.7.20 Lakhs. New Activity 24 weeks of Training of 36 Doctors in the batches of 4 in 9 Medical Colleges @ Rs.20,000 per MO. Details enclosed in CB 201 USG
A19: 11 | B19: Maternal Health | D19: Pre Service training to Tutors of ANM and GNM Nursing | E19: Nursing tutors | F19: Both | N19: 0 | O19: New activity. In line with the NPCC Discussion, the activity for Nursing tutors for Rs.7.24 Lakhs is brought under the integrated training.
A20: 14 | B20: NSCAP | D20: Training for Genetic counselling for Counsellors | E20: Counsellors | F20: NHM | G20: 2 | H20: 60 | I20: 1 st and 2 and Quarter | J20: 1 | K20: Offline | L20: State | M20: 0.75 | N20: =M20*G20 -> 1.5 | O20: New activity. Training for Genetic counselling for Counsellors on NSCAP. Total cost is Rs.1.50 lakhs. Details enclosed in CB 201 NSCAP counsellors
A21: 15 | B21: NSCAP | D21: Training for General Medicine & Paediatrician | E21: General Medicine , Paediatrician & MO | F21: NHM | G21: 2 | H21: 60 | I21: 1 st and 2 and Quarter | J21: 1 | K21: Offline | L21: State | M21: 0.75 | N21: =M21*G21 -> 1.5 | O21: New activity. Training for General Medicine & Paediatrician. Total cost is Rs.1.50 lakhs. Details enclosed in CB 201 NSCAP Paediatrician
A22: 16 | B22: LaQshya | C22: 15 | D22: LaQshya Refresher Training | E22: Doctors, Nursing Superintendents and Staff Nurses | F22: Both | G22: 20 | H22: 30 | I22: II Quarter | J22: 2 days | K22: Hybrid | L22: District | M22: 0.745 | N22: =M22*G22 -> 14.9 | O22: Ongoing activity - Training for Doctors and Staff Nurses at 7 Training Centres in 20 batches, for 2 days, with 30 participants in each batch. Total cost is Rs.14.90 lakhs
A23: 17 | B23: Comprehensive Abortion Care | C23: 10 | D23: MTP training to Doctors from SDHs / CHCs / PHCs/ UPHCs | E23: Medical Officers | F23: Both | G23: 20 | H23: 5 | I23: 1st Quarter | J23: 12 | K23: Offline | L23: State | M23: 0.71 | N23: =M23*G23 -> 14.2 | O23: Ongoing Activity. proposed for Rs.14.20 Lakhs ,CAC/MTP Training(12 days) are conducting at the identified training institutes to train and certify untrained MBBS., Doctors(Non-specialist) working in CHCs, Additional PHCs & UPHCs to provide safe and legal first trimester CAC/MTP Services. Totally, 100 Doctors (20 batches) will be trained in CAC training @ 5 Doctors/Batch. Batch cost Rs 70950/-
A24: 18 | B24: Comprehensive Abortion Care | C24: 10 | D24: MMA Training to Medical Officer | E24: Medical Officers | F24: Both | G24: 63 | H24: 10 | I24: 1st & 2nd Quarter | J24: 630 | K24: Offline | L24: State | M24: 0.38775 | N24: =M24*G24 -> 24.42825 | O24: Ongoing Activity. Proposed for Rs.24.43 Lakhs MMA Training is conducted for 3 working days at the identified training institutes for 630 MBBS., (Non-specialist) untrained Doctors working in CHCs, Additional PHCs & UPHCs to increase the Service providers on abortion care services in 63 Batches/ 10 per Batch with Batch cost of Rs.38775/-
A25: 19 | B25: Family Planning | C25: 42 | D25: Laparoscopic Training to MO | E25: Medical Officers, Staff Nurse, OT assistant | F25: Both | G25: 20 | H25: 4 | I25: 1st, 2nd, 3rd Quarter | J25: 140 | K25: Offline | L25: State | M25: 0.631 | N25: =M25*G25 -> 12.62 | O25: On going activity Proposed for Rs. 12.62 Lakhs. Rs. 20 batches/ 4 per Batch. Batch cost - 63140/-
A26: 20 | B26: Family Planning | C26: 42 | D26: Minilap Training MO - Refresher | E26: Trained Medical Officers, Staff Nurse, OT assistant | F26: Both | G26: 26 | H26: 4 | I26: All 4 Quarter | J26: 760 | K26: Offline | L26: State | M26: 0.2123 | N26: =M26*G26 -> 5.5198 | O26: Ongoing Activity Proposed for Rs. 5.52 Lakhs. Refresher Minilap training to trained medical officers, 3 days, 4 MO per batch. Rs.21230 per batch. Total cost is Rs.5.52 lakhs for 26 batches
A27: 21 | B27: Family Planning | C27: 44,45 | D27: IUCD & Antara Training | E27: Medical Officers | F27: Both | G27: 38 | H27: 10 | I27: 2nd & 3rd Quarter | J27: 1860 | K27: Offline | L27: District | M27: 0.506 | N27: =M27*G27 -> 19.228 | O27: Revised as per NPCC Discussion. On going activity. Proposed for RS. 19.23 Lakhs It is proposed to train the untrained Medical Officers of MCH, District Hospital/Sub District Hospital, Urban health post & PHC of the districts. 38 Batches/ 10 MO per batch/ Batch cost Rs.50,600/-
A28: 22 | B28: Family Planning | C28: 44,45 | D28: IUCD & Antara Training | E28: Staff Nurse | F28: Both | G28: 38 | H28: 10 | I28: 1st quarter | J28: 1 | K28: Offline | L28: State | M28: 0.506 | N28: =M28*G28 -> 19.228 | O28: Revised as per NPCC Discussion. On going activity Proposed for Rs. 19.23 Lakhs to train SN/LHV/ANM of MCH, District Hospital/Sub District Hospital, Urban health post & PHC of the districts. 38 Batches/10 participants/ Batch cost for Rs.50,600/-
A29: 24 | B29: Adolescent Health | C29: 39 | D29: State Level Master Training under School Health and Wellness Programme | E29: DTTMO/RKSK Co-ordinator/DMCHO/2 School Teachers | F29: Both | G29: 4 | H29: 60 | I29: All 4 Quarter | J29: 18 days | K29: Offline | L29: State | M29: 1.11 | N29: =M29*G29 -> 4.44 | O29: Revised as per NPCC Discussion. Ongoing activity: Rs. 4.44 Lakh for conducting State Level Master training under School Health and Wellness Programme. Rs.1.11 lakhs per batch. Total cost is Rs.4.44 lakhs for 4 batches
A30: 25 | B30: Adolescent Health | C30: 39 | D30: District Level Training of School Health and Wellness Program for School Teachers of 6th to 12th standard. | E30: School Teachers from 6th - 12th standard | F30: Both | G30: 388 | H30: 80 | I30: All 4 Quarter | J30: 14 days | K30: Offline | L30: District | M30: =0.26*2 -> 0.52 | N30: =M30*G30 -> 201.76 | O30: Revised as per NPCC Discussion. Ongoing Activity: Rs. 201.76 lakh for conducting District level training for 6th-12th std school teachers under School Health and Wellness Program. Rs.0.52 lakhs er batch. Total cost is Rs.201.76 lakhs for 388 batches
A31: 26 | B31: Child Health | C31: 24 | D31: Facility Based Newborn Care/ Observership Training at RCC | E31: SNCU/NBSU Staff Nurse | F31: Both | G31: 18 | H31: 20 | I31: All quarter | J31: 18 | K31: Offline | L31: District | M31: 3.052 | N31: =M31*G31 -> 54.936 | O31: Ongoing activity. Rs.54.94 Lakhs proposed for 18 days Observership for facility based new-born care 18 batches at 3 Training sites @ unit of Rs 305300 with 20 participants. Total cost is Rs.54.94 lakhs for 18 batches
A32: 27 | B32: Immunization | C32: 32 | D32: District Level Orientation Training for ANM, VHN, SHN, CHN, Health Worker etc. for two days on Immunization Activities including AEFI, VPDs & UWIN in RTIs & Sensitization on Health Workers Manual on Immunization. | E32: ANM, VHN, SHN, CHN, Health Worker etc | F32: NHM | G32: 100 | H32: 30 | I32: All quarter | J32: 2 | K32: Offline | L32: District | M32: 0.76 | N32: =M32*G32 -> 76 | O32: Ongoing Activity. Total cost is Rs.76 Lakhs 2 days training for Immunization Activities at RTI, Single Batch Cost of Rs. 75,850 with 30 participants. Total cost is Rs.76 lakhs for 100 batches
A33: 28 | B33: Immunization | C33: 32 | D33: District Level Orientation Training for Medical Officers for two days on Immunization Activities including AEFI, VPDs & UWIN in RTIs & Sensitization on Medical Officers Manual on Immunization | E33: Medical Officers | F33: Both | G33: 100 | H33: 30 | I33: All quarter | J33: 1 | K33: Offline | L33: Stat, District & Block | M33: 0.96 | N33: =M33*G33 -> 96 | O33: Ongoing Activity. Total cost is Rs. 96 Lakhs 2 days training for Immunization Activities at RTI, Single Batch Cost of Rs. 95,700 with 30 participants. Total cost is Rs.96 lakhs for 100 batches
A34: 29 | B34: Immunization | C34: 32 | D34: Training for Cold Chain Handlers on Vaccine and Cold Chain Management at Block Level for 2 days at RTIs | E34: Pharmacist + Staff Nurse + SHN + ANM | F34: NHM | G34: 90 | H34: 30 | I34: All quarter | J34: 1 | K34: Offline | L34: Stat, District & Block | M34: =66550/100000 -> 0.6655 | N34: =M34*G34 -> 59.895 | O34: Ongoing Activity. Total cost is Rs.59.90 Lakhs 2 days training for Immunization Activities at RTI, Single Batch Cost of Rs. 66,550 with 30 participants. Total cost is Rs.59.90 lakhs for 90 batches
A35: 30 | B35: Immunization | D35: Training on HPV vaccination | E35: Staff Nurse and ANM | F35: NHM | G35: 38 | H35: 30 | I35: All quarter | J35: 1 | K35: Offline | L35: Stat, District & Block | M35: 0.67 | N35: =M35*G35 -> 25.46 | O35: New activity. Training on HPV vaccination to Staff Nurse and ANM @ Rs.0.67 lakhs per batch. Total cost is Rs.25.46 lakhs for 38 batches. Details enclosed in CB 201 HPV
A36: 31 | B36: Nutrition | D36: SAM - MAM Free District - Training | E36: MLHPs and Medical Officers | F36: Both | G36: 10 | H36: 30 | I36: 2nd & 3rd Quarter | J36: 1 | K36: Offline | L36: State | M36: 1 | N36: =M36*G36 -> 10 | O36: New activity. Proposed for SAM-MAM Free District training for MOs & MLHPs.. Total cost is Rs.10 lakhs for 10 batches. Details enclosed in CB 201 SAM
B37: RCH Total | N37: =SUM(N13:N36) -> 753.64505
A38: NDCP
A39: 32 | B39: NVHCP | C39: 83 | D39: Hands on Training on Viral load testing | E39: Lab technicians | F39: Both | G39: 4 | H39: 25 | I39: 2nd and 4th quarter | J39: 1 | K39: Offline | L39: State | M39: 0.5 | N39: =M39*G39 -> 2 | O39: Ongoing activity Proposed Rs.2 lakhs towards One day training for Lab technicians@ 0.5 lakh per batch of 25 participants as per NVHCP norms for 4 batches.
A40: 33 | B40: NVHCP | C40: 83 | D40: NVHCP Refresher Training | E40: Medical officers and District Nodal officers | F40: Both | G40: 4 | H40: 30 | I40: 2nd and 4th quarter | J40: 1 | K40: Offline | L40: State | M40: 0.5 | N40: =M40*G40 -> 2 | O40: Proposed Rs.2 lakhs towards one day training for Medical officers and District Nodal officers @ 0.5 lakh per batch of 30 participants as per NVHCP norms for 4 batches.
A41: 34 | B41: NVHCP | C41: 83 | D41: MIS portal and NVHCP refresher Training | E41: DEOs | F41: Both | G41: 2 | H41: 30 | I41: 3rd quarter | J41: 1 | K41: Offline | L41: State | M41: 0.5 | N41: =M41*G41 -> 1 | O41: Ongoing activity Proposed Rs.1 lakh towards one day training for Peer supporters@ 0.5 lakh per batch of 30 participants as per NVHCP norms for 2 batches.
A42: 35 | B42: NLEP | D42: Capacity building under NLEP - Medical Officers | E42: Medical Officers | F42: Both | G42: 132 | H42: 30 | I42: All 4 quarters | J42: 1 | K42: Offline | L42: District | M42: 0.3 | N42: =+G42*M42 -> 39.6 | O42: New activity. Proposed for 39.60 Lakhs, 132 batches (30 per batch) will be trained at a batch cost of Rs. 0.30 Lakhs. In financial year 2025-26, integrated with training of core cadres. Details enclosed in CB 201 NLEP MO
A43: 36 | B43: NTEP | C43: 77 | D43: Refresher TOT Training for BMOs on NTEP Program Updates | E43: MOTC | F43: Both | G43: 3 | H43: 33 | I43: All Quarter | J43: 2 | K43: Offline | L43: State | M43: 0.335 | N43: =M43*G43 -> 1.005 | O43: Ongoing activity Proposed Rs.1.01 lakh towards two days training for Medical Officers@ 0.34 lakh per batch of 33 participants as per NHM training norms for 3 batches.
A44: 37 | B44: NTEP | C44: 77 | D44: Refresher TOT Training for BMOs on NTEP Program Updates | E44: BMO | F44: Both | G44: 10 | H44: 30 | I44: All Quarter | J44: 2 | K44: Offline | L44: State | M44: 0.275 | N44: =M44*G44 -> 2.75 | O44: Ongoing activity Proposed Rs.2.75 lakh towards two days training for BMOs@ 0.28 lakh per batch of 30 participants as per NHM training norms for 10 batches. Total cost is Rs.2.75 lakhs.
A45: 38 | B45: NTEP | C45: 77 | D45: Nikshay Aushadhi and Nikshay Shivir Implementation Training | E45: District Program Coordinator | F45: Both | G45: 1 | H45: 36 | I45: All Quarter | J45: 2 | K45: Offline | L45: State | M45: 0.34 | N45: =M45*G45 -> 0.34 | O45: Ongoing activity Proposed Rs.0.34 lakh towards two days training for DPCs@ 0.34 lakh per batch of 36 participants as per NHM training norms for 1 batch.
A46: 39 | B46: NTEP | C46: 77 | D46: Refresher Training on TB Case Notification and Public Private Coordination | E46: PPM coordinator and Treatment monitor | F46: Both | G46: 1 | H46: 36 | I46: All Quarter | J46: 2 | K46: Offline | L46: State | M46: 0.34 | N46: =M46*G46 -> 0.34 | O46: Ongoing activity Proposed Rs.0.34 lakh towards two days training for DPPMCs@ 0.34 lakh per batch of 36 participants as per NHM training norms for 1 batch.
A47: 40 | B47: NTEP | C47: 77 | D47: Refresher TOT on PMDT Updates | E47: DRTB/HIV coordinators | F47: Both | G47: 1 | H47: 36 | I47: All Quarter | J47: 2 | K47: Offline | L47: State | M47: 0.34 | N47: =M47*G47 -> 0.34 | O47: Ongoing activity Proposed Rs.0.34 lakh towards two days training for DPPMCs@ 0.34 lakh per batch of 36 participants as per NHM training norms for 1 batch.
A48: 41 | B48: NTEP | C48: 77 | D48: Refresher / Induction training on Differentiated TB Care / B.Palm Regimen / TB Free Panchayat | E48: Medical Officer, ANM, BMOs, DTTMOs, STLS | F48: Both | G48: 438 | H48: 20 | I48: All Quarter | J48: 2 | K48: Offline | L48: District | M48: 0.1 | N48: =M48*G48 -> 43.8 | O48: Ongoing activity Proposed Rs.43.80 lakh towards various training for Various category of Staff@ 0.10 lakh per batch of 20 participants as per NHM training norms for 438 batch.
A49: 42 | B49: NTEP | C49: 77 | D49: To strengthen capacity building and uniform implementation of NTEP guidelines across Medical colleges | E49: Medical Officer | F49: Both | G49: 1 | H49: 100 | I49: All Quarter | J49: 1 | K49: Offline | L49: District | M49: 5 | N49: =M49*G49 -> 5 | O49: New activity. To strengthen capacity building and uniform implementation of NTEP guidelines across Medical colleges. Total cost is Rs.5 lakhs. Details enclosed in CB 201 NTEP MO
A50: 43 | B50: PPCL | C50: 85 | D50: Training on Prevention & Control of leptospirosis | E50: Medical Officer/ Health Inspector/ Laboratory Technician | F50: Both | G50: 38 | H50: 40 | I50: 2nd and 3rd quarter | J50: 1 | K50: Offline | L50: District | M50: 0.2 | N50: =M50*G50 -> 7.6 | O50: Ongoing activity. Revised as per NPCC Discussion. Proposed Rs.7.60 lakhs towards capacity building of Medical Officer/Health Inspector/Laboratory Technician on PPCL @ 0.20 lakh per batch for 38 batches. Total cost is Rs.7.60 lakhs
A51: 44 | B51: IDSP | C51: 63 | D51: IDSP-IHIP & VPD-IHIP Orientation Training | E51: District Surveillance Officer, Principal of Regional Training Centre, Nodal Person from Micro, SPM, & Medicine of all Govt. Medical College, Nodal Person from all District Head Quarters Hospital, Taluk and Non Taluk, CHO of 12 Corporation, Epidemiologist, Microbiologist, Data Manager, District Level Representative from IMA and IAP | F51: Both | G51: 31 | H51: 50 | I51: All quarters | J51: 1 | K51: Offline | L51: State | M51: 0.42 | N51: =M51*G51 -> 13.02 | O51: Ongoing activity Proposed Rs.13.0 2 lakhs towards one day Training on IHIP for 1246 participants @ 0.42 lakh per batch for 31 batches. Total cost is Rs.13.02 for 31 batches
B52: DCP Total | N52: =SUM(N39:N51) -> 118.795
A53: NCD
A54: 46 | B54: NP-NCD | D54: Training of Trainers on NCD (Comprehensive) | E54: Medical Officer | F54: Both | G54: 6 | H54: 30 | I54: 1st | J54: 3 | K54: Offline | L54: State | M54: 1.3 | N54: =M54*G54 -> 7.8 | O54: New activity. State Level ToT to DTTMO, DPO NCD and DNOs in NCDs and Expanded Packages/DPO-NCD 38 /DTTMO (46) /NHM Co-ordinators (38) /DME Co- ordinators (38)/Batch cost 1.21 Lakhs per batch at RTI for 6 batches. Total cost is Rs.7.80 lakhs. Details enclosed in CB 201 NCD MO
A55: 47 | B55: NP-NCD | D55: Comprehensive Training on NCD to Staff Nurses including NP-NCD, MASLD, CKD, Diabetic Foot, NPCB&VI, NPPCD, COPD, NPHCE, NPPC, NOHP and DMHP | E55: Staff Nurses | F55: Both | G55: 114 | H55: 30 | I55: 2 Nd and 3 rd quarter | J55: 5 | K55: Offline | L55: District | M55: 0.75713 | N55: =M55*G55 -> 86.31282 | O55: New activity. Training to SN on NCD including NP-NCD, MASLD, CKD, Diabetic Foot, NPCB&VI, NPPCD, COPD, NPHCE, NPPC and DMHP and Expanded Packages/ Staff Nurses ( 3420 no's) to be trained @ Rs. 64,463 per batch for 114 batches. Total cost is Rs.86.31 lakhs. Details enclosed in CB 201 NCD SN
A56: 48 | B56: NP-NCD | D56: Comprehensive Training on NCD to Medical Officer including NP-NCD, MASLD, CKD, Diabetic Foot, NPCB&VI, NPPCD, COPD, NPHCE, NPPC, NOHP and DMHP | E56: Medical Officer | F56: Both | G56: 70 | H56: 30 | I56: 2 Nd and 3 rd quarter | J56: 5 | K56: Offline | L56: District | M56: 0.80025 | N56: =M56*G56 -> 56.0175 | O56: New activity. Training to MOs on NCD including NP-NCD, MASLD, CKD, Diabetic Foot, NPCB&VI, NPPCD, COPD, NPHCE, NPPC and DMHP and Expanded Packages/DHQHs /MCHs/ Block PHC/ Medical Officers ( 2100 no's ) to be trained @ Rs. 65,025 per batch for 70 batches. Total cost is Rs.56.02 lakhs. Details enclosed in CB 201 NCD others MO
A57: 49 | B57: NP-NCD | D57: WHVs Orientation/refreshment training | E57: WHVs | F57: Both | G57: 366 | H57: 30 | I57: 2 Nd and 3 rd quarter | J57: 1 | K57: Offline | L57: Block level | M57: 0.21 | N57: =M57*G57 -> 76.86 | O57: New activity. Training to Field WHVs on NCD Screening -CBAC /WHVs ( 10969) will be trained Rs.700 per participant. Total cost is Rs.76.86 lakhs. Details enclosed in CB 201 NCD WHV
A58: 50 | B58: NPNCD- Cancer | D58: District Level Training | E58: WHVs | F58: NHM | G58: 413 | H58: 30 | I58: 2 Nd and 3 rd quarter | J58: 1 day | K58: Offline | L58: Block | M58: 0.094 | N58: =+G58*M58 -> 38.822 | O58: New activity. District level training for WHV. Total cost is Rs.38.82 lakhs. Details enclosed in CB 201 NCD WHV district
A59: 51 | B59: NPNCD- Cancer | D59: National Level training - High precision surgical techniques | E59: Surgical Oncologist | F59: NHM | G59: 6 | H59: 3 | I59: 1st quarter | J59: 10 Days | K59: Offline | L59: State | M59: 1.47 | N59: =+G59*M59 -> 8.82 | O59: New activity. National Level Training for Surgical Oncologist. Total cost is Rs.8.82 lakhs. Details enclosed in CB 201 oncologist
A60: 52 | B60: NPNCD- Cancer | D60: 60-Days Hands-on Training in Endoscopy for Surgeons in MCHs | E60: Resource person from the Department of Medical Gastroenterology | F60: NHM | G60: 38 | H60: 2 | I60: 1st, 2nd, 3rd, 4th | J60: 60 Days | K60: Offline | L60: State | M60: 1.36 | N60: =+G60*M60 -> 51.68 | O60: New activity. Hands-on Training in Endoscopy for Surgeons for Endoscopy. Total cost is Rs.51.68 lakhs. Details enclosed in CB 201 Endoscopy
A61: 53 | B61: NPNCD- Cancer | D61: 30-Days Hands-on Training in Paediatric Hemato-Oncology services for Medical Oncologists at ICH, Egmore | E61: Medical Oncologists | F61: NHM | G61: 4 | H61: 3 | I61: 1st quarter | J61: 30 Days | K61: Offline | L61: State | M61: 1.13 | N61: =+G61*M61 -> 4.52 | O61: New activity. Hands-on Training in Paediatric Hemato-Oncology services for Medical Oncologists. Total cost is Rs.4.52 lakhs. Details enclosed in CB 201 Oncologist
A62: 54 | B62: NPNCD- Cancer | D62: 5-Day Hands-on Refresher Training on Day Care Chemotherapy services in MCHs at districts | E62: General Physicians and Staff Nurses | F62: NHM | G62: 16 | H62: 6 (3 Physicians and 3 Staff nurse; 3 institutions per batch) | I62: 4th quarter | J62: 5 Days | K62: Offline | L62: State | M62: 0.243 | N62: =+G62*M62 -> 3.888 | O62: New activity. Hands-on Refresher Training for General physicians and Staff nurses. Total cost is Rs.3.89 lakhs. Details enclosed in CB 201 Chemotherapy
A63: 55 | B63: NPNCD- Cancer | D63: National Level Training - high precision RT | E63: Radiation Oncologist | F63: NHM | G63: 6 | H63: 4 to 5 | I63: 1st, 2nd quarter | J63: 10 Days | K63: Offline | L63: State | M63: 2.1 | N63: =+G63*M63 -> 12.6 | O63: New activity. National Level Training for Surgical Oncologist. Total cost is Rs.12.60 lakhs. Details enclosed in CB 201 Radiation oncologist
A64: 12 | B64: Mental Health | D64: Training on Mental Health screening and follow-up | E64: Medical Officers and DTTMO | F64: Both | G64: 28 | H64: 31 | I64: 2nd Quarter | J64: 2 days | K64: Offline | L64: District | M64: 0.56 | N64: =+G64*M64 -> 15.68 | O64: New Activity. Total cost is Rs.15.68 lakhs. 2 days Training of Medical Officers in 28 batches, First day training on Mental Health screening, Second day TOT training (To Train SN-NCD &MLHP). Details enclosed in CB 201 Mental Health screening
A65: 13 | B65: Mental Health | D65: Velli Manasu - Training for Students & Teachers in schools | E65: Teachers and Students | G65: 8074 | H65: 50 | I65: 1 st and 2 Nd Quarter | J65: 1 | K65: Offline | L65: State | M65: 0.01 | N65: =+M65*G65 -> 80.74 | O65: Proposal to a. Training for Students & Teachers in schools - Rs.1000/school/year for 8074 schools across the state, totalling to Rs.80.74 Lakhs. Details enclosed in CB 201 Vellai Manasu
A66: 56 | B66: NPHCE | D66: Refresher Training to Palliative Care SN on NPPC/NPHCE | E66: Palliative Care SN | F66: Both | G66: 38 | H66: 10 | I66: 2 Nd and 3 rd quarter | J66: 2 | K66: Offline | L66: District | M66: 0.14621 | N66: =M66*G66 -> 5.55598 | O66: New Activity. Trg to Palliative SN (463 no's) will be trained Rs.14621 per participant. Total cost is Rs.5.56 lakhs for 38 batches. . Details enclosed in CB 201 Palliative
A67: 57 | B67: NPHCE | D67: Integrated NPHCE & NPPC Training to Staff Nurses - Skill Lab | E67: Staff Nurses | F67: Both | G67: 8 | H67: 15 | I67: 2 Nd and 3 rd quarter | J67: 6 | K67: Offline | L67: State | M67: 0.78288 | N67: =M67*G67 -> 6.26304 | O67: New activity. Skill Lab Trg to Palliative Care Staff Nurses 8 batches -15 per Batch = 120 @ Rs.0.78 lakhs per batch. Total cost is Rs.6.26 lakhs. Details enclosed in CB 201 NPPC SN
A68: 58 | B68: NPPCD | D68: Training for ENT Surgeons | E68: ENT Surgeons | F68: Both | G68: 10 | H68: 4 | I68: 2 Nd and 3 rd quarter | J68: 3 | K68: Offline | L68: State | M68: 0.1 | N68: =M68*G68 -> 1 | O68: New activity. Skill Lab Training for ENT Surgeon working in District NPPCD units- Training on Temporal Bone Dissection, Live Surgery observation and Hands on Training on Hearing screening equipment. Total cost is Rs.1 lakhs. Details enclosed in CB 201 ENT
A69: 59 | B69: NPPC | D69: Refresher Training to Physiotherapist on NPPC/NPHCE | E69: Physiotherapist | F69: Both | G69: 38 | H69: 10 | I69: 2 Nd and 3 rd quarter | J69: 2 | K69: Offline | L69: District | M69: 0.14621 | N69: =M69*G69 -> 5.55598 | O69: New activity. Trg to Physiotherapist (463 no's) will be trained Rs.14621 per participant. Total cost is Rs.5.56 lakhs. Details enclosed in CB 201 NPHCE
A70: 60 | B70: NPCCHH | D70: Heat stroke management training | E70: Medical Officer & epidemiologist | F70: Both | G70: 3 | H70: 46 | I70: 1st Quarter | J70: 1 | K70: Offline | L70: State | M70: 0.253 | N70: =M70*G70 -> 0.759 | O70: New activity. Revised as per NPCC Discussion. State level skill based training on climate sensitive illnesses with focus on Heat Stroke Management for DHO, CHO, MHO and Epidemiologists)-Total of 138 participants in 3 batches @INR 24,375 per batch. Total cost is Rs.0.76 lakhs
A71: 37 | B71: NPCCHH | C71: 114 | D71: Sensitization Workshop of State Program Officers and District Health Officers. | E71: District Nodal Officers (DNO), Epidemiologists, Specialists (DH/SDH/CHC), MOs, AYUSH MOs, CHOs (DH/CHC/PHC/HWC), Community Health Workers (HCW)- ANM,MPW,ASHA, Sentinel Surveillance Nodal Officers | F71: Both | G71: 39 | H71: 25 | I71: All 4 Quarters | J71: 1 | K71: Offline | L71: State & District | M71: 0.615 | N71: =M71*G71 -> 23.985 | O71: Ongoing activity. Sensitization workshops proposed for State Program Officers and District Health Officials including DNOs, Epidemiologists, Specialists, Medical Officers, AYUSH MOs, CHOs, and Community Health Workers across 38 districts and 1 State level. Workshops will be conducted offline in batches of 25 participants during all four quarters. Cost includes venue, food, and stationery. Rs.61500 per batch. Total cost is Rs. 23.99 lakhs for 39 batches.
A72: 38 | B72: NTCP | D72: Capacity building including training - DTCC | E72: PRI's representatives / Police Personnel/ Teachers/ Transport personnel/ NGO Personnel and other stake holders | F72: NHM | G72: 380 | H72: 50 | I72: All quarter | J72: 1 | K72: Offline | L72: Block | M72: 0.075 | N72: =+G72*M72 -> 28.5 | O72: New activity. 10 law enforcer's training programs per district, 50 participants per training program, Existing 20 districts, and newly approved 18 districts (10 districts HR approved with G.O and 8 districts without HR & G.O) (Chengalpattu, Chennai, Dindugal, Kallakurichi, Karur, Krishnagiri, Nilgiris, Mayiladuthurai, Ramanathapuram, Ranipet, Sivagangai, Thanjavur, Theni, Tenkasi, Tirupathur, Thiruvarur, Thiruvannamalai, and Virudhunagar). Total 38 districts, Total cost is Rs.28.50 lakhs for 380 batches. Details enclosed in CB 201 NTCP RPI
A73: 39 | B73: NTCP | D73: Training under NTCP at District Level | E73: Different target groups, General Public, DLCC, DLMC | F73: NHM | G73: 76 | H73: 25 | I73: All quarter | J73: 1 | K73: Offline | L73: District | M73: 0.05 | N73: =+G73*M73 -> 3.8 | O73: New activity. Advocacy workshops about the ill effects of tobacco usage and facilitate the strategies to control and quit the usage of tobacco products, for different target groups preferably in workplaces/ offices to declare as tobacco-free Workplaces/offices. and conducting District Level co-ordination and Monitoring Committee Meetings for every quarter to ensure the coordination and implementation of COTPA, 2003, among the various departments of Govt. of Tamilnadu. Total cost is Rs.3.80 lakhs for 76 batches. Details enclosed in CB 201 NTCP Target group
A74: 40 | B74: NTCP | D74: Training Under NTCP at State Level | E74: Law enforcers such as Police, Education, Corporations, Health Departments, and NTCP staff | F74: NHM | G74: 10 | H74: 100 | I74: All quarter | J74: 1 | K74: Offline | L74: State | M74: 0.25 | N74: =+G74*M74 -> 2.5 | O74: New activity. Training and Capacity Building workshop For Law enforcers such as Police, Education, Corporations, Health Departments, and NTCP staff for 100 persons per meeting and to conduct State Level Anti - Tobacco Cell & Monitoring Committee Meetings on a quarterly basis. Total cost is Rs.2.50 lakhs for 10 batches. Details enclosed in CB 201 NTCP state
A75: 41 | B75: NPCB | D75: Training to PMOA | E75: Para-Medical Ophthalmic Assistants | F75: Both | G75: 8 | H75: 30 | I75: All quarter | J75: 1 | K75: Offline | L75: District | M75: 0.25 | N75: =+G75*M75 -> 2 | O75: New activity. The activity has been included as per NPCC Discussion. Training and Capacity Building for PMOAs at District Level. Rs.25000 per batch. Total cost is Rs.2 lakhs for 8 batches
B76: NCD Total | N76: =SUM(N54:N75) -> 523.65932
A77: HSS-Urban
B79: HSS-Urban Total | N79: =SUM(N78:N78) -> 0
A80: HSS-Rural
A81: 41 | B81: Quality | C81: 175 | D81: Orientation Training for Districts on NQAS (2 Days) | E81: Medical Officer/Staff Nurses | F81: NUHM | G81: 9 | H81: 50 | I81: All 4 Quarter | J81: 2 Days | K81: Offline | L81: State | M81: 2.5 | N81: =M81*G81 -> 22.5 | O81: Ongoing activity. 2 days training on NQAS/Kayakalp for all districts @ Rs.2.50 lakhs per batch - For all districts. Total cost is Rs.22.50 lakhs
A82: 42 | B82: Quality | C82: 176 | D82: Kayakalp Training | E82: All Cadre | F82: NUHM | G82: 5 | H82: 40 | I82: 2 - 4th Quarter | J82: 2 days | K82: Offline | L82: State | M82: 2 | N82: =M82*G82 -> 10 | O82: Kayakalp training for all cadres in both DMS and DPH candidates @ Rs.2.0 Lakhs/batch for 5 batches in 7 RTIs. Total cost is Rs.10 lakhs
A83: 43 | B83: MUSQAN | C83: 175 | D83: MusQan Orientation Training | E83: Medical Officers, Staff Nurses | F83: NHM | N83: 0 | O83: Integrated into NQAS training and dropped in line with the NPCC discussion - MUSQAN Training
A84: 44
A85: 45 | B85: Quality | C85: 175 | D85: Orientation Training for Districts on NQAS (2 Days) | E85: Medical Officer/Staff Nurses | F85: NHM | G85: 9 | H85: 50 | I85: All 4 Quarter | J85: 2 Days | K85: Offline | L85: State | M85: 2.5 | N85: =M85*G85 -> 22.5 | O85: Ongoing activity. 2 days training on NQAS/Kayakalp for all districts @ Rs.2.5 lakhs per batches - For all districts. 7 batches in RTI and 2 batch at state level. Total cost is Rs.22.50 lakhs for 9 batches
A86: 46 | B86: Quality | C86: 175 | D86: State Level Training of Service Provider (3 Days) | E86: Medical Officer/Staff Nurses | F86: NHM | G86: 8 | H86: 60 | I86: All 4 Quarter | J86: 3 Days | K86: Offline | L86: State | M86: 3.5 | N86: =M86*G86 -> 28 | O86: Ongoing activity. 3 days training on NQAS Internal assessor cum service provider training / ToT for Internal assessors for all districts @ Rs.3.5 lakhs per batch. Total cost is Rs.28 lakhs for 8 lakhs.
A87: 47 | B87: Quality | C87: 176 | D87: Kayakalp Training | E87: All Cadre | F87: NHM | G87: 7 | H87: 30 | I87: All 4 Quarter | J87: 2 days | K87: Offline | L87: State | M87: 2 | N87: =M87*G87 -> 14 | O87: Kayakalp training for all cadres in both DMS and DPH candidates @ Rs.2.0 Lakhs/batch. Total cost is Rs.14 lakhs for 7 batches.
A88: 45 | B88: Health Systems Strengthening | C88: 125 | D88: Emergency management Training | E88: Doctors, Nurses , Support Staffs, First Responders, | F88: NHM | G88: 680 | H88: 30 | I88: All 4 quarters | J88: Variable | K88: Offline | L88: Facility Level | M88: 0.35 | N88: =M88*G88 -> 238 | O88: As per the NPCC discussion, the activity has been shifted from NCD to HSS. Ongoing activity - Emergency Management training inclusive of TAEI skill grading, PREM, Poison Management for doctors, nurses and paramedical staff. Rs.0.35 lakhs per batch. Rs.238 lakhs for 680 batches.
A89: 50 | B89: National Program for Prevention and Control of Snakebite Envenoming (NPSE) | C89: 200 | D89: State Level Training & Capacity Building on Case Management | E89: District Health Officer | F89: Both | G89: 16 | H89: 30 | J89: 1 | K89: Offline | L89: State | M89: 0.3386 | N89: =+G89*M89 -> 5.4176 | O89: New Activity. Proposed for Rs.5.42 lakhs. 30 participants per Batch, 16 Batches, IEC at Rs.1,90,000( Rs. 5000/- per district) Batch cost of Rs. 33860/-. Total cost is Rs.5.42 lakhs for 16 batches. Details enclosed in CB 201 NLEP state
A90: 51 | B90: National Program for Prevention and Control of Snakebite Envenoming (NPSE) | C90: 200 | D90: District Level Training & Capacity Building on Case Management | E90: Epidemiologists & BMO | F90: Both | G90: 341 | H90: 30 | J90: 1 | K90: Offline | L90: District | M90: 0.02175 | N90: =+G90*M90 -> 7.41675 | O90: New Activity. Proposed for Rs.7.42 lakhs. 30 participants per Batch, 1 Batches, Batch cost of Rs. 2175/-. Total cost is Rs.7.42 lakhs. Details enclosed in CB 201 NLEP Epidemiologist
A91: 52 | B91: Programme Management | C91: 194 | D91: Finance Training | E91: DAM/Ac Asst | F91: NHM | G91: 40 | H91: 25 | I91: All 4 Quarter | J91: 1 day | K91: Offline | L91: District | M91: 0.97 | N91: =M91*G91 -> 38.8 | O91: Ongoing activity. Proposed for Rs.38.80 Lakhs. Rs.97010 per batch/25 per batch/ 40 batches.
A92: 53 | B92: Programme Management | C92: 194 | D92: Refresher Training to APM/NHM Coordinator | E92: APM/NHM Coordinator | F92: NHM | G92: 4 | H92: 25 | I92: All 4 Quarter | J92: 1 day | K92: Offline | L92: State | M92: 1 | N92: =M92*G92 -> 4 | O92: Ongoing activity. Refresher training to APM/NHM Coordinator. Total cost is Rs.4 lakhs for 4 batches.
A93: 54 | B93: HMIS | C93: 195 | D93: HMIS Training | E93: AD, SA, Data Manager, IT Coordinator, DEO, SN etc | F93: NHM | G93: 45 | H93: 50 | I93: All 4 Quarter | J93: 8 weeks | K93: Offline | L93: State | M93: 0.27 | N93: =M93*G93 -> 12.15 | O93: Ongoing activity. HMIS training on IHIP portal for all health staff from the facilities.Rs.27000 per batch. Total cost is Rs.12.15 lakhs for 45 batches
A94: 55 | B94: HMIS | C94: 195 | D94: MCCD Training | E94: Medical Officers | F94: Both | G94: 90 | H94: 30 | I94: All 4 Quarter | J94: 1 | K94: Offline | L94: District | M94: 0.12 | N94: =+G94*M94 -> 10.8 | O94: New activity. MCCD training to Medical Officers of the Health facilities. Total cost is Rs.10.80 lakhs for 90 lakhs. Details enclosed in CB 201 E mortality
B95: HSS Rural Total | N95: =SUM(N81:N94) -> 413.58435
A96: Total Budget Proposed | N96: =+N95+N79+N76+N52+N37+N10 -> 2605.0517 | P96: =SUM(P5:P93) -> 0 | R96: =SUM(R5:R93) -> 0

Sheet Annexure - IT Interventions
A1: Annexure - IT Interventions (Details of proposal under Sl. No. 203)
A2: State/UT to add rows as required to propose activities | J2: Amount in Rs. (Lakhs)
A3: S. No | B3: Programme/ Theme | C3: Old Sl. No. | D3: Activity Proposed | E3: Budget Proposed | F3: State Remarks | G3: Total Amount Recommended by NPCC for FY 2026-27 | H3: GoI Remarks | I3: Total Amount Recommended for FY 2026-27 (RoP) | J3: GoI Remarks
A4: RCH
A5: 1 | B5: Maternal Health | C5: 16 | D5: VHN Data card charges | E5: 335.88 | F5: Ongoing Activity: Proposed Rs. 335.88 Lakhs towards VHN Data Charges @unit cost of Rs.300 for 9330 VHNs.
A6: NDCP
A7: 2 | B7: NTEP | C7: 73 | D7: Tablet to field health staff | E7: =0.2*1148 -> 229.6 | F7: New activity. Procurement of Tablet to field health staff at Rs.20000. Total cost is Rs.229.60 lakhs. Details enclosed in IT 203 Tablet
A8: NCD
A9: HSS-Urban
A10: HSS-Rural
A11: 3 | B11: HRIS | C11: 190 | D11: Human Resource Information System | E11: 9 | F11: Ongoing Activity: Proposed Rs. 9 lakhs towards Maintance of HRMIS Application
A12: 4 | B12: Teleconsultation facilities at AAMs-Rural | C12: 152 | D12: IT interventions (Incl. RCH, NDCP, NCD, HSS-Urban, HSS-Rural - IT software, Laptops etc. for service delivery) | E12: =300*4848*12/100000 -> 174.528 | F12: Internet charges for HWC-HSCs Ongoing activity - Proposed Rs.174.53 Lakhs towards Internet charges for 7291 HSC- HWC Entry of footfall in AAM portal requires internet connection .Footfall at AAMs ia a keydeliverable.Also Tele- consultations must be done at all HWCs with minimum 25 calls per month which also requires internet connectivity.
A13: 5 | B13: Technical Assistance | C13: 194 | E13: 0 | F13: Ongoing activity. PICME 3.0 Maintenance - As per NPCC Discussion, the activity has been shifted to HSS.186. Total cost Rs.44.80 lakhs. PICME 3.0 Maintenance
A14: 6 | B14: HMIS | C14: 195 | D14: Connectivity Charges | E14: =631.41-233.6 -> 397.81 | F14: Ongoing Activity: Proposed Rs. 397.81 Lakhs towards connectivity charges for 336 facilities
A15: 7 | C15: 195 | D15: UPS cabling | E15: 1165 | F15: Ongoing Activity: As per NPCC Discussion, the actual cost for the UPS Cabling for 37 DH, 262 SDH and 388 CHCs has been arrived to a total cost of Rs. 1165 Lakhs towards UPS Cabling @ unit cost of Rs. 197816.59 for 687 facilities
A16: 8 | C16: 195 | D16: Operational cost for HMIS | E16: 345.55 | F16: Ongoing activity: Proposed for Rs.345.55 Lakhs for 2677 units towards Opex Cost for HMIS @ unit cost Rs.12908.29
A17: 9 | C17: 195 | D17: Maintenance of other Application and Hosting Charges | E17: 36.7 | F17: Ongoing Activity: Revised as per NPCC Discussion. Proposed Rs.36.70 lakhs towards maintenance, server cost and Hosting charges of existing NHM applications and Digital Attendance Monitoring System.
A18: 10 | C18: 195 | D18: CAMC of IT Hardware and Server | E18: 300 | F18: Ongoing Activity: Proposed Rs. 300 Lakhs towards CAMC for IT hardware
A19: 11 | C19: 195 | D19: Additional Development, Server Maintenance and PMU team maintenance for HMIS 3.0 | E19: 1457.83 | F19: Ongoing Activity: As per NPCC Discussion, the proposal has been revised and restricted to Rs.1457.83 Lakhs towards Additional Development, and PMU team maintenance for HMIS 3.0
A20: 11 | C20: 195 | D20: SMS Charges for beneficiaries registered in HMIS and other applications | E20: 50 | F20: Ongoing Activity: Proposed Rs. 50 Lakhs towards SMS Charges for beneficiaries in PICME.
A21: 13 | C21: 159 | D21: Mobile charges to ASHAs | E21: 47.7 | F21: Ongoing activity: As per NPCC Discussion, the proposal for mobile charges to ASHA and restricted to Rs.47.70 lakhs towards Mobile Charges at Rs.150/Month/ASHA for 2650 ASHAs in-line with the guidelines.
A22: 14 | D22: Centralized PACS system to be established in NHM-TN | E22: 429.52 | F22: New activity. As per NPCC Discussion, the proposal has been revised and restricted to Rs.429.52 Lakhs for the establishment of a Centralized Picture Archiving & Communication System for Teleradiology. Further, Rs.48 Lakhs proposed for the HR Component of the PACS system has been shifted to HSS 186 as per NPCC Discussion. Details enclosed in IT 203 PACS | H22: =110+518+96 -> 724
A23: Total Budget Proposed | E23: =SUM(E4:E22) -> 4979.118 | G23: =SUM(G4:G22) -> 0 | I23: =SUM(I4:I22) -> 0

Sheet Annexure - ASHA Incentives
A1: Annexure - ASHA Incentives (Details of proposal under Sl. No. 202)
A2: State/UT to add rows as required to propose activities | J2: Amount in Rs. (Lakhs)
A3: S. No | B3: Programme/ Theme | C3: Old Sl. No. | D3: Activity Proposed | E3: Budget Proposed | F3: State Remarks | G3: Total Amount Recommended by NPCC for FY 2026-27 | H3: GoI Remarks | I3: Total Amount Recommended for FY 2026-27 (RoP) | J3: GoI Remarks
A4: RCH
A5: 202 | B5: Maternal Health | C5: 3 | D5: ASHA Incentive for ensuring Antenatal care & facilitating institutional deliveries | E5: =2650*16*600/100000 -> 254.4 | F5: Ongoing activity: Proposed Rs .254.4 Lakhs towards ASHA incentive @ Rs.300 for ensuring 5 Antenatal visits up to delivery and Rs.300 for facilitates Institutional deliveries for 42400 mothers.(2650 ASHAs * 16 Mothers per ASHA)
A6: 202 | B6: Maternal Health | C6: 6 | D6: ASHA incentive for Mobilizing High risk pregnant mother and Achieving healthy outcome | E6: =2650*4*800/100000 -> 84.8 | F6: Ongoing activity: Proposed Rs.84.8 Lakhs towards ASHA incentive for Mobilisation of High Risk AN Mother and achieving Healthy outcome of Mother and Child at the 45th day of delivery @ Rs 800/ mother for 10600 mothers ( 4 mothers / ASHA for 2650 ASHA).
A7: 202 | B7: Maternal Health | C7: 6 | D7: ASHA Incentive for Identification and mobilization of High risk mother in post natal period | E7: =2650*4*250/100000 -> 26.5 | F7: Ongoing activity: Proposed Rs.26.5 Lakhs towards ASHA incentive for Mobilisation of Newly identified High Risk Postnatal mother and achieving Healthy outcome of Mother and Child at the 45th day of delivery Rs 250/ mother for 10600 mothers ( 4 mother / ASHA for 2650 ASHA )
A8: 202 | B8: Child Health | C8: 23 | D8: ASHA Incentive for Home Based Newborn Care programme) Undertaking six (in case of institutional deliveries) and seven (for home deliveries) home –visits for the care of the new born and post-partum mother. (Day 1,3,7,14,21,28,42) | E8: =2650*250*16/100000 -> 106 | F8: Ongoing activity: Proposed Rs.106.00 lakhs towards ASHA incentive for providing of Home based new born care for new borns and post natal mothers @Rs.250 per newborn and mother for Six visits in case of institutional delivery and Seven visits in case of home deliveries , Days 1,3,7,14,21,28,& 42 (16 newborns and mothers per ASHA for 2650 ASHAs).
A9: 202 | B9: Child Health | C9: 23 | D9: Home Based Young Child (HBYC) Care 5 House visit of the New born after 42 days of life – Rs.50 per visit | E9: =2650*250*12/100000 -> 79.5 | F9: Ongoing activity: Proposed Rs.79.5 lakhs towards ASHA incentive for providing of Home Based Young born care for 31,800 children @ 250 per 5 visits, Months-3,6,9,12,15 (12 children per ASHA for 2650 ASHAs)
A10: 202 | B10: Immunization | C10: 32 | D10: ASHA incentive for ensure Immunization for Children | E10: 89.44 | F10: Ongoing activity: Revised as per NPCC Discussion Restricted and proposed to Rs.89.44 lakhs towards ASHA incentive @ i) Rs.100/child for full immunization up to 1 yr. ii). Rs.75/child for Complete immunization up to 2 yrs. iii). Rs.50/Child for DPT booster at 5-6 years ( 15 Children/ ASHA ).
A11: 202 | B11: Immunization | C11: 32 | D11: Social Mobilization for Immunization | E11: 63.6 | F11: Ongoing Activity. Included as per NPCC Discussion. Proposed for ASHA Incentive for Social Mobilization for Immunization @ Rs.200 per month per ASHA for 2650 ASHAs for 12 months. Rs.63.60 Lakhs
A12: 202 | B12: Immunization | C12: 33 | D12: ASHA incentive for Mobilization of Children for OPV immunization under Pulse Polio Programme | E12: 0 | F12: New activity: Proposal for Rs.7.95 lakhs towards Pulse Polio Campaign has been included in the Pulse Polio Operational Cost, hence dropped as per the NPCC Discussion.
A13: 202 | B13: Adolescent Health | C13: 38 | D13: Adolescent Health Day - Adolescent Health Day to be organized in the village once in every quarter on a convenient day preferably on a Friday after 3 pm during 4th week at Anganwadi centre. | E13: =2650*4*200/100000 -> 21.2 | F13: Ongoing activity: Proposed Rs.21.2 lakhs towards ASHA incentive for Mobilization of all adolescents for 4 Adolescent Health Days @ Rs.200/- per AHD for 2650 ASHAs.
A14: 202 | B14: Family Planning | C14: 44 | D14: Family Planning Escorting or facilitating beneficiary to the health facility for the PPICUD insertion | E14: 55.65 | F14: Ongoing activity: Revised as per NPCC Discussion. Proposal restricted to Rs.55.65 lakhs towards ASHA incentive for accompanying the beneficiaries for PPIUCD insertion Rs.150/ per insertion (14 insertions/ ASHAs for 2650 ASHAs).
A15: 202 | B15: Family Planning | C15: 45 | D15: Family Planning - Counselling and escorting beneficiary for ANTARA injection | E15: =2650*6*400/100000 -> 63.6 | F15: Ongoing activity: Revised as per NPCC Discussion. Proposal has been restricted Rs.63.60 lakhs, for 63,600 ANTARA doses @Rs.100/Doses (Target 24 ANTARA Doses/ ASHA for 2650 ASHAs) towards ASHA incentive for counselling & escorting the beneficiaries for ANTARA Injection.
A16: 202 | B16: Comprehensive Abortion Care | C16: 10 | D16: Incentives for mobilization of patients for CAC | E16: 15.9 | F16: Ongoing activity: Included as per NPCC Discussion. Proposed Rs.15.9 lakhs towards transportation incentive for abortion by Surgical (Rs.200/Case) & Medical (Rs.400/Case) methods of Abortion at Public health facility
A17: 202 | B17: Nutrition | C17: 52 | D17: Anaemia Mukth Bharath- Ensuring Weekly Iron and Folic Acid Supplementation to the Non-Pregnant Women in the Reproductive Age group | E17: =2650*50*12/100000 -> 15.9 | F17: Ongoing activity: Proposed Rs.15.9 lakhs towards ASHA incentive for Mobilization of Women in Reproductive Age and Non-lactating Women 20-49 years under Anaemia Mukth Bharath and supplementation of IFA tablets (@ Rs.100 per month per ASHA for 2650 ASHAs)
A18: 202 | B18: Nutrition | C18: 52 | D18: Anaemia Mukth Bharat - Mobilizing the all Children in the age group and Ensuring Weekly Iron and Folic Acid Supplementation | E18: =2650*100*12/100000 -> 31.8 | F18: Ongoing activity: Proposed Rs.31.8 lakhs towards ASHA incentive for Mobilization of 6-59 months children under Anaemia Mukth Bharat and supplementation of IFA syrup (@ Rs.100 / Month/ ASHA for 2650 ASHAs).
A19: 202 | B19: Nutrition | C19: 53 | D19: National Deworming Day For mobilizing out of school children. | E19: =2650*200/100000 -> 5.3 | F19: Ongoing activity: Proposed Rs.5.3 lakhs ASHA incentive towards Mobilization of out of school/ school going children on National Deworming Day and ensure to provides albendazole (Rs.100/ASHA/Bi-annual for 2650 ASHAs).
A20: 202 | B20: Nutrition | C20: 54 | D20: Screening and Referral of Severe Acute Malnutrition (SAM) and Moderate Acute Malnutrition (MAM) Children | E20: =2650*6*300/100000 -> 47.7 | F20: Ongoing activity: Proposed Rs.47.7 lakhs towards ASHA Incentive at Rs.300 per Child (Rs.100 for Referral of SAM children to NRC and Rs.200 for Follow-up of SAM children after discharge from NRC and ensures free of SAM and MAM status of children) at Target of 6 Children per ASHA
A21: 202 | B21: Nutrition | C21: 56 | D21: Mother’s Absolute Affection (MAA) For conduction of Mothers meeting every quarter preferably on AN clinic day at AWC / HSC on Outreach session as per the Fixed tour plan of VHN | E21: =2650*100*4/100000 -> 10.6 | F21: Ongoing activity: Proposed Rs.10.6 lakhs towards ASHA incentive for MAA programme for conducting 4 quarterly mothers meeting @ Rs. 100 per quarter for 2650 ASHAs.
A22: 202 | B22: Nutrition | C22: 58 | D22: IDCF- For prophylactic distribution of ORS to family with under five children. | E22: =2650*100/100000 -> 2.65 | F22: Ongoing activity: Proposed Rs.2.65 lakhs towards ASHA incentive under IDCF for prophylactic distribution of ORS to family with under five children (@Rs.100 per ASHA per year for 2650 ASHAs).
A23: 202 | B23: National Iodine Deficiency Disorder Control Programme (NIDDCP) | C23: 62 | D23: National Iodine Control Programme – Spot Testing of samples | E23: =2650*25*12/100000 -> 7.95 | F23: Ongoing activity: Proposed Rs.7.95 lakhs towards ASHA incentive under National Iodine Deficiency Disorder Control Programme (NIDDCP)for salt testing at least 50 Salt Samples per month (@ Rs.25/month/ ASHA).
A24: NDCP
A25: 202 | B25: National Vector Borne Disease Control Programme | C25: 64 | D25: ASHA incentive for Source reduction & IEC activities for prevention & Control of Vector borne diseases | E25: =2650*200*12/100000 -> 63.6 | F25: Ongoing Activity: Proposed Rs.63.60 Lakhs towards ASHA incentive for source reduction & IEC activities for prevention of Vector borne diseases @Rs.200/- per Month(1 Rupee per house for maximum of 200 household per Month)
A26: 202 | B26: National Vector Borne Disease Control Programme | C26: 64 | D26: Preparing blood slides -Rs.15/Slide Providing complete treatment for RdT positive Pf cases and Providing complete radical treatment to positive Pf and Pv case detected by blood slide, as per drug regimen -Rs.75 | E26: =((2650*120*15)+(80*200))/100000 -> 47.86 | F26: Ongoing Activity: Revised as per NPCC Discussion. Proposed Rs.47.86 Lakhs towards ASHA incentive for Blood side preparation( Rs.15per Blood side preparation for 120 Target for 2650 ASHAs) & Case detection & follow-up of Positive cases (Rs.200/case @Target of 80 Cases)
A27: 202 | B27: National Leprosy eradication Programme | C27: 69 | D27: ASHA incentive for Leprosy Case Detection Campaign | E27: 0 | F27: Ongoing Activity: Revised as per NPCC Discussion. Rs.27.83 lakhs towards ASHA incentive for Leprosy case Detection Campaign is included in DCP 69
A28: 202 | B28: National Leprosy eradication Programme | C28: 69 | D28: Incentive for ASHA/AWW/Volunteer/etc for detection of Leprosy (Rs 250 for detection of an early case before onset of any visible deformity, Rs 200 for detection of new case with visible deformity in hands, feet or eye) | E28: 1.25 | F28: Ongoing activity. Incentive for ASHA/AWW/Volunteer/etc for detection of Leprosy. Rs.250 per case for 500 cases. Total cost is Rs.1.25 lakhs
A29: 202 | B29: National Leprosy eradication Programme | C29: 69 | D29: ASHA Incentive for Treatment completion of PB cases (@ Rs 400) | E29: 2 | F29: Ongoing activity. ASHA Incentive for Treatment completion of PB cases @ Rs. 400 for 500 cases. Total cost is Rs.2 lakhs
A30: 202 | B30: National Leprosy eradication Programme | C30: 69 | D30: ASHA Incentive for Treatment completion of MB cases (@ Rs 600) | E30: 3 | F30: Ongoing activity. ASHA Incentive for Treatment completion of MB cases @ Rs.600 for 500 cases. Total cost is Rs.3 lakhs
A31: 202 | B31: National Viral Hepatitis Programme | C31: 83 | D31: ASHA Incentives for follow-up of Hepatitis B & C | E31: 6.8 | F31: As per NPCC Discussion the following activity is included: Proposed Rs.6.8 Lakhs as ASHA incentives for ensuring that Hep B Positive pregnant women are delivered at the designated treatment centres where Vaccines and Immunoglobulins are available for Newborns, linkage of pregnant mother to the designated Tx centres for viral load testing and ensuring treatment completion and Hep. C and SVR 12.
A32: 202 | B32: National Tuberculosis Control Programme | C32: 73 | D32: ASHA Incentive for House to House survey | E32: =2650*300/100000 -> 7.95 | F32: New Activity: Proposed Rs.7.95 lakhs towards ASHA incentives for House-house survey @Rs.300 per campaign per ASHA for 2650 ASHAs
A33: NCD
A34: HSS-Urban
A35: 202 | B35: Community Engagement | D35: Incentives for Routine Recurrent Activities | E35: =(2000*2256*12)/100000 -> 541.44 | F35: Ongoing activity: Revised as per NPCC Discussion. Proposed Rs.541.44 lakhs towards ASHA (WHV) incetive for Routine Recurrent Activities as per GoI guidelines (@ Rs.2000 per month per ASHA) for 2256 WHVs.(Urban)
A36: 202 | B36: Community Engagement | C36: 187 | D36: Expanded Services Package under CPHC component | E36: =(1000*2256*12)/100000 -> 270.72 | F36: Ongoing activity: Revised as per NPCC Discussion. Proposed Rs.270.72 lakhs towards ASHA (WHV) incetnive for delivery of expanded service packages under CPHC component @ Rs.1000/Month per WHV for 2256 WHVs .(Urban)
A37: HSS-Rural
A38: 202 | B38: Community Engagement | C38: 159 | D38: Incentives for Routine Recurrent Activities | E38: =2650*2000*12/100000 -> 636 | F38: Ongoing activity: Revised as per NPCC Discussion. Proposed Rs.636 lakhs towards ASHA incentive for Routine Recurrent Activities as per GoI guidelines (@ Rs.2000 per month per ASHA) for 2650 ASHAs.
A39: 202 | B39: Community Engagement | C39: 159 | D39: Expanded Services Package under CPHC component | E39: =2650*1000*12/100000 -> 318 | F39: Ongoing activity: `Proposed Rs.318.00 lakhs towards ASHA incentive for delivery of expanded service packages under CPHC component @ Rs.1000/Month per ASHA for 2650 ASHAs.
A40: 202 | B40: Community Engagement | C40: 159 | D40: ABHA ID Creation | F40: Ongoing activity: Proposed Rs.66.25 lakhs towards ASHA Incentive for 2650 ASHAs for Creation of ABHA ID @250 Families per ASHA. Based on NPCC discussion this activity dropped.
A41: 202 | B41: Community Engagement | D41: Incentives for Routine Recurrent Activities | E41: =(2000*8713*12)/100000 -> 2091.12 | F41: Ongoing activity: Revised as per NPCC Discussion. Proposed Rs.2091.12 lakhs towards ASHA (WHV) incetive for Routine Recurrent Activities as per GoI guidelines (@ Rs.2000 per month per ASHA) for 8713 WHVs.(Rural)
A42: 202 | B42: Community Engagement | D42: Expanded Services Package under CPHC component | E42: =(1000*8713*12)/100000 -> 1045.56 | F42: Ongoing activity: Revised as per NPCC Discussion. Proposed Rs.1045.56 lakhs towards ASHA (WHV) incetnive for delivery of expanded service packages under CPHC component @ Rs.1000/Month per WHV for 8713 WHVs .(Rural)
A43: Total Budget Proposed | E43: =SUM(E5:E42) -> 6017.79 | G43: =SUM(G4:G40) -> 0 | I43: =SUM(I4:I40) -> 0

Sheet Annexure - IEC & Printing
A1: Annexure - IEC & Printing (Details of proposal under Sl. No. 204)
A2: State/UT to add rows as required to propose activities
A3: S. No | B3: Programme/ Theme | C3: Old Sl. No. | D3: Activity Proposed | E3: Unit cost in Lakhs | F3: Unit | G3: Budget Proposed in Lakhs | H3: State Remarks | I3: Total Amount Recommended by NPCC for FY 2026-27
A4: A. Integrated IEC activities
A5: Sub total | G5: 0
A6: B. Major pool-specific IEC
A7: RCH
A8: 1 | B8: Adolescent Health | C8: 38 | D8: Printing of IEC Materials for Schools | E8: 0.0045 | F8: 15497 | G8: =+E8*F8 -> 69.7365 | H8: Proposed for printing IEC materials on 12 themes for 15,497 schools at the rate of Rs. 450 per school, totaling Rs. 69.74 lakhs.
A9: 2 | B9: Adolescent Health | C9: 38 | D9: Printing of School Health and Wellness Modules: | E9: =200/100000 -> 0.002 | F9: 15497 | G9: =+E9*F9 -> 30.994 | H9: New activity: Proposed for printing School Health and Wellness Modules for 15,497 schools across the state at Rs. 200 per module, totaling Rs. 30.99 lakhs. Details enclosed in IEC 204 Adolescent Health.
A10: 3 | B10: Nutrition | C10: 53 | D10: Printing of IEC Banners and Materials for National Deworming Day | E10: 1 | F10: 44.84 | G10: =+E10*F10 -> 44.84 | H10: Revised as per NPCC Discussion. Proposed for IEC activities for conducting two rounds of National Deworming Day at Rs. 44.84 lakhs.
A11: 4 | B11: LaQshya | C11: 15 | D11: Printing of LaQshya Case Sheets and Registers | E11: 1.0494764 | F11: 191 | G11: =+F11*E11 -> 200.45 | H11: Revised as per NPCC Discussion a. Proposed for printing 14,08,486 LaQshya case sheets at Rs. 10.25 per case sheet, totaling Rs. 144.36 lakhs b. Proposed for printing 22,435 registers at Rs. 250 per register, totaling Rs. 56.08 lakhs.
A12: 5 | B12: Maternal Health | C12: 17 | D12: Printing of AN Booklets and AN Yoga Booklets: | F12: 0 | G12: 0 | H12: As per NPCC Discussion the proposal for printing AN Booklets for Rs.240.23 Lakhs has been dropped
D13: World Population Day’ celebration for State and District level activities | E13: 0.32979 | F13: 47 | G13: 15.50013 | H13: As per NPCC Discussion - Activity shifted from RCH.49 Ongoing activity. Rs.15.50 Lakhs A.State Level -Rs 2 Lakhs B.District Level -Rs. 13.49 (Rs.29347 for 46 Health Unit Districts)
D14: Vasectomy Fortnight celebration at District level activities | E14: 0.40789 | F14: 38 | G14: 15.49982 | H14: As per NPCC Discussion - Activity shifted from RCH.49 Ongoing activity. Rs.15.50 Lakhs For 38 Districts @ Rs.40789 / District
A15: 6 | B15: Family Welfare | C15: 50 | D15: Printing and IEC for Family Welfare including CAC Services: | E15: =+G15/F15 -> 2.065 | F15: 38 | G15: =37.65+31.92+5.9+3 -> 78.47 | H15: Revised as per NPCC Discussion Proposed for Rs.37.65 lakh for printing of forms, checklists and registers Rs.31.92 lakh - Awareness on teenage pregnancy among college students in five high teenage pregnancy rate districts Rs.5.9 Lakhs for approval for Medical Termination of Pregnancy Act Forms/Formats Printing. Health IEC Expo @ Rs.3 Lakh approved. In line with the NPCC Discussions Rs. 113.85 lakh activity dropped under printing
A16: Sub total | G16: =SUM(G8:G15) -> 455.49045
A17: NDCP
A18: 7 | B18: IDSP | C18: 63 | D18: Printing of CIF and Lab forms | E18: 0.75 | F18: 4 | G18: =+F18*E18 -> 3 | H18: Proposed Rs. 3 lakhs towards printing case investigation forms and lab forms for 4 National Polio Surveillance Network (NPSN) units at Rs. 75,000 per unit.
A19: 8 | B19: VBDCP | C19: 64 | D19: IEC activities for Malaria along with activities for anti malaria month celebration | E19: 0.22 | F19: 46 | G19: =+F19*E19 -> 10.12 | H19: Proposed Rs. 10.12 lakhs for IEC activities related to malaria and anti-malaria month celebrations at Rs. 21,800 per HUD for 46 HUDs.
A20: 9 | B20: VBDCP | C20: 67 | D20: IEC for Vector Borne Diseases incl. Dengue & Chikungunya. | E20: 0.64421053 | F20: 38 | G20: =+F20*E20 -> 24.48 | H20: New activity. Proposed Rs. 24.48 lakhs for Anti-Dengue Day celebrations and IEC displays. Details enclosed in IEC 204 VBDC.
A21: 10 | B21: NLEP | C21: 72 | D21: IEC/BCC: Mass media, Outdoor media, Rural media, Advocacy media for NLEP | E21: 1.04 | F21: 38 | G21: =+F21*E21 -> 39.52 | H21: Proposed Rs. 39.52 lakhs for LED boards, scrolling boards, posters, banners for all PHCs, advertisements, handbills, and mike announcements at medical colleges, Directorate, etc. Includes SLAC activities.
A22: 11 | B22: NLEP | C22: 72 | D22: Printing Works for NLEP | E22: 0.2 | F22: 38 | G22: =+F22*E22 -> 7.6 | H22: Proposed Rs. 7.6 lakhs for printing suspect case registers, treatment cards, drug stock registers, disability registers, monthly reporting forms, flash cards, pamphlets, special activity forms, and MPR forms.
A23: 12 | B23: NVHCP | C23: 80 | D23: Printing of NVHCP Treatment cards and IEC activities for World Hepatitis Day | E23: 0.2 | F23: 42 | G23: =+F23*E23 -> 8.4 | H23: In line with the NPCC Discussions a. Proposed for Rs. 8.4 lakhs for IEC activities at Rs. 20,000 per treatment centre for 42 centres. b. Proposal for Rs. 2.1 lakhs for printing treatment cards at Rs. 5,000 per treatment centre for 42 centres has been dropped.
A24: 13 | B24: NTEP | C24: 78 | D24: ACSM for NTEP | E24: 2.3684211 | F24: 38 | G24: =+F24*E24 -> 90 | H24: Included as per the discussion in NPCC. Proposed Rs.90 Lakhs for ACSM Activities across the state.
A25: 13 | B25: NTEP | C25: 78 | D25: Printing (ACSM) for NTEP | E25: 10.5 | F25: 1 | G25: =+F25*E25 -> 10.5 | H25: Proposed printing of screening registers, patient clinic cards, HTDM follow-up registers, three types of patient ID cards, lab registers, and patient dispensed registers @ Rs.10.50 Lakhs.
A26: Sub total | G26: =SUM(G18:G25) -> 193.62
A27: NCD
A28: 14 | B28: NOHP | C28: 116 | D28: IEC Activities for World Oral Health Day | E28: 0.03 | F28: 501 | G28: =+F28*E28 -> 15.03 | H28: Proposed IEC activities for World Oral Health Day across Tamil Nadu, covering State-level IEC at Rs. 2.5 lakhs and facility-level IEC at Rs. 2,500 per SDH/CHC for 500 units, totaling Rs. 15 lakhs.
A29: 15 | B29: Mental Health | D29: IEC Activities for Mental Health | E29: =59.36/38 -> 1.5621053 | F29: 38 | G29: 59.36 | H29: New activity. As per NPCC discussion the proposal has been revised - Awareness activities for Health Observance Days (World Mental Health Day, World Schizophrenia Day, World Suicide Prevention Day) through radio jingles, advertisements, posters at Block PHCs, HSCs, Additional PHCs, and observance programs in Medical Colleges and District Hospitals. Total proposed cost: Rs. 59.36 lakhs.
A30: 16 | B30: Mental Health | D30: IEC for Telemanas | E30: 0.045 | F30: 726 | G30: =+F30*E30 -> 32.67 | H30: As per NPCC discussion the proposal has been revised for Rs.32.67 Lakhs for Telemanas IEC in all GH and Block PHCs across the state) to improve awareness of the Telemanas helpline across the state.
A31: 16 | B31: NPHCE | C31: 102 | D31: Community Based Intervention- IPC,Group activities and mass media for NPHCE | E31: 0.5 | F31: 38 | G31: =+F31*E31 -> 19 | H31: Funds are required for printing IEC materials to enhance awareness, promote behaviour change, and improve community participation in programme activities. Accordingly, a provision of Rs. 0.50 lakh per district for 38 districts, amounting to a total of Rs. 19.00 lakh, is proposed to support district-specific IEC printing and effective community outreach.
A32: 17 | B32: NTCP | C32: 105 | D32: Implementation of ToEFI guideline- Coverage of Public School and Private School & ToEFI Certificate Printing | E32: 0.0002 | F32: 56000 | G32: =+F32*E32 -> 11.2 | H32: Tamil Nadu has nearly 56,000 schools, colleges, and educational institutions (EIs). The ToEFI certificate is valid for one year and must be issued annually to all EIs to meet targets at a total cost of Rs.11.20 Lakhs.
A33: 18 | B33: NTCP | C33: 106 | D33: Tobacco Cessation- IEC/BCC for Districts | E33: 1 | F33: 38 | G33: =+F33*E33 -> 38 | H33: Public education on tobacco harm includes health melas, billboards, posters, street plays, rallies, IEC on wheels, World No Tobacco Day celebrations, Tobacco-Free Youth Campaigns, and IEC material displays at fairs and festivals to promote a tobacco-free community, for a total cost of Rs.38.00 Lakhs.
A34: 19 | B34: NP-NCD | C34: 111 | D34: State specific Initiatives and Innovations- IEC/BCC for State NCD Cell | E34: 10 | F34: 1 | G34: =+F34*E34 -> 10 | H34: IEC activities also support NCD programs at State level to strengthen awareness and community engagement at a total cost of Rs.10 Lakhs
A35: 20 | B35: NP-NCD | C35: 111 | D35: State specific Initiatives and Innovations- IEC/BCC for District NCD Cell | E35: 1.25 | F35: 38 | G35: =+F35*E35 -> 47.5 | H35: IEC activities also support NCD programs at District Cell levels to strengthen awareness and community engagement at a total cost of Rs.47.50 Lakhs
A36: 21 | B36: NP-NCD | C36: 110 | D36: Printing activities for Universal Screening for NCD | G36: 0 | H36: As per NPCC Discussion the proposed activity for Uniform for WHVs has been shifted to HSS.159.
A37: 23 | B37: NP-NCD | C37: 110 | D37: SBCC - Print materials - Posters | G37: 0 | H37: As per NPCC Discussion, the activity proposed for Cancer IEC Posters for Rs.23.72 Lakhs has been dropped.
A38: 24 | B38: NPPCF | C38: 120 | D38: IEC materials for NPPCF | E38: 3 | F38: 1 | G38: =+F38*E38 -> 3 | H38: Proposed budget for Health Education and Publicity activities for the NPPCF program at State and District levels to enhance awareness and community engagement at a total cost of Rs.3 Lakhs
A39: 25 | B39: NPCB | C39: 89 | D39: IEC for NPCB Activities | E39: 20 | F39: 1 | G39: =+F39*E39 -> 20 | H39: Ongoing activity. Included as per NPCC Discussion. Rs.20 Lakhs proposed for the IEC for Conducting Screening Eye Camps, Eye Donation Fortnight, Glaucoma awareness and World Sight day.
A40: 26 | B40: NPCCHH | C40: 114 | D40: IEC on Climate Sensitive Diseases | E40: 0.43 | F40: 47 | G40: =+F40*E40 -> 20.21 | H40: Ongoing activity with a proposed budget of Rs.20.21 Lakhs for IEC on climate-sensitive diseases—including air pollution and heat—targeted at Block, District, and State levels. Allocated Rs.25,000 per HUD for 46 HUDs and Rs.50,000 for the State level.
A41: Sub total | G41: =SUM(G28:G40) -> 275.97
A42: HSS-Urban
A43: 26 | B43: Quality | C43: 139 | D43: Printing SOPs , Forms and Formats | E43: 0.07362 | F43: 540 | G43: =+F43*E43 -> 39.7548 | H43: Ongoing activity. Proposed Rs.15.00 Lakhs for 300 UHWCs at Rs.5,000 each, Rs.22.50 Lakhs for 225 UPHCs at Rs.10,000 each, and Rs.2.25 Lakhs for 15 UCHCs (10 ROTN and 5 GCC) for printing SOPs, registers, forms, and formats - totalling to Rs.39.75 Lakhs
A44: 27 | B44: Quality | C44: 139 | D44: Printing of SOPs / Registers / Case Sheets for Paediatric OP / Ward / Signage | G44: 0 | H44: As per the discussion in NPCC the proposed Rs.40.00 Lakhs for printing for UHWCs & UPHCs has been dropped.
G45: =SUM(G43:G44) -> 39.7548
A46: HSS-Rural
A47: 28 | B47: HMIS 3.0 | C47: 195 | D47: IEC for HMIS 3.0 | E47: 0.011 | F47: 3307 | G47: =+F47*E47 -> 36.377 | H47: Proposed for Rs.36.38 Lakhs. HMIS 3.0 is being deployed across health facilities to strengthen digital health delivery. It generates a unique patient ID using PDS number, RCH ID, or standard registration. A patient-centric mobile app facilitates access to services. Unique IDs and lab reports are shared via SMS and WhatsApp for timely communication. IEC activities are essential to sensitize beneficiaries, ensuring effective utilization and improving patient convenience and care quality.
D48: Awareness program for double fortified salt | E48: 1.08 | F48: 38 | G48: =+F48*E48 -> 41.04 | H48: New activity. Awareness Program on Double Fortified Salt: Proposed for Rs.1.08 Lakhs per district for awareness activities on double fortified salt, totaling Rs.41.04 Lakhs for 38 districts.
A49: 29 | B49: HMIS | C49: 195 | D49: Printing of HMIS format to the health facilities as per HMIS-IHIP formats. | E49: =130/100000 -> 0.0013 | F49: =9330+2336+708+299+50+2600 -> 15323 | G49: =+F49*E49 -> 19.9199 | H49: Ongoing activity: As per GOI guidelines, revised HMIS formats for HSC, PHC, CHC, SDH, DH, and MCH have been implemented on the IHIP portal. Total cost: Rs.19.92 Lakhs.
A50: 30 | B50: MUSQAN | C50: 175 | D50: Printing of SOPs / Registers / Case Sheets for Paediatric OP / Ward / Signage | E50: 1 | F50: 90 | G50: =+F50*E50 -> 90 | H50: Proposed Rs.90 Lakhs for printing SOPs, registers, and case sheets at Rs.2 Lakhs per facility for 36 MCH facilities and Rs.1 Lakh per facility for 54 DH and SDH facilities (27 DH & 27 SDH).
A51: 31 | B51: NQAS | C51: 175 | D51: Printing of SOPs / Registers / Case Sheets for Paediatric OP / Ward / Signage | E51: 0.05 | F51: 2465 | G51: =+F51*E51 -> 123.25 | H51: Ongoing activity. Proposed Rs.123.25 Lakhs for supply of signage and display boards detailing NQAS standards and scope of services at 2,465 rural certified facilities, at Rs.5,000 per facility.
A52: 32 | B52: NQAS | C52: 175 | D52: Printing of SOPs / Registers / Case Sheets for Paediatric OP / Ward / Signage | E52: 0.08 | F52: 2465 | G52: =+F52*E52 -> 197.2 | H52: Proposed Rs.197.20 Lakhs for printing SOPs, registers, forms, and formats for 2,465 rural health facilities.
A53: 33 | B53: Planning and Programme Management | C53: 194 | D53: Printing of Accounts register | E53: =250/100000 -> 0.0025 | F53: 68432 | G53: =+F53*E53 -> 171.08 | H53: Ongoing activity: Printing of accounts registers for health facilities at a total cost of Rs.171.08 Lakhs
B54: HSS-R Total | G54: =SUM(G47:G53) -> 678.8669
B55: Grand Total | G55: =G54+G45+G41+G26+G16 -> 1643.7022

Sheet Annexure - Innovations
A1: Annexure - State-specific Initiatives and Innovations (Details of proposal under Sl. No. 206)
A2: State/UT to add rows as required to propose activities | J2: Amount in Rs. (Lakhs)
A3: S. No | B3: Programme/ Theme | C3: Old Sl. No. | D3: Activity Proposed | E3: Budget Proposed | F3: State Remarks | G3: Total Amount Recommended by NPCC for FY 2026-27 | H3: GoI Remarks | I3: Total Amount Recommended for FY 2026-27 (RoP) | J3: GoI Remarks
A4: RCH
A5: 1 | B5: Maternal Health | C5: 18 | D5: Tribal Birth Waiting Room | E5: 57.12 | F5: Ongoing Activity: Proposed for Recurring expenditure for 21 Tribal Birth waiting rooms @ Rs. 2.72 Lakhs per Unit, totalling to Rs. 57.12 Lakhs
A6: 2 | B6: Maternal Health | C6: 18 | D6: Administration of Inj. Ferric Carboxymaltose to Anaemic Mothers | E6: 183.27 | F6: New activity. Revised as per NPCC Discussion. Rs 183.27 lakh for FCM for 122186 Pregnant women @Rs 150/injection.
A7: 3 | B7: Maternal Health | D7: Establishment of Level 1 ART Centre for IUI | E7: 0 | F7: New activity. Proposal for the procurement of IUI equipment for Rs.40 lakhs for Level 1 ART Centre is dropped as per NPCC Discussion.
A8: 4 | B8: Child Health | D8: Establishment of Neo-Genesis ICU Unit at IOG, Chennai | E8: 306 | F8: New activity. As per NPCC Discussion, the activity has been restricted. Establishment of Neo-Genesis ICU Unit – Funds amounting to Rs.306 Lakhs are proposed for setting up Neo-Genesis ICU for extremely low birth weight babies, including Rs.30.00 Lakhs for civil and electrical modifications. Details are enclosed in Innovation 206 – Neo Genesis.
A9: 5 | B9: Child Health | D9: Comprehensive New Born Screening Programme (CNBS) for all Govt. delivered babies through Placement Model | E9: 699.9 | F9: New activity Rs.699.90 Lakhs proposed for Procurement of consumables for Comprehensive New Born Screening in Hub and Spoke and placement model. Details enclosed in Innovation 206 CNBS
A10: NDCP
A11: 6 | B11: National Tuberculosis Elimination Program (NTEP) | C11: 79 | D11: Tribal Patient Support and Transportation Charges | E11: 14.73 | F11: Ongoing Activity: Proposed for Recurring expenditure for Tribal Patient Support and Transportation Charges @ Rs. 750 per patient for 1964 patients, totalling to Rs.14.73 Lakhs
A12: 7 | B12: NRCP | D12: Post-Exposure Prophylaxis (PEP) for High-Risk Groups | E12: 222 | F12: New activity. Funds amounting to Rs.222.00 Lakhs are proposed for PEP implementation on a campaign mode. Details are enclosed in Innovation 206 – Prophylaxis Rabies.
A13: NCD
A14: 8 | B14: National Oral Health Programme | C14: 118 | D14: Dental Specialty Referral Centres | E14: 360 | F14: Ongoing Activity: Proposed for recurring expenditure for Dental Speciality Referral units @ Rs.12.86 Lakhs per unit for 28 PHCs, totaling to Rs.360 Lakhs
A15: 9 | B15: National Mental Health Programme (NMHP) | C15: 98 | D15: Operational Cost for Emergency Care and Recovery Centres | E15: 280.89 | F15: Ongoing Activity: Proposed for recurring and Non-recurring expenditure for operationalising Emergency Care and Recovery Centres in 38 Districts for Govt and NGO supported ECRCs @ Rs. 7.392 Lakhs per unit, totalling to Rs. 280.89 Lakhs
A16: 10 | B16: National Oral Health Programme | C16: 118 | D16: School-Based Orthodontic Treatment Scheme | E16: 180 | F16: New activity. Funds amounting to Rs.180.00 Lakhs are proposed for orthodontic treatment of 1,500 children across 5 districts from government and government-aided schools. Details are enclosed in Innovation 206 – School Orthodontic Scheme.
A17: 11 | B17: National Mental Health Programme (NMHP) | C17: 98 | D17: Mobile Mental Health Units | E17: 15.25 | F17: a. New Activity. Funds amounting to Rs.15.25 Lakhs are proposed for five specialized Mobile Mental Health Units to provide community screening and services for vulnerable populations. Details are enclosed in Innovation 206 – Mobile Mental Health Unit.
A18: 12 | B18: National Mental Health Programme (NMHP) | D18: Mental Health Wellness Sessions in Schools | E18: 0 | F18: b. New Activity. Proposal for Rs.228.00 Lakhs towards Mental Health Initiatives for Schools has been dropped as per NPCC Discussion.
A19: 13 | B19: NPHCE | C19: 103 | D19: Procurement of PCV13 Vaccine for Elderly patients | E19: 0 | F19: New activity. Proposal for Rs.286.30 Lakhs towards procurement of PCV13 Vaccine has been dropped as per NPCC Discussion.
A20: 14 | B20: NPHCE | D20: Establishment of integrated block level Elderly and Palliative care services | E20: 223 | F20: New activity. As per NPCC discussion the activity has been shifted from FMR.100. Total cost is Rs.223 lakhs. Details in Annex 206 Integrated Elderly Care Unit.
A21: 15 | B21: NP-NCD | D21: Survivorship Oncology Support | E21: 32.75 | F21: New activity: Rs.32.75 Lakhs proposed for Establishment of support systems to ensure treatment compliance and follow-up through various initiatives, including Survivor Support Groups, Occupational and Vocational Therapy Sessions, provision of simple rehabilitation aids, celebration of Cancer Days, and issuance of Survivor Follow-up Passbooks. Now, it is proposed for operational cost @ Rs.3.55 Lakhs per unit, covering 10 major treating institutions. Detailed information is enclosed in Innovation 206 on Survivorship Oncology.
A22: 16 | B22: NP-NCD | D22: HPV DNA Test for Cervical Cancer Screening in 4 High Burden Districts. | E22: 869.5 | F22: Activity included as per NPCC Discussion. Proposed for implementation of HPV DNA testing for cervical cancer among women of 35 years of age in four high burden districts- Villupuram, Thiruvanamalai, Perambalur and Ariyalur at a total cost of Rs.869.50 Lakhs. Details in Annex 206- HPV DNA Testing.
A23: 17 | B23: NPCCH | D23: Sepsis - Action for Future! (SAFF) -Every Life Matters. | E23: 6 | F23: New activity. Sepsis - Action for Future! (SAFF) -Every Life Matters. Total cost is Rs.6 lakhs. Details enclosed in Innovation 206 SAFF
A24: 18 | B24: NPCCH | D24: To study the correlation between pathogen behaviour and climate variables (Virus, Bacteria, Fungi, and Parasite) in Six Selected Districts of Tamil Nadu. (The Nilgiris, Coimbatore, Theni, Tirunelveli, Kanyakumari, Namakkal) | E24: 0 | F24: New activity. As per NPCC Discussion the activity has been dropped. To study the correlation between pathogen behaviour and climate variables (Virus, Bacteria, Fungi, and Parasite) in Six Selected Districts of Tamil Nadu. (The Nilgiris, Coimbatore, Theni, Tirunelveli, Kanyakumari, Namakkal) @ Rs.30.94 lakhs per district. total cost is Rs.185.66 lakhs for 6 districts. Details enclosed in Innovation 206 Climate study
A25: 19 | B25: NPCCH | D25: Ecological -Niche Modelling of Bats& Dogs under Climate & Forage Stress to predict Zoonotic spill-Over risk in South India in selected districts | E25: 0 | F25: New activity. As per NPCC Discussion the activity has been dropped. Ecological -Niche Modelling of Bats& Dogs under Climate & Forage Stress to predict Zoonotic spill-Over risk in South India in selected districts. Total cost is Rs.99.25 lakhs. Details enclosed in Innovation 206 Ecological
A26: 20 | B26: NPCCH | D26: Health & Climate Research Integrated Data Centre | E26: 0 | F26: New activity. Proposed for establishment of Health & Climate Research Integrated Data Centre is dropped as per the NPCC Discussion.
A27: 21 | B27: NP-NCD | D27: Nutritional support for cancer patients | E27: 277.2 | F27: New activity. Shifted from NCD.110 as per NPCC Discussion. To improve the treatment prognosis and compliance, additional nutritional supplement (150gm of daily supplement @ Rs.700/ pack - 6 packs for 1.5months per patient)to be provided for inpatients on Radiotherapy, Post-op care (60% of 11,000 patients - previous year caseload in Govt, institutions) at Rs.4200 per patient. Total cost is Rs.277.20 lakhs. Details enclosed in 206 Nutritional support
A28: HSS-Urban
A29: HSS-Rural
A30: 22 | B30: Trauma Care | C30: 126 | D30: Procurement of PLEX machine | E30: 180 | F30: New activity. Procurement of PLEX machine (Plasma Exchange) to RGGGH Chennai, Tirunelveli and Tiruvarur GH. Rs. 60 lakhs per PLEX. Total cost is Rs.180 lakhs for 3 PLEX. Details enclosed in Innovation 206 PLEX
A31: Total Budget Proposed | E31: =SUM(E4:E30) -> 3907.61 | I31: =SUM(I4:I30) -> 0

Sheet Annexure - PM Activities
A1: Annexure - Programme Management Activities (Details of Proposal under Sl. Nos. 146 and 194)
A2: State/UT to add rows as required to propose activities
A3: S. No | B3: Programme/ Theme | C3: Old Sl. No. | D3: Planning Activities | E3: Meetings, Workshops and Conferences | F3: Monitoring, Evaluation and Supervision | G3: Mobility Support and Field Visits (including SRM) (At State, District and Block level) | H3: Operational Costs (Expenses on account of consumables, office expenses, operating expenses, contingency, admin expenses, miscellaneous) (At State, District and Block level) | I3: IT Equipment for PMUs (At State, District, and Block Level) | J3: Any other PM Cost (Procurement & maintenance of office equipment, audit cost, etc.) | K3: Unit cost in Lakhs | L3: Unit | M3: Budget Proposed in Lakhs | N3: State Remarks | O3: Total Amount Recommended by NPCC 2026-27
A4: Sl. No. 146 | B4: HSS-Urban
C5: 146 | G5: Mobility support to CPMU- Corporation level | K5: 1.2525 | L5: 21 | M5: =K5*L5 -> 26.3025 | N5: Ongoing activity. Mobility support to CPMU at Rs.1.25 lakhs. Total cost is Rs.26.30 lakhs for 21 CPMU
C6: 146 | H6: Operational Costs to DPMU | K6: 0.6 | L6: 16 | M6: =K6*L6 -> 9.6 | N6: Ongoing activity. Office expenses to DPMU at Rs.0.6 lakhs. Total cost is Rs.9.60 lakhs for 37 DPMU
C7: 146 | H7: Operational Costs to CPMU | K7: 1.2525 | L7: 21 | M7: =K7*L7 -> 26.3025 | N7: Ongoing activity. Office expenses to CPMU at Rs.1.25 lakhs. Total cost is Rs26.30 lakhs for 21 CPMU
B8: HSS-Urban Sub-Total | K8: =SUM(K5:K7) -> 3.105 | L8: =SUM(L5:L7) -> 58 | M8: =SUM(M5:M7) -> 62.205 | O8: -
A9: Sl. No. 194 | B9: RCH
B10: TA - Adolescent Health- Planning and Program Management | C10: 40 | G10: Mobility support to 9 RKSK District Co-ordinators | K10: 0.096 | L10: 9 | M10: =K10*L10 -> 0.864 | N10: Ongoing activity: Mobility and communication support for RKSK district coordinators/consultants at Rs.9,600 per district for 9 districts, calculated at Rs.100 per visit, 8 visits per month, for 12 months. Total cost is Rs.0.86 lakhs
B11: TA- Family Planning-Planning and Program Management | C11: 50 | G11: FP QAC meetings (Minimum frequency of QAC meetings as per Supreme court mandate: State level - Biannual meeting; District level - Quarterly) | K11: 0.13178 | L11: 38 | M11: =K11*L11 -> 5.00764 | N11: Ongoing activity: Meetings expenses including Death Panel (1 meeting at Rs.27,000), FP Sub-committee (6 meetings at Rs.12,000 each), Claim Clearance (1 meeting at Rs.24,000), Court Cases (1 meeting at Rs.36,000), and quarterly DQAC & DISC meetings for 38 districts at Rs.9,000 per annum. total cost is Rs.5.01 lakhs
B12: Immunization | C12: 32 | G12: Mobility support for Supervision of district level & Block level officers | K12: 0.049162807 | L12: 2807 | M12: =+K12*L12 -> 138 | N12: Restricted as per NPCC Discussions to Rs.138 Lakhs. Ongoing activity: Mobility support for supervision of district and block-level officers (DD, AD, SA, DTTMO, Epidemiologists, DMCHO, DHO).
B13: Immunization | C13: 32 | G13: Mobility support for State Level officers | K13: 0.061 | L13: 88 | M13: 5.4 | N13: Ongoing activity: Total cost is Rs.5.40 lakhs. Mobility support for supervision of state-level officers, including DPH, GOI Immunization Officer, and JD (Immunization).
B14: Immunization | C14: 32 | H14: Consumables for computer including provision for internet access for RIMs | K14: 0.12 | L14: 46 | M14: =+L14*K14 -> 5.52 | N14: Ongoing activity: Total cost is Rs.5.52 lakhs. Provision of consumables and internet access for computers at RIMs.
B15: Immunisation | C15: 32 | E15: Quarterly Review Meetings for RI, eVIN, UWIN, AEFI & VPD at District Level for PHC Medical Officers | K15: 0.0075 | L15: 1612 | M15: =K15*L15 -> 12.09 | N15: Ongoing activity: Meeting expenses for 403 blocks (1612 meetings) , Rs.750 per meeting for 4 meetings annually. Total cost is Rs.12.09 lakhs
B16: Immunisation | C16: 32 | E16: Support for Quarterly Review Meetings for RI, eVIN, UWIN, AEFI & VPD at Block Level | K16: 0.001 | L16: 55324 | M16: =K16*L16 -> 55.324 | N16: Ongoing activity: Meeting expenses for 13,831 staff at block level (VHN, UHN, SHN, CHN), Rs.100 per person for 4 meetings annually. Total cost is Rs.55.32 lakhs
B17: Immunisation | C17: 32 | E17: Support for Quarterly Review Meetings at State Level for RI, eVIN, UWIN, AEFI & VPD for District Level Officers F172 | K17: 1.025 | L17: 4 | M17: =K17*L17 -> 4.1 | N17: Ongoing activity: State-level review meeting expenses for Immunization Reviews. Total cost is Rs.4.10 lakhs
B18: Immunisation | C18: 32 | J18: Procurement of spare parts for maintenance of Cold chain equipment | K18: 1.116 | L18: 56 | M18: =+L18*K18 -> 62.496 | N18: New activity. As per NPCC Discussions, Procurement of spare parts for maintenance of Cold chain equipment @ Rs.1.116 lakhs per unit. Total cost is Rs.62.50 lakhs. A. District (HUD) - 46 x Rs.1 lakhs = Rs.46 lakhs b. RVS - 9 x Rs.1.50 lakhs = 13.50 lakhs c. SVS - 1 x 3 lakhs = Rs. 3 lakhs
B19: Immunisation | C19: 32 | J19: AMC for Generator for Walk in cooler-RVS and SVS | M19: 0 | N19: As per NPCC Discussions, the proposed activity for Annual maintenance charges for walk-in coolers at RVS and SVS is dropped.
B20: Family Planning | C20: 50 | E20: Award | M20: 0 | N20: As per NPCC Discussions, the proposed activity for Award to district officials recognizing best performance in Family Planning indicators is dropped.
B21: RCH Sub-Total | M21: =SUM(M10:M20) -> 288.80164 | O21: -
B22: NDCP
B23: NLEP | C23: 72 | G23: Mobility support at State cell | K23: 0.4 | L23: 12 | M23: =K23*L23 -> 4.8 | N23: Ongoing activity. Mobility support at state level. Total cost is Rs.4.80 lakhs
B24: NLEP | C24: 72 | G24: Mobility support at District cell | K24: 2 | L24: 38 | M24: =K24*L24 -> 76 | N24: Ongoing activity. Mobility support at district level. Rs.2.00 lakhs per district. Total cost is Rs.76 lakhs. Details enclosed in Annex DCP 67 NLEP MOBILITY
B25: NLEP | C25: 72 | G25: Travel expenses for regular/Contractual staff at state level | K25: 0.5 | L25: 12 | M25: =+L25*K25 -> 6 | N25: Ongoing activity: Total cost is Rs.6 lakhs. Travel expenses for regular and contractual staff at state level under the NLEP scheme.
B26: NLEP | C26: 72 | E26: NLEP Review meetings | K26: 0.05 | L26: 38 | M26: =+L26*K26 -> 1.9 | N26: Ongoing activity: Total cost is Rs.1.90 lakhs. State and district-level meetings to review NLEP implementation.
B27: NLEP | C27: 72 | H27: Office operation and Maintenance - State cell | K27: 0.125 | L27: 12 | M27: =+L27*K27 -> 1.5 | N27: Ongoing activity, to meet out monthly expenses, telephone charges, courier charges, wages etc for NLEP Cell at State Level. Total cost is Rs.1.50 lakhs
B28: NLEP | C28: 72 | H28: Office operation and Maintenance - District cell | K28: 0.35 | L28: 38 | M28: =+L28*K28 -> 13.3 | N28: Ongoing activity. Office operation & Maintenance - District Cell under NLEP. Total cost is Rs.13.30 lakhs
B29: IDSP | C29: 63 | G29: Mobility support for 38 DSUs - District level | K29: 0.36 | L29: 38 | M29: =K29*L29 -> 13.68 | N29: Ongoing activity. Proposed Rs.13.68 Lakhs for travel, POL, and related expenses during outbreak investigations and field visits for 38 DSUs, at Rs.3,000 per month each.
B30: IDSP | C30: 64 | G30: Mobility support for state and District level for VBDCP | K30: 0.1 | L30: 56 | M30: =K30*L30 -> 5.6 | N30: New Activity. Rs.10000 for mobility charges for state and district level officials. Total cost is Rs.5.60 lakhs for 56 units. | O30: 103
B31: Dengue & Chikungunya | C31: 67 | F31: Epidemic preparedness for Dengue. | K31: 5 | L31: 1 | M31: 5 | N31: Ongoing activity. As per NPCC Discussion, activity shifted from NDCP 67. Proposed Rs. 5 lakhs for epidemic preparedness for Dengue.
B32: NTEP | C32: 73 | E32: Medical College meeting (STF and Core Committee) | K32: 0.1 | L32: 72 | M32: =K32*L32 -> 7.2 | N32: New activity. Support to STF and Core Committee to Medical colleges at Rs.10000 per facility. Total cost is Rs.7.2 lakhs for 72 facilities
B33: NTEP | C33: 73 | G33: Mobility support to Field staff block level | K33: 0.32466 | L33: =722+89 -> 811 | M33: =K33*L33 -> 263.29926 | N33: Ongoing activity. Mobility support to STS, STLS, DPPM,Radiographer, etc. Total cost is Rs.263.30 lakhs.
B34: NTEP | C34: 73 | G34: Mobility support to district level | K34: 4.8 | L34: 15 | M34: =+L34*K34 -> 72 | N34: Ongoing activity. Mobility support to district level officials. Total cost is Rs.72 lakhs
B35: NTEP | C35: 73 | G35: Mobility support to State level | K35: 6.6 | L35: 1 | M35: 6.6 | N35: Ongoing activity. Mobility support to State level officials. Total cost is Rs.6.60 lakhs
B36: NTEP | C36: 73 | H36: POL for existing vehicles | K36: 1.472 | L36: 18 | M36: =+L36*K36 -> 26.496 | N36: Ongoing activity. POL charges for existing vehicle. Total cost is Rs.26.50 lakhs
B37: NTEP | C37: 73 | F37: Supervision and Monitoring | K37: 0.272 | L37: 722 | M37: =+L37*K37 -> 196.384 | N37: Ongoing activity: Supervision and monitoring charges for district-level officials under the NTEP program, totaling Rs.196.38 Lakhs.
B38: NTEP | C38: 73 | H38: Office Operational cost | K38: 4.8 | L38: 35 | M38: =+L38*K38 -> 168 | N38: Ongoing activity. Office Operational cost for district and state level. Total cost is Rs.168 lakhs.
B39: NVHCP | C39: 81 | H39: Operational cost for State Lab under NVHCP | K39: 1 | L39: 2 | M39: =+L39*K39 -> 2 | N39: Activity has been shifted from NDCP. 81 as per NPCC Discussion. Ongoing Activity. Operational Cost for State Laboratories – Funds amounting to Rs.2.00 Lakhs are proposed for operational costs at 2 State Laboratories at Rs.1 Lakh per centre.
B40: NVHCP | C40: 83 | H40: Establishment of Treatment Centres for NVHCP | K40: 0.3 | L40: 3 | M40: =+L40*K40 -> 0.9 | N40: Activity has been shifted from NDCP. 83 & revised as per NPCC Discussion. New activity. Creation of three new Treatment Centres with high case load of Hepatitis B & C. Proposed for Rs.30,000 for Opex cost per annum per centre. Total cost is Rs.0.90 lakhs Details enclosed in HSS 194 NVHCP TC
B41: NVHCP | C41: 83 | H41: 2 MTC - Operational cost and contingencies/ office expenses | K41: 0.75 | L41: 2 | M41: =+L41*K41 -> 1.5 | N41: Activity has been shifted from NDCP. 83 as per NPCC Discussion. Ongoing activity - Proposed Rs.1.5 lakhs towards Meeting costs/ Office expenses/ contingencies for 2 MTC @ 0.75 lakh per MTC
B42: NVHCP | C42: 83 | H42: 40 TC - Operational cost and contingencies/ office expenses | K42: 0.3 | L42: 40 | M42: =+L42*K42 -> 12 | N42: Activity has been shifted from NDCP. 83 as per NPCC Discussion. Ongoing activity - Operational Costs for Treatment Centres and Mobile Units – Funds amounting to Rs.12.00 Lakhs are proposed for operational costs of 40 Treatment Centres at Rs.0.30 Lakhs per centre.
B43: NVHCP | C43: 83 | H43: Operational Expenses for District Viral Hepatitis Management Unit | K43: 0.15 | L43: 38 | M43: =+L43*K43 -> 5.7 | N43: As per NPCC Discussion, proposed for Rs.5.7 Lakhs towards Operational expenses for DVHMUs at Rs.15,000 per unit for 38 Units.
H44: Operational Expenses for State Viral Hepatitis Management Unit | K44: 1 | L44: 1 | M44: =+L44*K44 -> 1 | N44: As per NPCC Discussion, proposed for Rs.1 Lakh towards Operational expenses for SVHMU
B45: NVBDCP | C45: 65 | E45: Intersectoral convergence meeting | K45: 20 | L45: 1 | M45: =K45*L45 -> 20 | N45: New activity. Proposed for annual Inter-Departmental Coordination Meeting and State-Task Force meetings at a total cost of Rs.20 Lakhs | O45: 102
B46: NDCP Sub-Total | M46: =SUM(M23:M45) -> 910.85926 | O46: -
B47: NCD
B48: NPCB | H48: Management of Health Society | K48: 20 | L48: 1 | M48: =+L48*K48 -> 20 | N48: Ongoing activity. Total cost is Rs.20 lakhs Management of Blindness Control Society at both state and district level.
B49: NP-NCD | C49: 110 | H49: Mobility, Miscellaneous & Contingencies. | K49: 0.03 | L49: 1443 | M49: =+L49*K49 -> 43.29 | N49: Ongoing activity. PHC level: Mobility, Miscellaneous & Contingencies. Rs.2500 per PHC for 1443 PHCs. Total cost is Rs.43.29 lakhs
B50: NP-NCD | C50: 110 | G50: Mobility support for NCD DPO | K50: =0.4*12 -> 4.8 | L50: 38 | M50: =+L50*K50 -> 182.4 | N50: Ongoing activity. Mobility support for NCD District Programme Officers across the State @ Rs.4.8 lakhs per district. Total cost is Rs.182.40 lakhs
B51: NP-NCD | C51: 110 | H51: District level contingency | K51: 0.6 | L51: 38 | M51: =+L51*K51 -> 22.8 | N51: Ongoing activity. District level contingency for NPPCF District cell in Dharmapuri at a total Rs.22.80 Lakhs
B52: NPPCF | C52: 120 | G52: Travel costs under NPPCF | K52: 0.05 | L52: 12 | M52: =+L52*K52 -> 0.6 | N52: Ongoing activity. Travel costs under NPPCF for the District Consultant. Total cost is Rs.0.60 lakhs
B53: Mental Health | E53: Conference for World Mental Health Day | K53: 6.75 | L53: 1 | M53: =+L53*K53 -> 6.75 | N53: New activity. Rs 6.75 Lakhs towards organising and management of the conference on World Mental Health Day
B54: NCD Sub-Total | M54: =SUM(M48:M53) -> 275.84 | O54: -
B55: HSS-Rural (including cross cutting activities)
B56: Programme Management | C56: 194 | J56: Audit Fees | K56: 5 | L56: 38 | M56: =K56*L56 -> 190 | N56: Ongoing activity: Payment of concurrent audit fees to auditors @ Rs.5 lakhs per district. Total cost is Rs.190 lakhs
B57: Programme Management | C57: 194 | G57: HMIS IT Coordinators and LIMS Coordinators | K57: =30000/100000 -> 0.3 | L57: 85 | M57: =K57*L57 -> 25.5 | N57: Ongoing Activity. Mobility support of Rs.100 per day, totaling Rs.2,500 per month (for 25 working days), is proposed for IT and LIMS Coordinators. Total cost is Rs,25.50 lakhs for 85 IT/LIMS coordinators
B58: Programme Management | C58: 194 | E58: Workshops and Conferences at State and District level - SPMU/DPMU | K58: 2000 | L58: 1 | M58: =K58*L58 -> 2000 | N58: State workshop and Conference at State and District level. Total cost is Rs. 2000 lakhs
B59: Programme Management | C59: 194 | G59: Mobility Support - BPMU - Block / DPMU - District DHOs and JDHS | K59: =M59/L59 -> 1.0610191 | L59: =388+46+37 -> 471 | M59: =((388 *8500 *12) + (46*12000*12) +(37*8500*12))/100000 -> 499.74 | N59: BMPU - 8500 per Month / DPMU of DHO - 12000/ DPMU of JDHS - 8500 per month. Total cost is Rs.499.74 lakhs
B60: Programme Management | C60: 194 | H60: Contingency - BPMU - Block / DPMU - District DHOs and JDHS | K60: =M60/L60 -> 1.3975796 | L60: 471 | M60: =((11500*388*12) +(13000*46*12)+(11500 *37*12))/100000 -> 658.26 | N60: BPMU - 11500 per month / DMPU of DHO - 13000 per month / DPMU of JDHS - 11500 per month. Total cost is Rs.658.26 lakhs
B61: Programme Management | C61: 194 | H61: Contingency for District DNB cell | K61: 0.6 | L61: 10 | M61: =K61*L61 -> 6 | N61: New Activity. Rs.5000 for contingency per DNB DH institutions. Total cost is Rs.6 lakhs for 10 institutions
B62: Programme Management | C62: 194 | H62: Operational cost for State DNB cell | K62: 2 | L62: 1 | M62: =K62*L62 -> 2 | N62: New Activity. Rs.2 lakhs for mobility support state DNB cell. Total cost is Rs. 2 lakhs.
B63: Programme Management | C63: 194 | F63: Mobility support for state Nodal Officer Mental Health | K63: 4.8 | L63: 1 | M63: =K63*L63 -> 4.8 | N63: New activity. Mobility support to State Nodal Officer Mental Health @ Rs.40,000 per month. Total cost is Rs.4.80 lakhs
B64: Programme Management | C64: 194 | F64: Mobility support District APM | K64: 4.8 | L64: 37 | M64: =K64*L64 -> 177.6 | N64: Ongoing activity. Mobility support to District APM at Rs.40000 per month. Total cost is Rs.177.60 lakhs
B65: CPHC | C65: 151 | F65: Monitoring & Evaluation | K65: 20 | L65: 1 | M65: =K65*L65 -> 20 | N65: Ongoing activity. Proposed - Rs.20 lakhs towards Monitoring and Evaluation by Directorate of Public Health State Officials.
B66: Mobility charges to ASHAs | C66: 159 | G66: Mobility charges to ASHAs | M66: 0 | N66: As per NPCC discussion the proposed Mobility Support for ASHAs for Rs.159 Lakhs has been dropped.
B67: HSS-Rural Sub-Total | M67: =SUM(M56:M66) -> 3583.9 | O67: -
A68: Total Budget Proposed | M68: =M8+M21+M46+M54+M67 -> 5121.6059 | O68: -

Sheet Format for RoP
A1: Annexure - 1: Details of Proposal for FY 2026-27
F2: Amount in Rs. (Lakhs)
A3: Pool | B3: FMR Code | C3: Programme/ Theme | D3: S.No. | E3: Scheme/ Activity | F3: Amount Proposed by State for FY 2026-27 | G3: Total Amount Approved for FY 2026-27 | H3: GoI Remarks for RoP
A6: RCH Flexible Pool (including RI, IPPI, NIDDCP) | B6: RCH.1 | C6: Maternal Health | D6: 1 | E6: Village Health Sanitation & Nutrition Days (VHSNDs) | F6: ='PIP Proposal _ FY 2026-27'!X7 -> 0 | G6: ='PIP Proposal _ FY 2026-27'!AP7 -> 0 | H6: ='PIP Proposal _ FY 2026-27'!AQ7 -> 0
D7: 2 | E7: Pregnancy Registration and Ante-Natal Checkups | F7: ='PIP Proposal _ FY 2026-27'!X8 -> 163.01616 | G7: ='PIP Proposal _ FY 2026-27'!AP8 -> 0 | H7: ='PIP Proposal _ FY 2026-27'!AQ8 -> 0
D8: 3 | E8: Janani Suraksha Yojana (JSY) | F8: ='PIP Proposal _ FY 2026-27'!X9 -> 2988.74 | G8: ='PIP Proposal _ FY 2026-27'!AP9 -> 0 | H8: ='PIP Proposal _ FY 2026-27'!AQ9 -> 0
D9: 4 | E9: Janani Shishu Suraksha Karyakram (JSSK) (excluding transport) | F9: ='PIP Proposal _ FY 2026-27'!X10 -> 4848.8256 | G9: ='PIP Proposal _ FY 2026-27'!AP10 -> 0 | H9: ='PIP Proposal _ FY 2026-27'!AQ10 -> 0
D10: 5 | E10: Janani Shishu Suraksha Karyakram (JSSK) - Transport | F10: ='PIP Proposal _ FY 2026-27'!X11 -> 1000.72 | G10: ='PIP Proposal _ FY 2026-27'!AP11 -> 0 | H10: ='PIP Proposal _ FY 2026-27'!AQ11 -> 0
D11: 6 | E11: Pradhan Mantri Surakshit Matritva Abhiyan (PMSMA) | F11: ='PIP Proposal _ FY 2026-27'!X12 -> 0 | G11: ='PIP Proposal _ FY 2026-27'!AP12 -> 0 | H11: ='PIP Proposal _ FY 2026-27'!AQ12 -> 0
D12: 7 | E12: Surakshit Matritva Aashwasan (SUMAN) | F12: ='PIP Proposal _ FY 2026-27'!X13 -> 0 | G12: ='PIP Proposal _ FY 2026-27'!AP13 -> 0 | H12: ='PIP Proposal _ FY 2026-27'!AQ13 -> 0
D13: 8 | E13: Midwifery | F13: ='PIP Proposal _ FY 2026-27'!X14 -> 73 | G13: ='PIP Proposal _ FY 2026-27'!AP14 -> 0 | H13: ='PIP Proposal _ FY 2026-27'!AQ14 -> 0
D14: 9 | E14: Maternal Death Review | F14: ='PIP Proposal _ FY 2026-27'!X15 -> 0 | G14: ='PIP Proposal _ FY 2026-27'!AP15 -> 0 | H14: ='PIP Proposal _ FY 2026-27'!AQ15 -> 0
D15: 10 | E15: Comprehensive Abortion Care | F15: ='PIP Proposal _ FY 2026-27'!X16 -> 21 | G15: ='PIP Proposal _ FY 2026-27'!AP16 -> 0 | H15: ='PIP Proposal _ FY 2026-27'!AQ16 -> 0
D16: 11 | E16: MCH Wings | F16: ='PIP Proposal _ FY 2026-27'!X17 -> 3800.04 | G16: ='PIP Proposal _ FY 2026-27'!AP17 -> 0 | H16: ='PIP Proposal _ FY 2026-27'!AQ17 -> 0
D17: 12 | E17: FRUs | F17: ='PIP Proposal _ FY 2026-27'!X18 -> 178.6638 | G17: ='PIP Proposal _ FY 2026-27'!AP18 -> 0 | H17: ='PIP Proposal _ FY 2026-27'!AQ18 -> 0
D18: 13 | E18: HDU/ICU - Maternal Health | F18: ='PIP Proposal _ FY 2026-27'!X19 -> 461.88 | G18: ='PIP Proposal _ FY 2026-27'!AP19 -> 0 | H18: ='PIP Proposal _ FY 2026-27'!AQ19 -> 0
D19: 14 | E19: Labour Rooms (LDR + NBCCs) | F19: ='PIP Proposal _ FY 2026-27'!X20 -> 0 | G19: ='PIP Proposal _ FY 2026-27'!AP20 -> 0 | H19: ='PIP Proposal _ FY 2026-27'!AQ20 -> 0
D20: 15 | E20: LaQshya
D21: 16 | E21: Implementation of RCH Portal/ANMOL/MCTS
D22: 17 | E22: Other MH Components | F22: ='PIP Proposal _ FY 2026-27'!X23 -> 0 | G22: ='PIP Proposal _ FY 2026-27'!AP23 -> 0 | H22: ='PIP Proposal _ FY 2026-27'!AQ23 -> 0
D23: 18 | E23: State specific Initiatives and Innovations
B24: RCH.2 | C24: PC & PNDT Act | D24: 19 | E24: PC & PNDT Act | F24: ='PIP Proposal _ FY 2026-27'!X25 -> 0 | G24: ='PIP Proposal _ FY 2026-27'!AP25 -> 0 | H24: ='PIP Proposal _ FY 2026-27'!AQ25 -> 0
D25: 20 | E25: Gender Based Violence & Medico Legal Care For Survivors Victims of Sexual Violence | F25: ='PIP Proposal _ FY 2026-27'!X26 -> 0 | G25: ='PIP Proposal _ FY 2026-27'!AP26 -> 0 | H25: ='PIP Proposal _ FY 2026-27'!AQ26 -> 0
B26: RCH.3 | C26: Child Health | D26: 21 | E26: Rashtriya Bal Swasthya Karyakram (RBSK) | F26: ='PIP Proposal _ FY 2026-27'!X27 -> 3988.0016 | G26: ='PIP Proposal _ FY 2026-27'!AP27 -> 0 | H26: ='PIP Proposal _ FY 2026-27'!AQ27 -> 0
D27: 22 | E27: RBSK at Facility Level including District Early Intervention Centers (DEIC) | F27: ='PIP Proposal _ FY 2026-27'!X28 -> 1810.707 | G27: ='PIP Proposal _ FY 2026-27'!AP28 -> 0 | H27: ='PIP Proposal _ FY 2026-27'!AQ28 -> 0
D28: 23 | E28: Community Based Care - HBNC & HBYC | F28: ='PIP Proposal _ FY 2026-27'!X29 -> 26.5 | G28: ='PIP Proposal _ FY 2026-27'!AP29 -> 0 | H28: ='PIP Proposal _ FY 2026-27'!AQ29 -> 0
D29: 24 | E29: Facility Based New born Care | F29: ='PIP Proposal _ FY 2026-27'!X30 -> 4203.47 | G29: ='PIP Proposal _ FY 2026-27'!AP30 -> 0 | H29: ='PIP Proposal _ FY 2026-27'!AQ30 -> 0
D30: 25 | E30: Child Death Review | F30: ='PIP Proposal _ FY 2026-27'!X31 -> 0 | G30: ='PIP Proposal _ FY 2026-27'!AP31 -> 0 | H30: ='PIP Proposal _ FY 2026-27'!AQ31 -> 0
D31: 26 | E31: SAANS | F31: ='PIP Proposal _ FY 2026-27'!X32 -> 131.0024 | G31: ='PIP Proposal _ FY 2026-27'!AP32 -> 0 | H31: ='PIP Proposal _ FY 2026-27'!AQ32 -> 0
D32: 27 | E32: Paediatric Care | F32: ='PIP Proposal _ FY 2026-27'!X33 -> 881.6 | G32: ='PIP Proposal _ FY 2026-27'!AP33 -> 0 | H32: ='PIP Proposal _ FY 2026-27'!AQ33 -> 0
D33: 28 | E33: Janani Shishu Suraksha Karyakram (JSSK) (excluding transport) | F33: ='PIP Proposal _ FY 2026-27'!X34 -> 2090.2575 | G33: ='PIP Proposal _ FY 2026-27'!AP34 -> 0 | H33: ='PIP Proposal _ FY 2026-27'!AQ34 -> 0
D34: 29 | E34: Janani Shishu Suraksha Karyakram (JSSK) - Transport | F34: ='PIP Proposal _ FY 2026-27'!X35 -> 0 | G34: ='PIP Proposal _ FY 2026-27'!AP35 -> 0 | H34: ='PIP Proposal _ FY 2026-27'!AQ35 -> 0
D35: 30 | E35: Other Child Health Components | F35: ='PIP Proposal _ FY 2026-27'!X36 -> 0 | G35: ='PIP Proposal _ FY 2026-27'!AP36 -> 0 | H35: ='PIP Proposal _ FY 2026-27'!AQ36 -> 0
D36: 31 | E36: State specific Initiatives and Innovations
B37: RCH.4 | C37: Immunization | D37: 32 | E37: Immunization including Mission Indradhanush | F37: ='PIP Proposal _ FY 2026-27'!X38 -> 1595.3179 | G37: ='PIP Proposal _ FY 2026-27'!AP38 -> 0 | H37: ='PIP Proposal _ FY 2026-27'!AQ38 -> 0
D38: 33 | E38: Pulse Polio Campaign | F38: ='PIP Proposal _ FY 2026-27'!X39 -> 260 | G38: ='PIP Proposal _ FY 2026-27'!AP39 -> 0 | H38: ='PIP Proposal _ FY 2026-27'!AQ39 -> 0
D39: 34 | E39: eVIN Operational Cost | F39: ='PIP Proposal _ FY 2026-27'!X40 -> 360.2697 | G39: ='PIP Proposal _ FY 2026-27'!AP40 -> 0 | H39: ='PIP Proposal _ FY 2026-27'!AQ40 -> 0
B40: RCH.5 | C40: Adolescent Health | D40: 35 | E40: Adolescent Friendly Health Centers (AFHCs) | F40: ='PIP Proposal _ FY 2026-27'!X41 -> 9 | G40: ='PIP Proposal _ FY 2026-27'!AP41 -> 0 | H40: ='PIP Proposal _ FY 2026-27'!AQ41 -> 0
D41: 36 | E41: Weekly Iron Folic Acid Supplementation (WIFS) | F41: ='PIP Proposal _ FY 2026-27'!X42 -> 1245.1273 | G41: ='PIP Proposal _ FY 2026-27'!AP42 -> 0 | H41: ='PIP Proposal _ FY 2026-27'!AQ42 -> 0
D42: 37 | E42: Menstrual Hygiene Scheme (MHS) | F42: ='PIP Proposal _ FY 2026-27'!X43 -> 0 | G42: ='PIP Proposal _ FY 2026-27'!AP43 -> 0 | H42: ='PIP Proposal _ FY 2026-27'!AQ43 -> 0
D43: 38 | E43: Peer Education Programme | F43: ='PIP Proposal _ FY 2026-27'!X44 -> 805.844 | G43: ='PIP Proposal _ FY 2026-27'!AP44 -> 0 | H43: ='PIP Proposal _ FY 2026-27'!AQ44 -> 0
D44: 39 | E44: School Health And Wellness Program under Ayushman Bharat | F44: ='PIP Proposal _ FY 2026-27'!X45 -> 0 | G44: ='PIP Proposal _ FY 2026-27'!AP45 -> 0 | H44: ='PIP Proposal _ FY 2026-27'!AQ45 -> 0
D45: 40 | E45: Other Adolescent Health Components | F45: ='PIP Proposal _ FY 2026-27'!X46 -> 0 | G45: ='PIP Proposal _ FY 2026-27'!AP46 -> 0 | H45: ='PIP Proposal _ FY 2026-27'!AQ46 -> 0
D46: 41 | E46: State specific Initiatives and Innovations
B47: RCH.6 | C47: Family Planning | D47: 42 | E47: Sterilization - Female | F47: ='PIP Proposal _ FY 2026-27'!X48 -> 1714.848 | G47: ='PIP Proposal _ FY 2026-27'!AP48 -> 0 | H47: ='PIP Proposal _ FY 2026-27'!AQ48 -> 0
D48: 43 | E48: Sterilization - Male | F48: ='PIP Proposal _ FY 2026-27'!X49 -> 44.822 | G48: ='PIP Proposal _ FY 2026-27'!AP49 -> 0 | H48: ='PIP Proposal _ FY 2026-27'!AQ49 -> 0
D49: 44 | E49: IUCD Insertion (PPIUCD and PAIUCD) | F49: ='PIP Proposal _ FY 2026-27'!X50 -> 601.26 | G49: ='PIP Proposal _ FY 2026-27'!AP50 -> 0 | H49: ='PIP Proposal _ FY 2026-27'!AQ50 -> 0
D50: 45 | E50: ANTARA | F50: ='PIP Proposal _ FY 2026-27'!X51 -> 0 | G50: ='PIP Proposal _ FY 2026-27'!AP51 -> 0 | H50: ='PIP Proposal _ FY 2026-27'!AQ51 -> 0
D51: 46 | E51: MPV (Mission Parivar Vikas) | F51: ='PIP Proposal _ FY 2026-27'!X52 -> 0 | G51: ='PIP Proposal _ FY 2026-27'!AP52 -> 0 | H51: ='PIP Proposal _ FY 2026-27'!AQ52 -> 0
D52: 47 | E52: Family Planning Indemnity Scheme | F52: ='PIP Proposal _ FY 2026-27'!X53 -> 118.74 | G52: ='PIP Proposal _ FY 2026-27'!AP53 -> 0 | H52: ='PIP Proposal _ FY 2026-27'!AQ53 -> 0
D53: 48 | E53: FPLMIS | F53: ='PIP Proposal _ FY 2026-27'!X54 -> 0 | G53: ='PIP Proposal _ FY 2026-27'!AP54 -> 0 | H53: ='PIP Proposal _ FY 2026-27'!AQ54 -> 0
D54: 49 | E54: World Population Day and Vasectomy Fortnight | F54: ='PIP Proposal _ FY 2026-27'!X55 -> 0 | G54: ='PIP Proposal _ FY 2026-27'!AP55 -> 0 | H54: ='PIP Proposal _ FY 2026-27'!AQ55 -> 0
D55: 50 | E55: Other Family Planning Components | F55: ='PIP Proposal _ FY 2026-27'!X56 -> 5.5599999 | G55: ='PIP Proposal _ FY 2026-27'!AP56 -> 0 | H55: ='PIP Proposal _ FY 2026-27'!AQ56 -> 0
D56: 51 | E56: State specific Initiatives and Innovations
B57: RCH.7 | C57: Nutrition | D57: 52 | E57: Anaemia Mukt Bharat | F57: ='PIP Proposal _ FY 2026-27'!X58 -> 637.43085 | G57: ='PIP Proposal _ FY 2026-27'!AP58 -> 0 | H57: ='PIP Proposal _ FY 2026-27'!AQ58 -> 0
D58: 53 | E58: National Deworming Day | F58: ='PIP Proposal _ FY 2026-27'!X59 -> 506.79777 | G58: ='PIP Proposal _ FY 2026-27'!AP59 -> 0 | H58: ='PIP Proposal _ FY 2026-27'!AQ59 -> 0
D59: 54 | E59: Nutritional Rehabilitation Centers (NRC) | F59: ='PIP Proposal _ FY 2026-27'!X60 -> 174.144 | G59: ='PIP Proposal _ FY 2026-27'!AP60 -> 0 | H59: ='PIP Proposal _ FY 2026-27'!AQ60 -> 0
D60: 55 | E60: Vitamin A Supplementation | F60: ='PIP Proposal _ FY 2026-27'!X61 -> 122.43 | G60: ='PIP Proposal _ FY 2026-27'!AP61 -> 0 | H60: ='PIP Proposal _ FY 2026-27'!AQ61 -> 0
D61: 56 | E61: Mother's Absolute Affection (MAA) | F61: ='PIP Proposal _ FY 2026-27'!X62 -> 0 | G61: ='PIP Proposal _ FY 2026-27'!AP62 -> 0 | H61: ='PIP Proposal _ FY 2026-27'!AQ62 -> 0
D62: 57 | E62: Lactation Management Centers | F62: ='PIP Proposal _ FY 2026-27'!X63 -> 256 | G62: ='PIP Proposal _ FY 2026-27'!AP63 -> 0 | H62: ='PIP Proposal _ FY 2026-27'!AQ63 -> 0
D63: 58 | E63: Intensified Diarrhoea Control Fortnight | F63: ='PIP Proposal _ FY 2026-27'!X64 -> 0 | G63: ='PIP Proposal _ FY 2026-27'!AP64 -> 0 | H63: ='PIP Proposal _ FY 2026-27'!AQ64 -> 0
D64: 59 | E64: Eat Right Campaign | F64: ='PIP Proposal _ FY 2026-27'!X65 -> 0 | G64: ='PIP Proposal _ FY 2026-27'!AP65 -> 0 | H64: ='PIP Proposal _ FY 2026-27'!AQ65 -> 0
D65: 60 | E65: Other Nutrition Components | F65: ='PIP Proposal _ FY 2026-27'!X66 -> 0 | G65: ='PIP Proposal _ FY 2026-27'!AP66 -> 0 | H65: ='PIP Proposal _ FY 2026-27'!AQ66 -> 0
D66: 61 | E66: State specific Initiatives and Innovations
B67: RCH.8 | C67: National Iodine Deficiency Disorders Control Programme (NIDDCP) | D67: 62 | E67: Implementation of NIDDCP | F67: ='PIP Proposal _ FY 2026-27'!X68 -> 11.19304 | G67: ='PIP Proposal _ FY 2026-27'!AP68 -> 0 | H67: ='PIP Proposal _ FY 2026-27'!AQ68 -> 0
B68: RCH Sub Total | F68: ='PIP Proposal _ FY 2026-27'!X69 -> 35814.439 | G68: ='PIP Proposal _ FY 2026-27'!AP69 -> 0
A69: NDCP Flexi Pool | B69: NDCP.1 | C69: Integrated Disease Surveillance Programme (IDSP) | D69: 63 | E69: Implementation of IDSP | F69: ='PIP Proposal _ FY 2026-27'!X70 -> 69.18 | G69: ='PIP Proposal _ FY 2026-27'!AP70 -> 0 | H69: ='PIP Proposal _ FY 2026-27'!AQ70 -> 0
B70: NDCP.2 | C70: National Vector Borne Disease Control Programme (NVBDCP) | D70: 64 | E70: Malaria | F70: ='PIP Proposal _ FY 2026-27'!X71 -> 69.5575 | G70: ='PIP Proposal _ FY 2026-27'!AP71 -> 0 | H70: ='PIP Proposal _ FY 2026-27'!AQ71 -> 0
D71: 65 | E71: Kala-azar | F71: ='PIP Proposal _ FY 2026-27'!X72 -> 0 | G71: ='PIP Proposal _ FY 2026-27'!AP72 -> 0 | H71: ='PIP Proposal _ FY 2026-27'!AQ72 -> 0
D72: 66 | E72: AES/JE | F72: ='PIP Proposal _ FY 2026-27'!X73 -> 9.7 | G72: ='PIP Proposal _ FY 2026-27'!AP73 -> 0 | H72: ='PIP Proposal _ FY 2026-27'!AQ73 -> 0
D73: 67 | E73: Dengue & Chikungunya | F73: ='PIP Proposal _ FY 2026-27'!X74 -> 316.8 | G73: ='PIP Proposal _ FY 2026-27'!AP74 -> 0 | H73: ='PIP Proposal _ FY 2026-27'!AQ74 -> 0
D74: 68 | E74: Lymphatic Filariasis | F74: ='PIP Proposal _ FY 2026-27'!X75 -> 100.545 | G74: ='PIP Proposal _ FY 2026-27'!AP75 -> 0 | H74: ='PIP Proposal _ FY 2026-27'!AQ75 -> 0
B75: NDCP.3 | C75: National Leprosy Eradication Programme (NLEP) | D75: 69 | E75: Case Detection and Management | F75: ='PIP Proposal _ FY 2026-27'!X76 -> 2757.5075 | G75: ='PIP Proposal _ FY 2026-27'!AP76 -> 0 | H75: ='PIP Proposal _ FY 2026-27'!AQ76 -> 0
D76: 70 | E76: DPMR Services: Reconstructive Surgeries | F76: ='PIP Proposal _ FY 2026-27'!X77 -> 123.563 | G76: ='PIP Proposal _ FY 2026-27'!AP77 -> 0 | H76: ='PIP Proposal _ FY 2026-27'!AQ77 -> 0
D77: 71 | E77: District Awards | F77: ='PIP Proposal _ FY 2026-27'!X78 -> 0 | G77: ='PIP Proposal _ FY 2026-27'!AP78 -> 0 | H77: ='PIP Proposal _ FY 2026-27'!AQ78 -> 0
D78: 72 | E78: Other NLEP Components | F78: ='PIP Proposal _ FY 2026-27'!X79 -> 0 | G78: ='PIP Proposal _ FY 2026-27'!AP79 -> 0 | H78: ='PIP Proposal _ FY 2026-27'!AQ79 -> 0
B79: NDCP.4 | C79: National Tuberculosis Elimination Programme (NTEP) | D79: 73 | E79: Drug Sensitive TB (DSTB) | F79: ='PIP Proposal _ FY 2026-27'!X80 -> 1492.5792 | G79: ='PIP Proposal _ FY 2026-27'!AP80 -> 0 | H79: ='PIP Proposal _ FY 2026-27'!AQ80 -> 0
D80: 74 | E80: Nikshay Poshan Yojana | F80: ='PIP Proposal _ FY 2026-27'!X81 -> 6000 | G80: ='PIP Proposal _ FY 2026-27'!AP81 -> 0 | H80: ='PIP Proposal _ FY 2026-27'!AQ81 -> 0
D81: 75 | E81: PPP | F81: ='PIP Proposal _ FY 2026-27'!X82 -> 150 | G81: ='PIP Proposal _ FY 2026-27'!AP82 -> 0 | H81: ='PIP Proposal _ FY 2026-27'!AQ82 -> 0
D82: 76 | E82: Latent TB Infection (LTBI) | F82: ='PIP Proposal _ FY 2026-27'!X83 -> 77.00016 | G82: ='PIP Proposal _ FY 2026-27'!AP83 -> 0 | H82: ='PIP Proposal _ FY 2026-27'!AQ83 -> 0
D83: 77 | E83: Drug Resistant TB(DRTB) | F83: ='PIP Proposal _ FY 2026-27'!X84 -> 113.78 | G83: ='PIP Proposal _ FY 2026-27'!AP84 -> 0 | H83: ='PIP Proposal _ FY 2026-27'!AQ84 -> 0
D84: 78 | E84: TB Harega Desh Jeetega Campaign | F84: ='PIP Proposal _ FY 2026-27'!X85 -> 0 | G84: ='PIP Proposal _ FY 2026-27'!AP85 -> 0 | H84: ='PIP Proposal _ FY 2026-27'!AQ85 -> 0
D85: 79 | E85: State specific Initiatives and Innovations
B86: NDCP.5 | C86: National Viral Hepatitis Control Programme (NVHCP) | D86: 80 | E86: Prevention | F86: ='PIP Proposal _ FY 2026-27'!X87 -> 0 | G86: ='PIP Proposal _ FY 2026-27'!AP87 -> 0 | H86: ='PIP Proposal _ FY 2026-27'!AQ87 -> 0
D87: 81 | E87: Screening and Testing through Facilities | F87: ='PIP Proposal _ FY 2026-27'!X88 -> 0 | G87: ='PIP Proposal _ FY 2026-27'!AP88 -> 0 | H87: ='PIP Proposal _ FY 2026-27'!AQ88 -> 0
D88: 82 | E88: Screening and Testing through Outreach Activities | F88: ='PIP Proposal _ FY 2026-27'!X89 -> 40 | G88: ='PIP Proposal _ FY 2026-27'!AP89 -> 0 | H88: ='PIP Proposal _ FY 2026-27'!AQ89 -> 0
D89: 83 | E89: Treatment | F89: ='PIP Proposal _ FY 2026-27'!X90 -> 6.636 | G89: ='PIP Proposal _ FY 2026-27'!AP90 -> 0 | H89: ='PIP Proposal _ FY 2026-27'!AQ90 -> 0
B90: NDCP.6 | C90: National Rabies Control Programme (NRCP) | D90: 84 | E90: Implementation of NRCP | F90: ='PIP Proposal _ FY 2026-27'!X91 -> 2390 | G90: ='PIP Proposal _ FY 2026-27'!AP91 -> 0 | H90: ='PIP Proposal _ FY 2026-27'!AQ91 -> 0
B91: NDCP.7 | C91: Programme for Prevention and Control of Leptospirosis (PPCL) | D91: 85 | E91: Implementation of PPCL | F91: ='PIP Proposal _ FY 2026-27'!X92 -> 9.9999888 | G91: ='PIP Proposal _ FY 2026-27'!AP92 -> 0 | H91: ='PIP Proposal _ FY 2026-27'!AQ92 -> 0
B92: NDCP.9 | C92: State specific Initiatives and Innovations | D92: 86 | E92: Implementation of State specific Initiatives and Innovations
B93: NDCP Sub Total | F93: ='PIP Proposal _ FY 2026-27'!X94 -> 13726.848 | G93: ='PIP Proposal _ FY 2026-27'!AP94 -> 0
A94: NCD Flexi Pool | B94: NCD.1 | C94: National Program for Control of Blindness and Vision Impairment (NPCB+VI) | D94: 87 | E94: Cataract Surgeries through Facilities | F94: ='PIP Proposal _ FY 2026-27'!X95 -> 1250 | G94: ='PIP Proposal _ FY 2026-27'!AP95 -> 0 | H94: ='PIP Proposal _ FY 2026-27'!AQ95 -> 0
